Workbook
Name A: #REF!
Name A_IMPRESIÓN_IM: #REF!
Name ajusteMO: 'MANO DE OBRA'!$BY$299
Name ajusteMO: #REF!
Name bipp: [1]SPLITS!#REF!
Name CUADRO_TARIFARIO_FINAL: 'APROPIACION A PRECIOS'!$C$101
Name Equipo_pesado: 'INMUEBLES EQUIPOS Y RODADOS'!$F$20
Name IMPRI: #REF!
Name IMPRIM: #REF!
Name IMPRIMIR: #REF!
Name INCORPORA: #REF!
Name Indice: Validaciones!#REF!
Name Indices: Validaciones!$B$79:$B$83
Name Indices2: Validaciones!$B$87:$B$91
Name Indices3: Validaciones!$B$94:$B$98
Name INFORME_SUELDOS: #REF!
Name Insumos_Directo_Indirecto: Validaciones!$B$61:$B$63
Name mo: #REF!
Name OBRA: #REF!
Name P_P_MO: #REF!
Name T_Actividad: Validaciones!$B$4:$B$8
Name T_Gremio: Validaciones!$D$4:$D$38
Name T_Nro_CCT: Validaciones!$F$4:$F$19
Name T_Provincia: Validaciones!$B$11:$B$17
Name T_Relac_con_servic: Validaciones!$B$39:$B$42
Name T_rubro: Validaciones!$F$30:$F$34
Name T_sino: Validaciones!$B$28:$B$29
Name T_Situac_actual: Validaciones!$B$34:$B$35
Name T_Tipo_neumat: Validaciones!$B$46:$B$47
Name T_UUNN: Validaciones!$B$23:$B$25
Name tarifario_final: 'APROPIACION A PRECIOS'!$B$102
Name Tipo_Insumos: Validaciones!$B$69:$B$73
Name VARIACIONES_POR_ITEM: 'APROPIACION A PRECIOS'!$AG$11
Name Vehículos: Validaciones!#REF!
Name Zona: Validaciones!$B$51:$B$57

Sheet Indice
B2: TEMA | C2: ACCESO
C3: (Para acceder al tema presione en el cuadro)
B4: Componentes del Costos
B5: Inmuebles Equipos y Rodados | C5: IER
B6: Mano de Obra | C6: MO Aj CCT a ENERO 2012
B7: Materiales e Insumos | C7: MI
B8: Combustibles, Lubricantes y Mantenimiento | C8: CLNyM | E8: PARA RETORNAR PRESIONE INDICE
B9: Cuadro Resumen | C9: RESUMEN
B10: Apropiación a Tarifas | C10: APROPIACION A TARIFAS
B12: Ajustes
B13: Resumen del Análisis | C13: RESUMEN ANALISIS
B14: Resumen de Ajustes por incrementos Salariales y Aplicación de Indices | C14: RESUMEN AJUSTES SALARIALES
B15: Calculos de ajustes de Mano de Obra por incrementos salariales | C15: CALCULOS AJ. MO
B17: Tarifas
B18: Cuadro Tarifario antes de Ajustes Salariales | C18: TARIFAS ANTES AJUSTES
B19: Variaciones por Item | C19: VARIACION POR ITEM
B20: Cuadro Tarifario Final | C20: TARIFARIO FINAL
B22: Aplicación de Indices
B23: Incidencia de cada Indice en los Componentes | C23: INCIDENCIA DE INDICES POR COMPONENTE
B25: Directos e Indirectos
B26: Resumen de costos Directos e Indirectos | C26: DIRECTOS e INDIRECTOS

Sheet Cuadros EFirma
B5: DATOS ESTADÍSTICOS | C5: VALORES
B6: Personal afectado al contrato | C6: =SUMPRODUCT(#REF!,#REF!) -> #REF!
B7: Monto promedio por persona s/certif. mensual | C7: =+RESUMEN!$D$37/'Cuadros EFirma'!C6 -> #REF!
B12: Componente del Costo | C12: Pretendido | D12: Ajustado | E12: Diferencias | F12: SINTESIS DEL AJUSTE
B13: Inmuebles Equipos y Rodados | C13: =+Análisis!I13 -> 0 | D13: =+Análisis!J13 -> 0 | E13: =+D13-C13 -> 0 | F13: =Análisis!N13 -> 0
B14: Mano de Obra | C14: =+Análisis!I14 -> 0 | D14: =+Análisis!J14 -> #REF! | E14: =+D14-C14 -> #REF! | F14: =Análisis!N14 -> 0
B15: Materiales e Insumos | C15: =+Análisis!I19 -> 0 | D15: =+Análisis!J19 -> 0 | E15: =+D15-C15 -> 0 | F15: =Análisis!N19 -> 0
B16: Combustibles Lubricantes Neumáticos Mantenimiento | C16: =+Análisis!I20+Análisis!I21 -> 0 | D16: =+Análisis!J20+Análisis!J21 -> 0 | E16: =+D16-C16 -> 0 | F16: =Análisis!N20&"; y "&Análisis!N21 -> ; y
B17: Overhead | C17: =+Análisis!I24 -> 0 | D17: =+Análisis!J24 -> #REF! | E17: =+D17-C17 -> #REF! | F17: =Análisis!N24 -> 0
B18: Impuestos | C18: =+Análisis!I31 -> 0 | D18: =+Análisis!J31 -> #REF! | E18: =+D18-C18 -> #REF! | F18: =Análisis!N31 -> 0
B19: Beneficio | C19: =+Análisis!I32 -> 0 | D19: =+Análisis!J32 -> #REF! | E19: =+D19-C19 -> #REF! | F19: =Análisis!N32 -> 0
B20: Costo Financiero | C20: =+Análisis!I35 -> 0 | D20: =+Análisis!J35 -> #REF! | E20: =+D20-C20 -> #REF! | F20: =Análisis!N35 -> 0
B21: Total | C21: =SUM(C13:C20) -> 0 | D21: =SUM(D13:D20) -> #REF! | E21: =+D21-C21 -> #REF!
B26: CERTIFICACIONES | C26: Según Tarifa Ajustada sin 10% | D26: Según Tarifa Ajustada + 10% de M.O. (Actual) | E26: Según Tarifa Ajustada Mano de Obra Nuevo CCT
B27: Montos de Certificación | C27: =+C21 -> 0 | D27: =+D21 -> #REF! | E27: =+'APROPIACION A PRECIOS'!J194 -> #DIV/0!
B28: Impacto mensual | D28: =+D27-C27 -> #REF! | E28: =+E27-D27 -> #DIV/0!
B29: Porcentajes de variación respecto a actual | D29: =+D27/C27-1 -> #REF! | E29: =+E27/D27-1 -> #DIV/0!
B33: CERTIFICACIONES | C33: Según Tarifa Ajustada sin 10% | D33: Según Tarifa Ajustada + 10% de M.O. (Actual) | E33: Según Tarifa Ajustada Mano de Obra Nuevo CCT
B34: Montos de Certificación | C34: =+RESUMEN!D37 -> 0 | D34: =+RESUMEN!G37 -> #REF! | E34: =+RESUMEN!J37 -> 0
B35: Variación respecto a certificacion ajustada sin el 10% | D35: =+D34/C34-1 -> #REF! | E35: =+E34/C34-1 -> #DIV/0!
B36: Porcentajes de variación respecto a actual | E36: =(+E34/D34)-1 -> #REF!
B43: AJUSTE DE MANO DE OBRA | C43: BASE CÁLCULO | D43: AJUSTE
B44: Remunerativos | C44: =+'Analisis Ajustes'!D16 -> #REF! | D44: =+'Analisis Ajustes'!F16 -> #REF!
B45: No Remunerativos | C45: =+'Analisis Ajustes'!D17 -> #REF! | D45: =+'Analisis Ajustes'!F17 -> #REF!
B46: Cargas Sociales | D46: =+'Analisis Ajustes'!F18 -> #REF!
B47: Otros | D47: =+'Analisis Ajustes'!F19 -> #REF!
B48: Overhead | D48: =+'Analisis Ajustes'!F35 -> #REF!
B49: Impuestos | D49: =+'Analisis Ajustes'!F42 -> #REF!
B50: Beneficio | D50: =+'Analisis Ajustes'!F43 -> #REF!
B52: Total | D52: =SUM(D44:D50) -> #REF!
B56: AJUSTE DE MANO DE OBRA POR NVO. CCT | D56: AJUSTE
B57: =+'MANO DE OBRA'!BV299 -> 0 | D57: =SUM(D58:D61) -> #REF!
B58: Remunerativos | D58: =+'Analisis Ajustes'!P16 -> #REF!
B59: No Remunerativos | D59: =+'Analisis Ajustes'!P17 -> #REF!
B60: Cargas Sociales | D60: =+'Analisis Ajustes'!P18 -> #REF!
B61: Otros | D61: =+'Analisis Ajustes'!P19 -> #REF!
B62: =+'MANO DE OBRA'!BV306 -> 0 | D62: =SUM(D63:D66) -> #REF!
B63: Remunerativos | D63: =+'Analisis Ajustes'!P21 -> #REF!
B64: No Remunerativos | D64: =+'Analisis Ajustes'!P22 -> #REF!
B65: Cargas Sociales | D65: =+'Analisis Ajustes'!P23 -> #REF!
B66: Otros | D66: =+'Analisis Ajustes'!P24 -> #REF!
B68: Otros | D68: =SUM(D69:D72) -> #REF!
B69: Remunerativos | D69: =+'Analisis Ajustes'!P26 -> #REF!
B70: No Remunerativos | D70: =+'Analisis Ajustes'!P27 -> #REF!
B71: Cargas Sociales | D71: =+'Analisis Ajustes'!P28 -> #REF!
B72: Otros | D72: =+'Analisis Ajustes'!P29 -> #REF!
B74: Overhead | D74: =+'Analisis Ajustes'!P35 -> 0
B75: Impuestos | D75: =+'Analisis Ajustes'!P42 -> 0
B76: Beneficio | D76: =+'Analisis Ajustes'!P43 -> 0
B77: Costo Financiero | D77: =+'Analisis Ajustes'!P44 -> 0
B78: Total | D78: =+D57+D62+D74+D75+D76 -> #REF!

Sheet Información de Cabecera
B3: Apellido y Nombre o Denominación del Contratista:
B5: CUIT:
B7: Contrato N°:
B9: Fecha inicio: | E9: Fecha Información | F9: 42036
B11: Provincias donde se ejecuta: | C11: NEUQUEN
B13: Porcentaje Incidencia | C13: 1 | G13: Total | H13: =+C13+D13+E13+F13 -> 1
B15: Alícuota Ingresos Brutos | C15: 0.035 | G15: Alic Prom | H15: =((C15*C13)+(D15*D13)+(E15*E13)) -> 0.035
B17: Alícuota Sellado | C17: 0.0085 | G17: Alic Prom | H17: =((C17*C13)+(D17*D13)+(E17*E13)) -> 0.0085
B19: Duración (en meses): | C19: 36
B21: Descripción del servicio | C21: “SERVICIO PRUEBAS HIDRAULICAS DE HERMETICIDAD EN POZOS DE LOS ACTIVOS CHIHUIDO DE LA SIERRA NEGRA, VOLCAN AUCA MAHUIDA Y PUESTO HERNANDEZ – UN RLS – REGIONAL NEUQUEN Y RIO NEGRO”

Sheet INMUEBLES EQUIPOS Y RODADOS
B2: A N E X O I I I - DISCRIMINACIÓN DE PRECIOS
B4: Apellido y Nombre o Denominación del Contratista: | C4: =+'Información de Cabecera'!C3:G3 -> 0 | Q4: CONTRATO DE SERVICIO | T4: FS. 1
B5: CUIT: | C5: =+'Información de Cabecera'!C5:D5 -> 0 | Q5: INMUEBLES, EQUIPOS Y RODADOS
B6: Contrato N°: | C6: =+'Información de Cabecera'!C7:D7 -> 0
B7: Fecha inicio: | C7: =+'Información de Cabecera'!C9:D9 -> 0 | F7: Fecha Información: | G7: ='Información de Cabecera'!F9 -> 42036
B8: Zona: | C8: ='Información de Cabecera'!C11&"/"&'Información de Cabecera'!D11&"/"&'Información de Cabecera'!E11&"/"&'Información de Cabecera'!F11 -> #VALUE!
B9: Duración (en meses): | C9: =+'Información de Cabecera'!C19 -> 36
H10: INDICE | AG10: APROPIACION DE PRECIOS - PONDERACION PORCENTUAL DEL COSTO IER POR ITEMS
D12: V A L O R E S D E L C O N T R A T O | T12: EN CASO DE ALQUILER o SUBCONTRATISTA | AG12: Item | AH12: Item | AI12: Item | AJ12: Item | AK12: Item | AL12: Item | AM12: Item | AN12: Item | AO12: Item | AP12: Item | AQ12: Item | AR12: Item | AS12: Item | AT12: Item | AU12: Item | AV12: Item | AW12: Item | AX12: Item | AY12: Item | AZ12: Item | BA12: Item | BB12: Item | BC12: Item | BD12: Item | BE12: Item | BF12: Item | BG12: Item | BH12: Item | BI12: Item | BJ12: Item | BK12: Item | BL12: Item | BM12: Item | BN12: Item | BO12: Item | BP12: Item | BQ12: Item | BR12: Item | BS12: Item | BT12: Item | BU12: Item | BV12: Item | BW12: Item | BX12: Item | BY12: Item | BZ12: Item | CA12: Item | CB12: Item | CC12: Item | CD12: Item | CE12: Item | CF12: Item | CG12: Item | CH12: Item | CI12: Item | CJ12: Item | CK12: Item | CL12: Item | CM12: Item | CN12: Item | CO12: Item | CP12: Item | CQ12: Item | CR12: Item | CS12: Item | CT12: Item | CU12: Item | CV12: Item | CW12: Item | CX12: Item | CY12: Item | CZ12: Item | DA12: Item | DB12: Item | DC12: Item | DD12: Item | DE12: Item | DF12: Item | DG12: Item | DH12: Item
X13: Mes Ajuste | Y13: TOTAL IMPUTADO AL CONTRATO | AA13: Indice aplicable | AB13: Mes Ajuste | AC13: TOTAL IMPUTADO AL CONTRATO | AG13: 1 | AH13: 2 | AI13: 3 | AJ13: 4 | AK13: 5 | AL13: 6 | AM13: 7 | AN13: 8 | AO13: 9 | AP13: 10 | AQ13: 11 | AR13: 12 | AS13: 13 | AT13: 14 | AU13: 15 | AV13: 16 | AW13: 17 | AX13: 18 | AY13: 19 | AZ13: 20 | BA13: 21 | BB13: 22 | BC13: 23 | BD13: 24 | BE13: 25 | BF13: 26 | BG13: 27 | BH13: 28 | BI13: 29 | BJ13: 30 | BK13: 31 | BL13: 32 | BM13: 33 | BN13: 34 | BO13: 35 | BP13: 36 | BQ13: 37 | BR13: 38 | BS13: 39 | BT13: 40 | BU13: 41 | BV13: 42 | BW13: 43 | BX13: 44 | BY13: 45 | BZ13: 46 | CA13: 47 | CB13: 48 | CC13: 49 | CD13: 50 | CE13: 51 | CF13: 52 | CG13: 53 | CH13: 54 | CI13: 55 | CJ13: 56 | CK13: 57 | CL13: 58 | CM13: 59 | CN13: 60 | CO13: 61 | CP13: 62 | CQ13: 63 | CR13: 64 | CS13: 65 | CT13: 66 | CU13: 67 | CV13: 68 | CW13: 69 | CX13: 70 | CY13: 71 | CZ13: 72 | DA13: 73 | DB13: 74 | DC13: 75 | DD13: 76 | DE13: 77 | DF13: 78 | DG13: 79 | DH13: 80
B14: DESCRIPCIÓN | C14: AFECTACIÓN AL CONTRATO | D14: CANTIDAD | E14: Vida Util | F14: RUBRO | G14: MODELO | H14: MATRICULA | I14: Directo / Indirecto | J14: INICIAL | K14: FINAL | L14: AMORTIZA CION TOTAL | M14: AMORTIZACION MENSUAL | N14: PATENTE | O14: SEGUROS | P14: TPTE. de EQUIPOS | Q14: ALQUILER | R14: TOTAL MENSUAL | S14: TOTAL IMPUTADO AL CONTRATO | T14: Nombre | U14: CUIT | W14: INDICES APLICABLES | AA14: F. calculo | AG14: =VLOOKUP(AG13,'APROPIACION A PRECIOS'!$B$14:$C$93,2,0) -> Precio por el “Servicio de PH en ChSN día hábil operativo”, en un todo de acuerdo con las Bases del presente Pedido de Precios.- | AH14: =VLOOKUP(AH13,'APROPIACION A PRECIOS'!$B$14:$C$93,2,0) -> Precio por el “Servicio de PH en ChSN día stand by”, en un todo de acuerdo con las Bases del presente Pedido de Precios.- | AI14: =VLOOKUP(AI13,'APROPIACION A PRECIOS'!$B$14:$C$93,2,0) -> Precio por el “Servicio de PH en PH día hábil operativo”, en un todo de acuerdo con las Bases del presente Pedido de Precios.- | AJ14: =VLOOKUP(AJ13,'APROPIACION A PRECIOS'!$B$14:$C$93,2,0) -> Precio por el “Servicio de PH en PH día stand by”, en un todo de acuerdo con las Bases del presente Pedido de Precios.- | AK14: =VLOOKUP(AK13,'APROPIACION A PRECIOS'!$B$14:$C$93,2,0) -> Precio por el “Servicio de PH en VAM día hábil operativo”, en un todo de acuerdo con las Bases del presente Pedido de Precios.- | AL14: =VLOOKUP(AL13,'APROPIACION A PRECIOS'!$B$14:$C$93,2,0) -> Precio por el “Servicio de PH en VAM día stand by”, en un todo de acuerdo con las Bases del presente Pedido de Precios.- | AM14: =VLOOKUP(AM13,'APROPIACION A PRECIOS'!$B$14:$C$93,2,0) -> 0 | AN14: =VLOOKUP(AN13,'APROPIACION A PRECIOS'!$B$14:$C$93,2,0) -> 0 | ... DH14: =VLOOKUP(DH13,'APROPIACION A PRECIOS'!$B$14:$C$93,2,0) -> 0
C15: (en %) | E15: (En Meses) | G15: (Año) | L15: (G - H) | M15: (I / duración del contrato) | N15: (Mensual) | O15: (Mensual) | P15: (Mensual) | Q15: (Mensual) | R15: (J + K + L + M + N ) x B x C | S15: (O x duración del contrato) | X15: 40603 | AA15: F. de ajuste | AB15: 40603
B16: A | C16: B | D16: C | F16: D | G16: E | I16: F | J16: G | K16: H | L16: I | M16: J | N16: K | O16: L | P16: M | Q16: N | R16: O | S16: P | T16: Q | U16: R | W16: S | X16: 40603 | Y16: Ajustado | AA16: F. indices | AB16: 40603 | AC16: Ajustado | AE16: CONTROL
K17: =+J17-L17 -> 0 | L17: =IF(E17=" ",0,IF(F17=" ",0,(IF(F17="Inmueble Liviano",+J17*0.67/240,0)+IF(F17="Inmueble Mampostería",+J17*0.67/600,0)+IF(F17="Rodados",+J17*0.6/60,0)+IF(F17="Equipo pesado",+J17*0.6/120,0)+IF(F17="Herramientas",J17/E17,0))))*$C$9 -> 0 | M17: =IF($C$9=0,0,L17/$C$9) -> 0 | R17: =(M17+N17+O17+P17+Q17)*C17*D17 -> 0 | S17: =R17*$C$9 -> 0 | X17: =IF(W17=" "," ",IF(W17="Vehículos",VLOOKUP($X$16,'Datos Indices'!$A$38:$Z$50,22,FALSE),IF(W17="Ipim",VLOOKUP($X$16,'Datos Indices'!$A$38:$Z$50,7,FALSE),IF(W17="Dólar",VLOOKUP($X$16,'Datos Indices'!$A$38:$Z$50,4,FALSE),IF(W17="Gasoil",VLOOKUP($X$16,'Datos Indices'!$A$38:$Z$50,10,FALSE),IF(W17="WPU06 Pesificado",VLOOKUP($X$16,'Datos Indices'!$A$38:$Z$50,26,FALSE),0)))))) | Y17: =S17*X17/100 -> 0 | AB17: =IF(AA17=" "," ",IF(AA17="Vehículos",VLOOKUP($AB$16,'Datos Indices'!$A$38:$Z$50,22,FALSE),IF(AA17="Ipim",VLOOKUP($AB$16,'Datos Indices'!$A$38:$Z$50,7,FALSE),IF(AA17="Dólar",VLOOKUP($AB$16,'Datos Indices'!$A$38:$Z$50,4,FALSE),IF(AA17="Gasoil",VLOOKUP($AB$16,'Datos Indices'!$A$38:$Z$50,10,FALSE),IF(AA17="WPU06 Pesificado",VLOOKUP($AB$16,'Datos Indices'!$A$38:$Z$50,26,FALSE),0)))))) | AC17: =Y17*AB17/100 -> 0
K18: =+J18-L18 -> 0 | L18: =IF(E18=" ",0,IF(F18=" ",0,(IF(F18="Inmueble Liviano",+J18*0.67/240,0)+IF(F18="Inmueble Mampostería",+J18*0.67/600,0)+IF(F18="Rodados",+J18*0.6/60,0)+IF(F18="Equipo pesado",+J18*0.6/120,0)+IF(F18="Herramientas",J18/E18,0))))*$C$9 -> 0 | M18: =IF($C$9=0,0,L18/$C$9) -> 0 | R18: =(M18+N18+O18+P18+Q18)*C18*D18 -> 0 | S18: =R18*$C$9 -> 0 | X18: =IF(W18=" "," ",IF(W18="Vehículos",VLOOKUP($X$16,'Datos Indices'!$A$38:$Z$50,22,FALSE),IF(W18="Ipim",VLOOKUP($X$16,'Datos Indices'!$A$38:$Z$50,7,FALSE),IF(W18="Dólar",VLOOKUP($X$16,'Datos Indices'!$A$38:$Z$50,4,FALSE),IF(W18="Gasoil",VLOOKUP($X$16,'Datos Indices'!$A$38:$Z$50,10,FALSE),IF(W18="WPU06 Pesificado",VLOOKUP($X$16,'Datos Indices'!$A$38:$Z$50,26,FALSE),0)))))) | Y18: =S18*X18/100 -> 0 | AB18: =IF(AA18=" "," ",IF(AA18="Vehículos",VLOOKUP($X$16,'Datos Indices'!$A$38:$Z$50,22,FALSE),IF(AA18="Ipim",VLOOKUP($X$16,'Datos Indices'!$A$38:$Z$50,7,FALSE),IF(AA18="Dólar",VLOOKUP($X$16,'Datos Indices'!$A$38:$Z$50,4,FALSE),IF(AA18="Gasoil",VLOOKUP($X$16,'Datos Indices'!$A$38:$Z$50,10,FALSE),IF(AA18="WPU06 Pesificado",VLOOKUP($X$16,'Datos Indices'!$A$38:$Z$50,26,FALSE),0)))))) | AC18: =Y18*AB18/100 -> 0 | AE18: =IF(DL18=0,"","Controlar Aprop.") | DK18: =SUM(AG18:DH18)*S18 -> 0 | DL18: =S18-DK18 -> 0
K19: =+J19-L19 -> 0 | L19: =IF(E19=" ",0,IF(F19=" ",0,(IF(F19="Inmueble Liviano",+J19*0.67/240,0)+IF(F19="Inmueble Mampostería",+J19*0.67/600,0)+IF(F19="Rodados",+J19*0.6/60,0)+IF(F19="Equipo pesado",+J19*0.6/120,0)+IF(F19="Herramientas",J19/E19,0))))*$C$9 -> 0 | M19: =IF($C$9=0,0,L19/$C$9) -> 0 | R19: =(M19+N19+O19+P19+Q19)*C19*D19 -> 0 | S19: =R19*$C$9 -> 0 | X19: =IF(W19=" "," ",IF(W19="Vehículos",VLOOKUP($X$16,'Datos Indices'!$A$38:$Z$50,22,FALSE),IF(W19="Ipim",VLOOKUP($X$16,'Datos Indices'!$A$38:$Z$50,7,FALSE),IF(W19="Dólar",VLOOKUP($X$16,'Datos Indices'!$A$38:$Z$50,4,FALSE),IF(W19="Gasoil",VLOOKUP($X$16,'Datos Indices'!$A$38:$Z$50,10,FALSE),IF(W19="WPU06 Pesificado",VLOOKUP($X$16,'Datos Indices'!$A$38:$Z$50,26,FALSE),0)))))) | Y19: =S19*X19/100 -> 0 | AB19: =IF(AA19=" "," ",IF(AA19="Vehículos",VLOOKUP($X$16,'Datos Indices'!$A$38:$Z$50,22,FALSE),IF(AA19="Ipim",VLOOKUP($X$16,'Datos Indices'!$A$38:$Z$50,7,FALSE),IF(AA19="Dólar",VLOOKUP($X$16,'Datos Indices'!$A$38:$Z$50,4,FALSE),IF(AA19="Gasoil",VLOOKUP($X$16,'Datos Indices'!$A$38:$Z$50,10,FALSE),IF(AA19="WPU06 Pesificado",VLOOKUP($X$16,'Datos Indices'!$A$38:$Z$50,26,FALSE),0)))))) | AC19: =Y19*AB19/100 -> 0 | AE19: =IF(DL19=0,"","Controlar Aprop.") | DK19: =SUM(AG19:DH19)*S19 -> 0 | DL19: =S19-DK19 -> 0
K20: =+J20-L20 -> 0 | L20: =IF(E20=" ",0,IF(F20=" ",0,(IF(F20="Inmueble Liviano",+J20*0.67/240,0)+IF(F20="Inmueble Mampostería",+J20*0.67/600,0)+IF(F20="Rodados",+J20*0.6/60,0)+IF(F20="Equipo pesado",+J20*0.6/120,0)+IF(F20="Herramientas",J20/E20,0))))*$C$9 -> 0 | M20: =IF($C$9=0,0,L20/$C$9) -> 0 | R20: =(M20+N20+O20+P20+Q20)*C20*D20 -> 0 | S20: =R20*$C$9 -> 0 | X20: =IF(W20=" "," ",IF(W20="Vehículos",VLOOKUP($X$16,'Datos Indices'!$A$38:$Z$50,22,FALSE),IF(W20="Ipim",VLOOKUP($X$16,'Datos Indices'!$A$38:$Z$50,7,FALSE),IF(W20="Dólar",VLOOKUP($X$16,'Datos Indices'!$A$38:$Z$50,4,FALSE),IF(W20="Gasoil",VLOOKUP($X$16,'Datos Indices'!$A$38:$Z$50,10,FALSE),IF(W20="WPU06 Pesificado",VLOOKUP($X$16,'Datos Indices'!$A$38:$Z$50,26,FALSE),0)))))) | Y20: =S20*X20/100 -> 0 | AB20: =IF(AA20=" "," ",IF(AA20="Vehículos",VLOOKUP($X$16,'Datos Indices'!$A$38:$Z$50,22,FALSE),IF(AA20="Ipim",VLOOKUP($X$16,'Datos Indices'!$A$38:$Z$50,7,FALSE),IF(AA20="Dólar",VLOOKUP($X$16,'Datos Indices'!$A$38:$Z$50,4,FALSE),IF(AA20="Gasoil",VLOOKUP($X$16,'Datos Indices'!$A$38:$Z$50,10,FALSE),IF(AA20="WPU06 Pesificado",VLOOKUP($X$16,'Datos Indices'!$A$38:$Z$50,26,FALSE),0)))))) | AC20: =Y20*AB20/100 -> 0 | AE20: =IF(DL20=0,"","Controlar Aprop.") | DK20: =SUM(AG20:DH20)*S20 -> 0 | DL20: =S20-DK20 -> 0
K21: =+J21-L21 -> 0 | L21: =IF(E21=" ",0,IF(F21=" ",0,(IF(F21="Inmueble Liviano",+J21*0.67/240,0)+IF(F21="Inmueble Mampostería",+J21*0.67/600,0)+IF(F21="Rodados",+J21*0.6/60,0)+IF(F21="Equipo pesado",+J21*0.6/120,0)+IF(F21="Herramientas",J21/E21,0))))*$C$9 -> 0 | M21: =IF($C$9=0,0,L21/$C$9) -> 0 | R21: =(M21+N21+O21+P21+Q21)*C21*D21 -> 0 | S21: =R21*$C$9 -> 0 | X21: =IF(W21=" "," ",IF(W21="Vehículos",VLOOKUP($X$16,'Datos Indices'!$A$38:$Z$50,22,FALSE),IF(W21="Ipim",VLOOKUP($X$16,'Datos Indices'!$A$38:$Z$50,7,FALSE),IF(W21="Dólar",VLOOKUP($X$16,'Datos Indices'!$A$38:$Z$50,4,FALSE),IF(W21="Gasoil",VLOOKUP($X$16,'Datos Indices'!$A$38:$Z$50,10,FALSE),IF(W21="WPU06 Pesificado",VLOOKUP($X$16,'Datos Indices'!$A$38:$Z$50,26,FALSE),0)))))) | Y21: =S21*X21/100 -> 0 | AB21: =IF(AA21=" "," ",IF(AA21="Vehículos",VLOOKUP($X$16,'Datos Indices'!$A$38:$Z$50,22,FALSE),IF(AA21="Ipim",VLOOKUP($X$16,'Datos Indices'!$A$38:$Z$50,7,FALSE),IF(AA21="Dólar",VLOOKUP($X$16,'Datos Indices'!$A$38:$Z$50,4,FALSE),IF(AA21="Gasoil",VLOOKUP($X$16,'Datos Indices'!$A$38:$Z$50,10,FALSE),IF(AA21="WPU06 Pesificado",VLOOKUP($X$16,'Datos Indices'!$A$38:$Z$50,26,FALSE),0)))))) | AC21: =Y21*AB21/100 -> 0 | AE21: =IF(DL21=0,"","Controlar Aprop.") | DK21: =SUM(AG21:DH21)*S21 -> 0 | DL21: =S21-DK21 -> 0
K22: =+J22-L22 -> 0 | L22: =IF(E22=" ",0,IF(F22=" ",0,(IF(F22="Inmueble Liviano",+J22*0.67/240,0)+IF(F22="Inmueble Mampostería",+J22*0.67/600,0)+IF(F22="Rodados",+J22*0.6/60,0)+IF(F22="Equipo pesado",+J22*0.6/120,0)+IF(F22="Herramientas",J22/E22,0))))*$C$9 -> 0 | M22: =IF($C$9=0,0,L22/$C$9) -> 0 | R22: =(M22+N22+O22+P22+Q22)*C22*D22 -> 0 | S22: =R22*$C$9 -> 0 | X22: =IF(W22=" "," ",IF(W22="Vehículos",VLOOKUP($X$16,'Datos Indices'!$A$38:$Z$50,22,FALSE),IF(W22="Ipim",VLOOKUP($X$16,'Datos Indices'!$A$38:$Z$50,7,FALSE),IF(W22="Dólar",VLOOKUP($X$16,'Datos Indices'!$A$38:$Z$50,4,FALSE),IF(W22="Gasoil",VLOOKUP($X$16,'Datos Indices'!$A$38:$Z$50,10,FALSE),IF(W22="WPU06 Pesificado",VLOOKUP($X$16,'Datos Indices'!$A$38:$Z$50,26,FALSE),0)))))) | Y22: =S22*X22/100 -> 0 | AB22: =IF(AA22=" "," ",IF(AA22="Vehículos",VLOOKUP($X$16,'Datos Indices'!$A$38:$Z$50,22,FALSE),IF(AA22="Ipim",VLOOKUP($X$16,'Datos Indices'!$A$38:$Z$50,7,FALSE),IF(AA22="Dólar",VLOOKUP($X$16,'Datos Indices'!$A$38:$Z$50,4,FALSE),IF(AA22="Gasoil",VLOOKUP($X$16,'Datos Indices'!$A$38:$Z$50,10,FALSE),IF(AA22="WPU06 Pesificado",VLOOKUP($X$16,'Datos Indices'!$A$38:$Z$50,26,FALSE),0)))))) | AC22: =Y22*AB22/100 -> 0 | AE22: =IF(DL22=0,"","Controlar Aprop.") | DK22: =SUM(AG22:DH22)*S22 -> 0 | DL22: =S22-DK22 -> 0
K23: =+J23-L23 -> 0 | L23: =IF(E23=" ",0,IF(F23=" ",0,(IF(F23="Inmueble Liviano",+J23*0.67/240,0)+IF(F23="Inmueble Mampostería",+J23*0.67/600,0)+IF(F23="Rodados",+J23*0.6/60,0)+IF(F23="Equipo pesado",+J23*0.6/120,0)+IF(F23="Herramientas",J23/E23,0))))*$C$9 -> 0 | M23: =IF($C$9=0,0,L23/$C$9) -> 0 | R23: =(M23+N23+O23+P23+Q23)*C23*D23 -> 0 | S23: =R23*$C$9 -> 0 | X23: =IF(W23=" "," ",IF(W23="Vehículos",VLOOKUP($X$16,'Datos Indices'!$A$38:$Z$50,22,FALSE),IF(W23="Ipim",VLOOKUP($X$16,'Datos Indices'!$A$38:$Z$50,7,FALSE),IF(W23="Dólar",VLOOKUP($X$16,'Datos Indices'!$A$38:$Z$50,4,FALSE),IF(W23="Gasoil",VLOOKUP($X$16,'Datos Indices'!$A$38:$Z$50,10,FALSE),IF(W23="WPU06 Pesificado",VLOOKUP($X$16,'Datos Indices'!$A$38:$Z$50,26,FALSE),0)))))) | Y23: =S23*X23/100 -> 0 | AB23: =IF(AA23=" "," ",IF(AA23="Vehículos",VLOOKUP($X$16,'Datos Indices'!$A$38:$Z$50,22,FALSE),IF(AA23="Ipim",VLOOKUP($X$16,'Datos Indices'!$A$38:$Z$50,7,FALSE),IF(AA23="Dólar",VLOOKUP($X$16,'Datos Indices'!$A$38:$Z$50,4,FALSE),IF(AA23="Gasoil",VLOOKUP($X$16,'Datos Indices'!$A$38:$Z$50,10,FALSE),IF(AA23="WPU06 Pesificado",VLOOKUP($X$16,'Datos Indices'!$A$38:$Z$50,26,FALSE),0)))))) | AC23: =Y23*AB23/100 -> 0 | AE23: =IF(DL23=0,"","Controlar Aprop.") | DK23: =SUM(AG23:DH23)*S23 -> 0 | DL23: =S23-DK23 -> 0
K24: =+J24-L24 -> 0 | L24: =IF(E24=" ",0,IF(F24=" ",0,(IF(F24="Inmueble Liviano",+J24*0.67/240,0)+IF(F24="Inmueble Mampostería",+J24*0.67/600,0)+IF(F24="Rodados",+J24*0.6/60,0)+IF(F24="Equipo pesado",+J24*0.6/120,0)+IF(F24="Herramientas",J24/E24,0))))*$C$9 -> 0 | M24: =IF($C$9=0,0,L24/$C$9) -> 0 | R24: =(M24+N24+O24+P24+Q24)*C24*D24 -> 0 | S24: =R24*$C$9 -> 0 | X24: =IF(W24=" "," ",IF(W24="Vehículos",VLOOKUP($X$16,'Datos Indices'!$A$38:$Z$50,22,FALSE),IF(W24="Ipim",VLOOKUP($X$16,'Datos Indices'!$A$38:$Z$50,7,FALSE),IF(W24="Dólar",VLOOKUP($X$16,'Datos Indices'!$A$38:$Z$50,4,FALSE),IF(W24="Gasoil",VLOOKUP($X$16,'Datos Indices'!$A$38:$Z$50,10,FALSE),IF(W24="WPU06 Pesificado",VLOOKUP($X$16,'Datos Indices'!$A$38:$Z$50,26,FALSE),0)))))) | Y24: =S24*X24/100 -> 0 | AB24: =IF(AA24=" "," ",IF(AA24="Vehículos",VLOOKUP($X$16,'Datos Indices'!$A$38:$Z$50,22,FALSE),IF(AA24="Ipim",VLOOKUP($X$16,'Datos Indices'!$A$38:$Z$50,7,FALSE),IF(AA24="Dólar",VLOOKUP($X$16,'Datos Indices'!$A$38:$Z$50,4,FALSE),IF(AA24="Gasoil",VLOOKUP($X$16,'Datos Indices'!$A$38:$Z$50,10,FALSE),IF(AA24="WPU06 Pesificado",VLOOKUP($X$16,'Datos Indices'!$A$38:$Z$50,26,FALSE),0)))))) | AC24: =Y24*AB24/100 -> 0 | AE24: =IF(DL24=0,"","Controlar Aprop.") | DK24: =SUM(AG24:DH24)*S24 -> 0 | DL24: =S24-DK24 -> 0
K25: =+J25-L25 -> 0 | L25: =IF(E25=" ",0,IF(F25=" ",0,(IF(F25="Inmueble Liviano",+J25*0.67/240,0)+IF(F25="Inmueble Mampostería",+J25*0.67/600,0)+IF(F25="Rodados",+J25*0.6/60,0)+IF(F25="Equipo pesado",+J25*0.6/120,0)+IF(F25="Herramientas",J25/E25,0))))*$C$9 -> 0 | M25: =IF($C$9=0,0,L25/$C$9) -> 0 | R25: =(M25+N25+O25+P25+Q25)*C25*D25 -> 0 | S25: =R25*$C$9 -> 0 | X25: =IF(W25=" "," ",IF(W25="Vehículos",VLOOKUP($X$16,'Datos Indices'!$A$38:$Z$50,22,FALSE),IF(W25="Ipim",VLOOKUP($X$16,'Datos Indices'!$A$38:$Z$50,7,FALSE),IF(W25="Dólar",VLOOKUP($X$16,'Datos Indices'!$A$38:$Z$50,4,FALSE),IF(W25="Gasoil",VLOOKUP($X$16,'Datos Indices'!$A$38:$Z$50,10,FALSE),IF(W25="WPU06 Pesificado",VLOOKUP($X$16,'Datos Indices'!$A$38:$Z$50,26,FALSE),0)))))) | Y25: =S25*X25/100 -> 0 | AB25: =IF(AA25=" "," ",IF(AA25="Vehículos",VLOOKUP($X$16,'Datos Indices'!$A$38:$Z$50,22,FALSE),IF(AA25="Ipim",VLOOKUP($X$16,'Datos Indices'!$A$38:$Z$50,7,FALSE),IF(AA25="Dólar",VLOOKUP($X$16,'Datos Indices'!$A$38:$Z$50,4,FALSE),IF(AA25="Gasoil",VLOOKUP($X$16,'Datos Indices'!$A$38:$Z$50,10,FALSE),IF(AA25="WPU06 Pesificado",VLOOKUP($X$16,'Datos Indices'!$A$38:$Z$50,26,FALSE),0)))))) | AC25: =Y25*AB25/100 -> 0 | AE25: =IF(DL25=0,"","Controlar Aprop.") | DK25: =SUM(AG25:DH25)*S25 -> 0 | DL25: =S25-DK25 -> 0
K26: =+J26-L26 -> 0 | L26: =IF(E26=" ",0,IF(F26=" ",0,(IF(F26="Inmueble Liviano",+J26*0.67/240,0)+IF(F26="Inmueble Mampostería",+J26*0.67/600,0)+IF(F26="Rodados",+J26*0.6/60,0)+IF(F26="Equipo pesado",+J26*0.6/120,0)+IF(F26="Herramientas",J26/E26,0))))*$C$9 -> 0 | M26: =IF($C$9=0,0,L26/$C$9) -> 0 | R26: =(M26+N26+O26+P26+Q26)*C26*D26 -> 0 | S26: =R26*$C$9 -> 0 | X26: =IF(W26=" "," ",IF(W26="Vehículos",VLOOKUP($X$16,'Datos Indices'!$A$38:$Z$50,22,FALSE),IF(W26="Ipim",VLOOKUP($X$16,'Datos Indices'!$A$38:$Z$50,7,FALSE),IF(W26="Dólar",VLOOKUP($X$16,'Datos Indices'!$A$38:$Z$50,4,FALSE),IF(W26="Gasoil",VLOOKUP($X$16,'Datos Indices'!$A$38:$Z$50,10,FALSE),IF(W26="WPU06 Pesificado",VLOOKUP($X$16,'Datos Indices'!$A$38:$Z$50,26,FALSE),0)))))) | Y26: =S26*X26/100 -> 0 | AB26: =IF(AA26=" "," ",IF(AA26="Vehículos",VLOOKUP($X$16,'Datos Indices'!$A$38:$Z$50,22,FALSE),IF(AA26="Ipim",VLOOKUP($X$16,'Datos Indices'!$A$38:$Z$50,7,FALSE),IF(AA26="Dólar",VLOOKUP($X$16,'Datos Indices'!$A$38:$Z$50,4,FALSE),IF(AA26="Gasoil",VLOOKUP($X$16,'Datos Indices'!$A$38:$Z$50,10,FALSE),IF(AA26="WPU06 Pesificado",VLOOKUP($X$16,'Datos Indices'!$A$38:$Z$50,26,FALSE),0)))))) | AC26: =Y26*AB26/100 -> 0 | AE26: =IF(DL26=0,"","Controlar Aprop.") | DK26: =SUM(AG26:DH26)*S26 -> 0 | DL26: =S26-DK26 -> 0
K27: =+J27-L27 -> 0 | L27: =IF(E27=" ",0,IF(F27=" ",0,(IF(F27="Inmueble Liviano",+J27*0.67/240,0)+IF(F27="Inmueble Mampostería",+J27*0.67/600,0)+IF(F27="Rodados",+J27*0.6/60,0)+IF(F27="Equipo pesado",+J27*0.6/120,0)+IF(F27="Herramientas",J27/E27,0))))*$C$9 -> 0 | M27: =IF($C$9=0,0,L27/$C$9) -> 0 | R27: =(M27+N27+O27+P27+Q27)*C27*D27 -> 0 | S27: =R27*$C$9 -> 0 | X27: =IF(W27=" "," ",IF(W27="Vehículos",VLOOKUP($X$16,'Datos Indices'!$A$38:$Z$50,22,FALSE),IF(W27="Ipim",VLOOKUP($X$16,'Datos Indices'!$A$38:$Z$50,7,FALSE),IF(W27="Dólar",VLOOKUP($X$16,'Datos Indices'!$A$38:$Z$50,4,FALSE),IF(W27="Gasoil",VLOOKUP($X$16,'Datos Indices'!$A$38:$Z$50,10,FALSE),IF(W27="WPU06 Pesificado",VLOOKUP($X$16,'Datos Indices'!$A$38:$Z$50,26,FALSE),0)))))) | Y27: =S27*X27/100 -> 0 | AB27: =IF(AA27=" "," ",IF(AA27="Vehículos",VLOOKUP($X$16,'Datos Indices'!$A$38:$Z$50,22,FALSE),IF(AA27="Ipim",VLOOKUP($X$16,'Datos Indices'!$A$38:$Z$50,7,FALSE),IF(AA27="Dólar",VLOOKUP($X$16,'Datos Indices'!$A$38:$Z$50,4,FALSE),IF(AA27="Gasoil",VLOOKUP($X$16,'Datos Indices'!$A$38:$Z$50,10,FALSE),IF(AA27="WPU06 Pesificado",VLOOKUP($X$16,'Datos Indices'!$A$38:$Z$50,26,FALSE),0)))))) | AC27: =Y27*AB27/100 -> 0 | AE27: =IF(DL27=0,"","Controlar Aprop.") | DK27: =SUM(AG27:DH27)*S27 -> 0 | DL27: =S27-DK27 -> 0
K28: =+J28-L28 -> 0 | L28: =IF(E28=" ",0,IF(F28=" ",0,(IF(F28="Inmueble Liviano",+J28*0.67/240,0)+IF(F28="Inmueble Mampostería",+J28*0.67/600,0)+IF(F28="Rodados",+J28*0.6/60,0)+IF(F28="Equipo pesado",+J28*0.6/120,0)+IF(F28="Herramientas",J28/E28,0))))*$C$9 -> 0 | M28: =IF($C$9=0,0,L28/$C$9) -> 0 | R28: =(M28+N28+O28+P28+Q28)*C28*D28 -> 0 | S28: =R28*$C$9 -> 0 | X28: =IF(W28=" "," ",IF(W28="Vehículos",VLOOKUP($X$16,'Datos Indices'!$A$38:$Z$50,22,FALSE),IF(W28="Ipim",VLOOKUP($X$16,'Datos Indices'!$A$38:$Z$50,7,FALSE),IF(W28="Dólar",VLOOKUP($X$16,'Datos Indices'!$A$38:$Z$50,4,FALSE),IF(W28="Gasoil",VLOOKUP($X$16,'Datos Indices'!$A$38:$Z$50,10,FALSE),IF(W28="WPU06 Pesificado",VLOOKUP($X$16,'Datos Indices'!$A$38:$Z$50,26,FALSE),0)))))) | Y28: =S28*X28/100 -> 0 | AB28: =IF(AA28=" "," ",IF(AA28="Vehículos",VLOOKUP($X$16,'Datos Indices'!$A$38:$Z$50,22,FALSE),IF(AA28="Ipim",VLOOKUP($X$16,'Datos Indices'!$A$38:$Z$50,7,FALSE),IF(AA28="Dólar",VLOOKUP($X$16,'Datos Indices'!$A$38:$Z$50,4,FALSE),IF(AA28="Gasoil",VLOOKUP($X$16,'Datos Indices'!$A$38:$Z$50,10,FALSE),IF(AA28="WPU06 Pesificado",VLOOKUP($X$16,'Datos Indices'!$A$38:$Z$50,26,FALSE),0)))))) | AC28: =Y28*AB28/100 -> 0 | AE28: =IF(DL28=0,"","Controlar Aprop.") | DK28: =SUM(AG28:DH28)*S28 -> 0 | DL28: =S28-DK28 -> 0
K29: =+J29-L29 -> 0 | L29: =IF(E29=" ",0,IF(F29=" ",0,(IF(F29="Inmueble Liviano",+J29*0.67/240,0)+IF(F29="Inmueble Mampostería",+J29*0.67/600,0)+IF(F29="Rodados",+J29*0.6/60,0)+IF(F29="Equipo pesado",+J29*0.6/120,0)+IF(F29="Herramientas",J29/E29,0))))*$C$9 -> 0 | M29: =IF($C$9=0,0,L29/$C$9) -> 0 | R29: =(M29+N29+O29+P29+Q29)*C29*D29 -> 0 | S29: =R29*$C$9 -> 0 | X29: =IF(W29=" "," ",IF(W29="Vehículos",VLOOKUP($X$16,'Datos Indices'!$A$38:$Z$50,22,FALSE),IF(W29="Ipim",VLOOKUP($X$16,'Datos Indices'!$A$38:$Z$50,7,FALSE),IF(W29="Dólar",VLOOKUP($X$16,'Datos Indices'!$A$38:$Z$50,4,FALSE),IF(W29="Gasoil",VLOOKUP($X$16,'Datos Indices'!$A$38:$Z$50,10,FALSE),IF(W29="WPU06 Pesificado",VLOOKUP($X$16,'Datos Indices'!$A$38:$Z$50,26,FALSE),0)))))) | Y29: =S29*X29/100 -> 0 | AB29: =IF(AA29=" "," ",IF(AA29="Vehículos",VLOOKUP($X$16,'Datos Indices'!$A$38:$Z$50,22,FALSE),IF(AA29="Ipim",VLOOKUP($X$16,'Datos Indices'!$A$38:$Z$50,7,FALSE),IF(AA29="Dólar",VLOOKUP($X$16,'Datos Indices'!$A$38:$Z$50,4,FALSE),IF(AA29="Gasoil",VLOOKUP($X$16,'Datos Indices'!$A$38:$Z$50,10,FALSE),IF(AA29="WPU06 Pesificado",VLOOKUP($X$16,'Datos Indices'!$A$38:$Z$50,26,FALSE),0)))))) | AC29: =Y29*AB29/100 -> 0 | AE29: =IF(DL29=0,"","Controlar Aprop.") | DK29: =SUM(AG29:DH29)*S29 -> 0 | DL29: =S29-DK29 -> 0
... K250: =+J250-L250 -> 0 | L250: =IF(E250=" ",0,IF(F250=" ",0,(IF(F250="Inmueble Liviano",+J250*0.67/240,0)+IF(F250="Inmueble Mampostería",+J250*0.67/600,0)+IF(F250="Rodados",+J250*0.6/60,0)+IF(F250="Equipo pesado",+J250*0.6/120,0)+IF(F250="Herramientas",J250/E250,0))))*$C$9 -> 0 | M250: =IF($C$9=0,0,L250/$C$9) -> 0 | R250: =(M250+N250+O250+P250+Q250)*C250*D250 -> 0 | S250: =R250*$C$9 -> 0 | X250: =IF(W250=" "," ",IF(W250="Vehículos",VLOOKUP($X$16,'Datos Indices'!$A$38:$Z$50,22,FALSE),IF(W250="Ipim",VLOOKUP($X$16,'Datos Indices'!$A$38:$Z$50,7,FALSE),IF(W250="Dólar",VLOOKUP($X$16,'Datos Indices'!$A$38:$Z$50,4,FALSE),IF(W250="Gasoil",VLOOKUP($X$16,'Datos Indices'!$A$38:$Z$50,10,FALSE),IF(W250="WPU06 Pesificado",VLOOKUP($X$16,'Datos Indices'!$A$38:$Z$50,26,FALSE),0)))))) | Y250: =S250*X250/100 -> 0 | AB250: =IF(AA250=" "," ",IF(AA250="Vehículos",VLOOKUP($X$16,'Datos Indices'!$A$38:$Z$50,22,FALSE),IF(AA250="Ipim",VLOOKUP($X$16,'Datos Indices'!$A$38:$Z$50,7,FALSE),IF(AA250="Dólar",VLOOKUP($X$16,'Datos Indices'!$A$38:$Z$50,4,FALSE),IF(AA250="Gasoil",VLOOKUP($X$16,'Datos Indices'!$A$38:$Z$50,10,FALSE),IF(AA250="WPU06 Pesificado",VLOOKUP($X$16,'Datos Indices'!$A$38:$Z$50,26,FALSE),0)))))) | AC250: =Y250*AB250/100 -> 0 | AE250: =IF(DL250=0,"","Controlar Aprop.") | DK250: =SUM(AG250:DH250)*S250 -> 0 | DL250: =S250-DK250 -> 0
R251: =SUM(R17:R250) -> 0 | S251: =SUM(S17:S250) -> 0 | Y251: =SUM(Y17:Y250) -> 0 | AC251: =SUM(AC17:AC250) -> 0
M252: TOTAL ASIGNADO AL CONTRATO: | AG252: =SUMPRODUCT($S18:$S250,AG18:AG250) -> 0 | AH252: =SUMPRODUCT($S18:$S250,AH18:AH250) -> 0 | AI252: =SUMPRODUCT($S18:$S250,AI18:AI250) -> 0 | AJ252: =SUMPRODUCT($S18:$S250,AJ18:AJ250) -> 0 | AK252: =SUMPRODUCT($S18:$S250,AK18:AK250) -> 0 | AL252: =SUMPRODUCT($S18:$S250,AL18:AL250) -> 0 | AM252: =SUMPRODUCT($S18:$S250,AM18:AM250) -> 0 | AN252: =SUMPRODUCT($S18:$S250,AN18:AN250) -> 0 | ... DH252: =SUMPRODUCT($S18:$S250,DH18:DH250) -> 0
A255: TODOS LOS VALORES ESTAN EXPRESADOS EN PESOS SIN I.V.A.
B266: FIRMA RESPONSABLE | D266: ACLARACIÓN FIRMA

Sheet MANO DE OBRA
C2: A N E X O I I I - DISCRIMINACIÓN DE PRECIOS
C4: Apellido y Nombre o Denominación del Contratista: | D4: =+'INMUEBLES EQUIPOS Y RODADOS'!C4 -> 0 | L4: CONTRATO DE SERVICIO
C5: CUIT: | D5: =+'INMUEBLES EQUIPOS Y RODADOS'!C5 -> 0 | L5: MANO DE OBRA | O5: FS. 2
C6: Contrato N°: | D6: =+'INMUEBLES EQUIPOS Y RODADOS'!C6 -> 0
C7: Fecha inicio: | D7: =+'INMUEBLES EQUIPOS Y RODADOS'!C7 -> 0 | F7: Fecha Información: | G7: ='Información de Cabecera'!F9 -> 42036
C8: Zona: | D8: =+'INMUEBLES EQUIPOS Y RODADOS'!C8 -> #VALUE! | CF8: APROPIACION DE PRECIOS - PONDERACION PORCENTUAL DEL COSTO MO POR ITEMS
C9: Duración (en meses): | D9: ='INMUEBLES EQUIPOS Y RODADOS'!C9 -> 36
CF10: Item | CG10: Item | CH10: Item | CI10: Item | CJ10: Item | CK10: Item | CL10: Item | CM10: Item | CN10: Item | CO10: Item | CP10: Item | CQ10: Item | CR10: Item | CS10: Item | CT10: Item | CU10: Item | CV10: Item | CW10: Item | CX10: Item | CY10: Item | CZ10: Item | DA10: Item | DB10: Item | DC10: Item | DD10: Item | DE10: Item | DF10: Item | DG10: Item | DH10: Item | DI10: Item | DJ10: Item | DK10: Item | DL10: Item | DM10: Item | DN10: Item | DO10: Item | DP10: Item | DQ10: Item | DR10: Item | DS10: Item | DT10: Item | DU10: Item | DV10: Item | DW10: Item | DX10: Item | DY10: Item | DZ10: Item | EA10: Item | EB10: Item | EC10: Item | ED10: Item | EE10: Item | EF10: Item | EG10: Item | EH10: Item | EI10: Item | EJ10: Item | EK10: Item | EL10: Item | EM10: Item | EN10: Item | EO10: Item | EP10: Item | EQ10: Item | ER10: Item | ES10: Item | ET10: Item | EU10: Item | EV10: Item | EW10: Item | EX10: Item | EY10: Item | EZ10: Item | FA10: Item | FB10: Item | FC10: Item | FD10: Item | FE10: Item | FF10: Item | FG10: Item
G11: INDICE | CF11: 1 | CG11: 2 | CH11: 3 | CI11: 4 | CJ11: 5 | CK11: 6 | CL11: 7 | CM11: 8 | CN11: 9 | CO11: 10 | CP11: 11 | CQ11: 12 | CR11: 13 | CS11: 14 | CT11: 15 | CU11: 16 | CV11: 17 | CW11: 18 | CX11: 19 | CY11: 20 | CZ11: 21 | DA11: 22 | DB11: 23 | DC11: 24 | DD11: 25 | DE11: 26 | DF11: 27 | DG11: 28 | DH11: 29 | DI11: 30 | DJ11: 31 | DK11: 32 | DL11: 33 | DM11: 34 | DN11: 35 | DO11: 36 | DP11: 37 | DQ11: 38 | DR11: 39 | DS11: 40 | DT11: 41 | DU11: 42 | DV11: 43 | DW11: 44 | DX11: 45 | DY11: 46 | DZ11: 47 | EA11: 48 | EB11: 49 | EC11: 50 | ED11: 51 | EE11: 52 | EF11: 53 | EG11: 54 | EH11: 55 | EI11: 56 | EJ11: 57 | EK11: 58 | EL11: 59 | EM11: 60 | EN11: 61 | EO11: 62 | EP11: 63 | EQ11: 64 | ER11: 65 | ES11: 66 | ET11: 67 | EU11: 68 | EV11: 69 | EW11: 70 | EX11: 71 | EY11: 72 | EZ11: 73 | FA11: 74 | FB11: 75 | FC11: 76 | FD11: 77 | FE11: 78 | FF11: 79 | FG11: 80
R12: % | S12: % | AG12: REMUNERATIVOS (Valores mensuales) | BD12: NO REMUNERATIVOS (Valores mensuales) | BK12: S.A.C. Proporcional Mensual 8,33% | BL12: Vacaciones Proporcional Mensual 1,40% | BM12: CARGAS SOCIALES (Variable s/Zona) | BN12: SEGURO DE VIDA / ACCIDENTES Proporcioanl Mensual | BO12: Vestimenta Proporcional Mensual | BP12: Capacitación Habilitación Permisos Exámenes Médicos Prop.Mensual | BQ12: TOTAL MENSUAL | BR12: TOTALES IMPUTADOS AL CONTRATO (J x Meses del Contrato) | CF12: =VLOOKUP(CF11,'APROPIACION A PRECIOS'!$B$14:$C$93,2,0) -> Precio por el “Servicio de PH en ChSN día hábil operativo”, en un todo de acuerdo con las Bases del presente Pedido de Precios.- | CG12: =VLOOKUP(CG11,'APROPIACION A PRECIOS'!$B$14:$C$93,2,0) -> Precio por el “Servicio de PH en ChSN día stand by”, en un todo de acuerdo con las Bases del presente Pedido de Precios.- | CH12: =VLOOKUP(CH11,'APROPIACION A PRECIOS'!$B$14:$C$93,2,0) -> Precio por el “Servicio de PH en PH día hábil operativo”, en un todo de acuerdo con las Bases del presente Pedido de Precios.- | CI12: =VLOOKUP(CI11,'APROPIACION A PRECIOS'!$B$14:$C$93,2,0) -> Precio por el “Servicio de PH en PH día stand by”, en un todo de acuerdo con las Bases del presente Pedido de Precios.- | CJ12: =VLOOKUP(CJ11,'APROPIACION A PRECIOS'!$B$14:$C$93,2,0) -> Precio por el “Servicio de PH en VAM día hábil operativo”, en un todo de acuerdo con las Bases del presente Pedido de Precios.- | CK12: =VLOOKUP(CK11,'APROPIACION A PRECIOS'!$B$14:$C$93,2,0) -> Precio por el “Servicio de PH en VAM día stand by”, en un todo de acuerdo con las Bases del presente Pedido de Precios.- | CL12: =VLOOKUP(CL11,'APROPIACION A PRECIOS'!$B$14:$C$93,2,0) -> 0 | CM12: =VLOOKUP(CM11,'APROPIACION A PRECIOS'!$B$14:$C$93,2,0) -> 0 | ... FG12: =VLOOKUP(FG11,'APROPIACION A PRECIOS'!$B$14:$C$93,2,0) -> 0
A13: Nº | B13: UUNN | C13: Apellido y Nombre | D13: CUIL / CUIT | E13: Función | F13: Gremio | G13: Numero de CCT | H13: Destalle de CCT | I13: Categoría | J13: Turno | K13: Actividad | L13: Provincia | M13: Area operativa | N13: Fecha ingreso a la empresa | O13: Fecha afectación al contrato | P13: Situación Actual | Q13: Directo / Indirecto | R13: Afectación a YPF | S13: Afectación al Contrato | T13: Sueldo Básico | U13: Presentismo | V13: Adicional Zona | W13: Desarraigo | X13: Diferencial Turno | Y13: Adicional Especial / Empresa | Z13: Cant Años Antigüedad | AA13: Importe Antigüedad | AB13: Cant Horas Extras al 50% | AC13: Importe Horas Extras al 50% | AD13: Cant Horas Extras al 100% | AE13: Importe Horas Extras al 100% | AF13: Cant Horas de Viaje Promedio | AG13: Importe Horas de Viaje Promedio | AH13: Cant días de Guardias | AI13: Importe Guardias | AJ13: Cant Días Guardias Pasivas | AK13: Importe Guardias Pasivas | AL13: Adicional Disponibilidad | AM13: Adicional Traslado | AN13: Adicional Torre / Torre Serv. Especiales | AO13: Adicional Yacimiento (Producción / Mantenimiento/disponibilidad) | AP13: Adicional Altura | AQ13: Adicional Cargas Peligrosas | AR13: Adicional Cuencas Petroleras | AS13: Bono de Paz | AT13: Presentismo especial (valor anual/12) | AU13: Otros Conceptos (Detalle) | AV13: Otros Coneptos (Importe) | AW13: Cant Viandas 8hs Art. 34 bis | AX13: Importe Viandas 8hs Art. 34 bis | AY13: Cant Viandas Hs Extras Art. 34 (10 hs) | AZ13: Importe Viandas Hs Extras Art. 34 (10 hs) | BA13: Cant Alimentación diaria Art. 60 | BB13: Importe Alimentación diaria Art. 60 | BD13: Viático | BE13: Viático Especial | BF13: Pernoctancia | BG13: Devolución de Ganancia Promedio | BH13: Otros Conceptos (Detalle) | BI13: Otros Conceptos (Importe) | BJ13: Adicional especial | BN13: SEGUROS | BQ13: (Sector C + Sector D + E + F + G + H + I+ J) x A x B | BS13: Propio (Si / No) | BT13: Nombre Subcontratista | BU13: CUIT Subcontratista | BV13: Comentarios | BW13: Remunerativos | BX13: No Remunerativos | BY13: SAC Vacaciones Cargas Sociales | BZ13: Otros | CA13: Total Mensual | CB13: Total Contrato
R14: A | S14: B | AG14: SECTOR C | BD14: SECTOR D | BK14: E | BL14: F | BM14: G | BN14: H | BO14: I | BP14: J | BQ14: K | BR14: L | CD14: CONTROL
BK15: =(T15+U15+V15+W15+Y15+AA15+AC15+AE15+AN15+AO15+X15+AP15+AG15+AI15+AK15+AL15+AM15+AQ15+AR15+AV15+AS15+AT15)*0.08333 -> 0 | BL15: =(T15+U15+V15+W15+Y15+AA15+AC15+AE15+AN15+AO15+X15+AP15+AG15+AI15+AK15+AL15+AM15+AQ15+AR15+AV15+AS15+AT15)*0.014 -> 0 | BM15: =((T15+U15+V15+W15+Y15+AA15+AC15+AE15+AN15+AO15+X15+AP15+AG15+AI15+AK15+AL15+AM15+AQ15+AR15+AV15+AS15+AT15)*0.4062) -> 0 | BQ15: =(T15+U15+V15+W15+Y15+AA15+AC15+AE15+AN15+AO15+X15+AP15+AG15+AI15+AK15+AL15+AM15+AQ15+AR15+AV15+AS15+AT15+AX15+AZ15+BB15+BC15+BD15+BE15+BF15+BG15+BI15+BJ15+BK15+BL15+BM15+BN15+BO15+BP15)*R15*S15 -> 0 | BR15: =BQ15*$D$9 -> 0 | BW15: =(+T15+U15+V15+W15+Y15+AA15+AC15+AE15+AN15+AO15+X15+AP15+AG15+AI15+AK15+AL15+AM15+AQ15+AR15+AV15+AS15+AT15)*R15*S15 -> 0 | BX15: =(AX15+AZ15+BB15+BC15+BD15+BE15+BF15+BG15+BI15+BJ15)*R15*S15 -> 0 | BY15: =SUM(BK15:BM15)*R15*S15 -> 0 | BZ15: =SUM(BN15:BP15)*R15*S15 -> 0 | CA15: =SUM(BW15:BZ15) -> 0 | CB15: =+CA15*$D$9 -> 0
BK16: =(T16+U16+V16+W16+Y16+AA16+AC16+AE16+AN16+AO16+X16+AP16+AG16+AI16+AK16+AL16+AM16+AQ16+AR16+AV16+AS16+AT16)*0.08333 -> 0 | BL16: =(T16+U16+V16+W16+Y16+AA16+AC16+AE16+AN16+AO16+X16+AP16+AG16+AI16+AK16+AL16+AM16+AQ16+AR16+AV16+AS16+AT16)*0.014 -> 0 | BM16: =((T16+U16+V16+W16+Y16+AA16+AC16+AE16+AN16+AO16+X16+AP16+AG16+AI16+AK16+AL16+AM16+AQ16+AR16+AV16+AS16+AT16)*0.4062) -> 0 | BQ16: =(T16+U16+V16+W16+Y16+AA16+AC16+AE16+AN16+AO16+X16+AP16+AG16+AI16+AK16+AL16+AM16+AQ16+AR16+AV16+AS16+AT16+AX16+AZ16+BB16+BC16+BD16+BE16+BF16+BG16+BI16+BJ16+BK16+BL16+BM16+BN16+BO16+BP16)*R16*S16 -> 0 | BR16: =BQ16*$D$9 -> 0 | BW16: =(+T16+U16+V16+W16+Y16+AA16+AC16+AE16+AN16+AO16+X16+AP16+AG16+AI16+AK16+AL16+AM16+AQ16+AR16+AV16+AS16+AT16)*R16*S16 -> 0 | BX16: =(AX16+AZ16+BB16+BC16+BD16+BE16+BF16+BG16+BI16+BJ16)*R16*S16 -> 0 | BY16: =SUM(BK16:BM16)*R16*S16 -> 0 | BZ16: =SUM(BN16:BP16)*R16*S16 -> 0 | CA16: =SUM(BW16:BZ16) -> 0 | CB16: =+CA16*$D$9 -> 0 | CD16: =IF(FK16=0,"","Controlar Aprop.") | FJ16: =SUM(CF16:FG16)*CB16 -> 0 | FK16: =CB16-FJ16 -> 0
BK17: =(T17+U17+V17+W17+Y17+AA17+AC17+AE17+AN17+AO17+X17+AP17+AG17+AI17+AK17+AL17+AM17+AQ17+AR17+AV17+AS17+AT17)*0.08333 -> 0 | BL17: =(T17+U17+V17+W17+Y17+AA17+AC17+AE17+AN17+AO17+X17+AP17+AG17+AI17+AK17+AL17+AM17+AQ17+AR17+AV17+AS17+AT17)*0.014 -> 0 | BM17: =((T17+U17+V17+W17+Y17+AA17+AC17+AE17+AN17+AO17+X17+AP17+AG17+AI17+AK17+AL17+AM17+AQ17+AR17+AV17+AS17+AT17)*0.4062) -> 0 | BQ17: =(T17+U17+V17+W17+Y17+AA17+AC17+AE17+AN17+AO17+X17+AP17+AG17+AI17+AK17+AL17+AM17+AQ17+AR17+AV17+AS17+AT17+AX17+AZ17+BB17+BC17+BD17+BE17+BF17+BG17+BI17+BJ17+BK17+BL17+BM17+BN17+BO17+BP17)*R17*S17 -> 0 | BR17: =BQ17*$D$9 -> 0 | BW17: =(+T17+U17+V17+W17+Y17+AA17+AC17+AE17+AN17+AO17+X17+AP17+AG17+AI17+AK17+AL17+AM17+AQ17+AR17+AV17+AS17+AT17)*R17*S17 -> 0 | BX17: =(AX17+AZ17+BB17+BC17+BD17+BE17+BF17+BG17+BI17+BJ17)*R17*S17 -> 0 | BY17: =SUM(BK17:BM17)*R17*S17 -> 0 | BZ17: =SUM(BN17:BP17)*R17*S17 -> 0 | CA17: =SUM(BW17:BZ17) -> 0 | CB17: =+CA17*$D$9 -> 0 | CD17: =IF(FK17=0,"","Controlar Aprop.") | FJ17: =SUM(CF17:FG17)*CB17 -> 0 | FK17: =CB17-FJ17 -> 0
BK18: =(T18+U18+V18+W18+Y18+AA18+AC18+AE18+AN18+AO18+X18+AP18+AG18+AI18+AK18+AL18+AM18+AQ18+AR18+AV18+AS18+AT18)*0.08333 -> 0 | BL18: =(T18+U18+V18+W18+Y18+AA18+AC18+AE18+AN18+AO18+X18+AP18+AG18+AI18+AK18+AL18+AM18+AQ18+AR18+AV18+AS18+AT18)*0.014 -> 0 | BM18: =((T18+U18+V18+W18+Y18+AA18+AC18+AE18+AN18+AO18+X18+AP18+AG18+AI18+AK18+AL18+AM18+AQ18+AR18+AV18+AS18+AT18)*0.4062) -> 0 | BQ18: =(T18+U18+V18+W18+Y18+AA18+AC18+AE18+AN18+AO18+X18+AP18+AG18+AI18+AK18+AL18+AM18+AQ18+AR18+AV18+AS18+AT18+AX18+AZ18+BB18+BC18+BD18+BE18+BF18+BG18+BI18+BJ18+BK18+BL18+BM18+BN18+BO18+BP18)*R18*S18 -> 0 | BR18: =BQ18*$D$9 -> 0 | BW18: =(+T18+U18+V18+W18+Y18+AA18+AC18+AE18+AN18+AO18+X18+AP18+AG18+AI18+AK18+AL18+AM18+AQ18+AR18+AV18+AS18+AT18)*R18*S18 -> 0 | BX18: =(AX18+AZ18+BB18+BC18+BD18+BE18+BF18+BG18+BI18+BJ18)*R18*S18 -> 0 | BY18: =SUM(BK18:BM18)*R18*S18 -> 0 | BZ18: =SUM(BN18:BP18)*R18*S18 -> 0 | CA18: =SUM(BW18:BZ18) -> 0 | CB18: =+CA18*$D$9 -> 0 | CD18: =IF(FK18=0,"","Controlar Aprop.") | FJ18: =SUM(CF18:FG18)*CB18 -> 0 | FK18: =CB18-FJ18 -> 0
BK19: =(T19+U19+V19+W19+Y19+AA19+AC19+AE19+AN19+AO19+X19+AP19+AG19+AI19+AK19+AL19+AM19+AQ19+AR19+AV19+AS19+AT19)*0.08333 -> 0 | BL19: =(T19+U19+V19+W19+Y19+AA19+AC19+AE19+AN19+AO19+X19+AP19+AG19+AI19+AK19+AL19+AM19+AQ19+AR19+AV19+AS19+AT19)*0.014 -> 0 | BM19: =((T19+U19+V19+W19+Y19+AA19+AC19+AE19+AN19+AO19+X19+AP19+AG19+AI19+AK19+AL19+AM19+AQ19+AR19+AV19+AS19+AT19)*0.4062) -> 0 | BQ19: =(T19+U19+V19+W19+Y19+AA19+AC19+AE19+AN19+AO19+X19+AP19+AG19+AI19+AK19+AL19+AM19+AQ19+AR19+AV19+AS19+AT19+AX19+AZ19+BB19+BC19+BD19+BE19+BF19+BG19+BI19+BJ19+BK19+BL19+BM19+BN19+BO19+BP19)*R19*S19 -> 0 | BR19: =BQ19*$D$9 -> 0 | BW19: =(+T19+U19+V19+W19+Y19+AA19+AC19+AE19+AN19+AO19+X19+AP19+AG19+AI19+AK19+AL19+AM19+AQ19+AR19+AV19+AS19+AT19)*R19*S19 -> 0 | BX19: =(AX19+AZ19+BB19+BC19+BD19+BE19+BF19+BG19+BI19+BJ19)*R19*S19 -> 0 | BY19: =SUM(BK19:BM19)*R19*S19 -> 0 | BZ19: =SUM(BN19:BP19)*R19*S19 -> 0 | CA19: =SUM(BW19:BZ19) -> 0 | CB19: =+CA19*$D$9 -> 0 | CD19: =IF(FK19=0,"","Controlar Aprop.") | FJ19: =SUM(CF19:FG19)*CB19 -> 0 | FK19: =CB19-FJ19 -> 0
BK20: =(T20+U20+V20+W20+Y20+AA20+AC20+AE20+AN20+AO20+X20+AP20+AG20+AI20+AK20+AL20+AM20+AQ20+AR20+AV20+AS20+AT20)*0.08333 -> 0 | BL20: =(T20+U20+V20+W20+Y20+AA20+AC20+AE20+AN20+AO20+X20+AP20+AG20+AI20+AK20+AL20+AM20+AQ20+AR20+AV20+AS20+AT20)*0.014 -> 0 | BM20: =((T20+U20+V20+W20+Y20+AA20+AC20+AE20+AN20+AO20+X20+AP20+AG20+AI20+AK20+AL20+AM20+AQ20+AR20+AV20+AS20+AT20)*0.4062) -> 0 | BQ20: =(T20+U20+V20+W20+Y20+AA20+AC20+AE20+AN20+AO20+X20+AP20+AG20+AI20+AK20+AL20+AM20+AQ20+AR20+AV20+AS20+AT20+AX20+AZ20+BB20+BC20+BD20+BE20+BF20+BG20+BI20+BJ20+BK20+BL20+BM20+BN20+BO20+BP20)*R20*S20 -> 0 | BR20: =BQ20*$D$9 -> 0 | BW20: =(+T20+U20+V20+W20+Y20+AA20+AC20+AE20+AN20+AO20+X20+AP20+AG20+AI20+AK20+AL20+AM20+AQ20+AR20+AV20+AS20+AT20)*R20*S20 -> 0 | BX20: =(AX20+AZ20+BB20+BC20+BD20+BE20+BF20+BG20+BI20+BJ20)*R20*S20 -> 0 | BY20: =SUM(BK20:BM20)*R20*S20 -> 0 | BZ20: =SUM(BN20:BP20)*R20*S20 -> 0 | CA20: =SUM(BW20:BZ20) -> 0 | CB20: =+CA20*$D$9 -> 0 | CD20: =IF(FK20=0,"","Controlar Aprop.") | FJ20: =SUM(CF20:FG20)*CB20 -> 0 | FK20: =CB20-FJ20 -> 0
BK21: =(T21+U21+V21+W21+Y21+AA21+AC21+AE21+AN21+AO21+X21+AP21+AG21+AI21+AK21+AL21+AM21+AQ21+AR21+AV21+AS21+AT21)*0.08333 -> 0 | BL21: =(T21+U21+V21+W21+Y21+AA21+AC21+AE21+AN21+AO21+X21+AP21+AG21+AI21+AK21+AL21+AM21+AQ21+AR21+AV21+AS21+AT21)*0.014 -> 0 | BM21: =((T21+U21+V21+W21+Y21+AA21+AC21+AE21+AN21+AO21+X21+AP21+AG21+AI21+AK21+AL21+AM21+AQ21+AR21+AV21+AS21+AT21)*0.4062) -> 0 | BQ21: =(T21+U21+V21+W21+Y21+AA21+AC21+AE21+AN21+AO21+X21+AP21+AG21+AI21+AK21+AL21+AM21+AQ21+AR21+AV21+AS21+AT21+AX21+AZ21+BB21+BC21+BD21+BE21+BF21+BG21+BI21+BJ21+BK21+BL21+BM21+BN21+BO21+BP21)*R21*S21 -> 0 | BR21: =BQ21*$D$9 -> 0 | BW21: =(+T21+U21+V21+W21+Y21+AA21+AC21+AE21+AN21+AO21+X21+AP21+AG21+AI21+AK21+AL21+AM21+AQ21+AR21+AV21+AS21+AT21)*R21*S21 -> 0 | BX21: =(AX21+AZ21+BB21+BC21+BD21+BE21+BF21+BG21+BI21+BJ21)*R21*S21 -> 0 | BY21: =SUM(BK21:BM21)*R21*S21 -> 0 | BZ21: =SUM(BN21:BP21)*R21*S21 -> 0 | CA21: =SUM(BW21:BZ21) -> 0 | CB21: =+CA21*$D$9 -> 0 | CD21: =IF(FK21=0,"","Controlar Aprop.") | FJ21: =SUM(CF21:FG21)*CB21 -> 0 | FK21: =CB21-FJ21 -> 0
BK22: =(T22+U22+V22+W22+Y22+AA22+AC22+AE22+AN22+AO22+X22+AP22+AG22+AI22+AK22+AL22+AM22+AQ22+AR22+AV22+AS22+AT22)*0.08333 -> 0 | BL22: =(T22+U22+V22+W22+Y22+AA22+AC22+AE22+AN22+AO22+X22+AP22+AG22+AI22+AK22+AL22+AM22+AQ22+AR22+AV22+AS22+AT22)*0.014 -> 0 | BM22: =((T22+U22+V22+W22+Y22+AA22+AC22+AE22+AN22+AO22+X22+AP22+AG22+AI22+AK22+AL22+AM22+AQ22+AR22+AV22+AS22+AT22)*0.4062) -> 0 | BQ22: =(T22+U22+V22+W22+Y22+AA22+AC22+AE22+AN22+AO22+X22+AP22+AG22+AI22+AK22+AL22+AM22+AQ22+AR22+AV22+AS22+AT22+AX22+AZ22+BB22+BC22+BD22+BE22+BF22+BG22+BI22+BJ22+BK22+BL22+BM22+BN22+BO22+BP22)*R22*S22 -> 0 | BR22: =BQ22*$D$9 -> 0 | BW22: =(+T22+U22+V22+W22+Y22+AA22+AC22+AE22+AN22+AO22+X22+AP22+AG22+AI22+AK22+AL22+AM22+AQ22+AR22+AV22+AS22+AT22)*R22*S22 -> 0 | BX22: =(AX22+AZ22+BB22+BC22+BD22+BE22+BF22+BG22+BI22+BJ22)*R22*S22 -> 0 | BY22: =SUM(BK22:BM22)*R22*S22 -> 0 | BZ22: =SUM(BN22:BP22)*R22*S22 -> 0 | CA22: =SUM(BW22:BZ22) -> 0 | CB22: =+CA22*$D$9 -> 0 | CD22: =IF(FK22=0,"","Controlar Aprop.") | FJ22: =SUM(CF22:FG22)*CB22 -> 0 | FK22: =CB22-FJ22 -> 0
BK23: =(T23+U23+V23+W23+Y23+AA23+AC23+AE23+AN23+AO23+X23+AP23+AG23+AI23+AK23+AL23+AM23+AQ23+AR23+AV23+AS23+AT23)*0.08333 -> 0 | BL23: =(T23+U23+V23+W23+Y23+AA23+AC23+AE23+AN23+AO23+X23+AP23+AG23+AI23+AK23+AL23+AM23+AQ23+AR23+AV23+AS23+AT23)*0.014 -> 0 | BM23: =((T23+U23+V23+W23+Y23+AA23+AC23+AE23+AN23+AO23+X23+AP23+AG23+AI23+AK23+AL23+AM23+AQ23+AR23+AV23+AS23+AT23)*0.4062) -> 0 | BQ23: =(T23+U23+V23+W23+Y23+AA23+AC23+AE23+AN23+AO23+X23+AP23+AG23+AI23+AK23+AL23+AM23+AQ23+AR23+AV23+AS23+AT23+AX23+AZ23+BB23+BC23+BD23+BE23+BF23+BG23+BI23+BJ23+BK23+BL23+BM23+BN23+BO23+BP23)*R23*S23 -> 0 | BR23: =BQ23*$D$9 -> 0 | BW23: =(+T23+U23+V23+W23+Y23+AA23+AC23+AE23+AN23+AO23+X23+AP23+AG23+AI23+AK23+AL23+AM23+AQ23+AR23+AV23+AS23+AT23)*R23*S23 -> 0 | BX23: =(AX23+AZ23+BB23+BC23+BD23+BE23+BF23+BG23+BI23+BJ23)*R23*S23 -> 0 | BY23: =SUM(BK23:BM23)*R23*S23 -> 0 | BZ23: =SUM(BN23:BP23)*R23*S23 -> 0 | CA23: =SUM(BW23:BZ23) -> 0 | CB23: =+CA23*$D$9 -> 0 | CD23: =IF(FK23=0,"","Controlar Aprop.") | FJ23: =SUM(CF23:FG23)*CB23 -> 0 | FK23: =CB23-FJ23 -> 0
BK24: =(T24+U24+V24+W24+Y24+AA24+AC24+AE24+AN24+AO24+X24+AP24+AG24+AI24+AK24+AL24+AM24+AQ24+AR24+AV24+AS24+AT24)*0.08333 -> 0 | BL24: =(T24+U24+V24+W24+Y24+AA24+AC24+AE24+AN24+AO24+X24+AP24+AG24+AI24+AK24+AL24+AM24+AQ24+AR24+AV24+AS24+AT24)*0.014 -> 0 | BM24: =((T24+U24+V24+W24+Y24+AA24+AC24+AE24+AN24+AO24+X24+AP24+AG24+AI24+AK24+AL24+AM24+AQ24+AR24+AV24+AS24+AT24)*0.4062) -> 0 | BQ24: =(T24+U24+V24+W24+Y24+AA24+AC24+AE24+AN24+AO24+X24+AP24+AG24+AI24+AK24+AL24+AM24+AQ24+AR24+AV24+AS24+AT24+AX24+AZ24+BB24+BC24+BD24+BE24+BF24+BG24+BI24+BJ24+BK24+BL24+BM24+BN24+BO24+BP24)*R24*S24 -> 0 | BR24: =BQ24*$D$9 -> 0 | BW24: =(+T24+U24+V24+W24+Y24+AA24+AC24+AE24+AN24+AO24+X24+AP24+AG24+AI24+AK24+AL24+AM24+AQ24+AR24+AV24+AS24+AT24)*R24*S24 -> 0 | BX24: =(AX24+AZ24+BB24+BC24+BD24+BE24+BF24+BG24+BI24+BJ24)*R24*S24 -> 0 | BY24: =SUM(BK24:BM24)*R24*S24 -> 0 | BZ24: =SUM(BN24:BP24)*R24*S24 -> 0 | CA24: =SUM(BW24:BZ24) -> 0 | CB24: =+CA24*$D$9 -> 0 | CD24: =IF(FK24=0,"","Controlar Aprop.") | FJ24: =SUM(CF24:FG24)*CB24 -> 0 | FK24: =CB24-FJ24 -> 0
BK25: =(T25+U25+V25+W25+Y25+AA25+AC25+AE25+AN25+AO25+X25+AP25+AG25+AI25+AK25+AL25+AM25+AQ25+AR25+AV25+AS25+AT25)*0.08333 -> 0 | BL25: =(T25+U25+V25+W25+Y25+AA25+AC25+AE25+AN25+AO25+X25+AP25+AG25+AI25+AK25+AL25+AM25+AQ25+AR25+AV25+AS25+AT25)*0.014 -> 0 | BM25: =((T25+U25+V25+W25+Y25+AA25+AC25+AE25+AN25+AO25+X25+AP25+AG25+AI25+AK25+AL25+AM25+AQ25+AR25+AV25+AS25+AT25)*0.4062) -> 0 | BQ25: =(T25+U25+V25+W25+Y25+AA25+AC25+AE25+AN25+AO25+X25+AP25+AG25+AI25+AK25+AL25+AM25+AQ25+AR25+AV25+AS25+AT25+AX25+AZ25+BB25+BC25+BD25+BE25+BF25+BG25+BI25+BJ25+BK25+BL25+BM25+BN25+BO25+BP25)*R25*S25 -> 0 | BR25: =BQ25*$D$9 -> 0 | BW25: =(+T25+U25+V25+W25+Y25+AA25+AC25+AE25+AN25+AO25+X25+AP25+AG25+AI25+AK25+AL25+AM25+AQ25+AR25+AV25+AS25+AT25)*R25*S25 -> 0 | BX25: =(AX25+AZ25+BB25+BC25+BD25+BE25+BF25+BG25+BI25+BJ25)*R25*S25 -> 0 | BY25: =SUM(BK25:BM25)*R25*S25 -> 0 | BZ25: =SUM(BN25:BP25)*R25*S25 -> 0 | CA25: =SUM(BW25:BZ25) -> 0 | CB25: =+CA25*$D$9 -> 0 | CD25: =IF(FK25=0,"","Controlar Aprop.") | FJ25: =SUM(CF25:FG25)*CB25 -> 0 | FK25: =CB25-FJ25 -> 0
BK26: =(T26+U26+V26+W26+Y26+AA26+AC26+AE26+AN26+AO26+X26+AP26+AG26+AI26+AK26+AL26+AM26+AQ26+AR26+AV26+AS26+AT26)*0.08333 -> 0 | BL26: =(T26+U26+V26+W26+Y26+AA26+AC26+AE26+AN26+AO26+X26+AP26+AG26+AI26+AK26+AL26+AM26+AQ26+AR26+AV26+AS26+AT26)*0.014 -> 0 | BM26: =((T26+U26+V26+W26+Y26+AA26+AC26+AE26+AN26+AO26+X26+AP26+AG26+AI26+AK26+AL26+AM26+AQ26+AR26+AV26+AS26+AT26)*0.4062) -> 0 | BQ26: =(T26+U26+V26+W26+Y26+AA26+AC26+AE26+AN26+AO26+X26+AP26+AG26+AI26+AK26+AL26+AM26+AQ26+AR26+AV26+AS26+AT26+AX26+AZ26+BB26+BC26+BD26+BE26+BF26+BG26+BI26+BJ26+BK26+BL26+BM26+BN26+BO26+BP26)*R26*S26 -> 0 | BR26: =BQ26*$D$9 -> 0 | BW26: =(+T26+U26+V26+W26+Y26+AA26+AC26+AE26+AN26+AO26+X26+AP26+AG26+AI26+AK26+AL26+AM26+AQ26+AR26+AV26+AS26+AT26)*R26*S26 -> 0 | BX26: =(AX26+AZ26+BB26+BC26+BD26+BE26+BF26+BG26+BI26+BJ26)*R26*S26 -> 0 | BY26: =SUM(BK26:BM26)*R26*S26 -> 0 | BZ26: =SUM(BN26:BP26)*R26*S26 -> 0 | CA26: =SUM(BW26:BZ26) -> 0 | CB26: =+CA26*$D$9 -> 0 | CD26: =IF(FK26=0,"","Controlar Aprop.") | FJ26: =SUM(CF26:FG26)*CB26 -> 0 | FK26: =CB26-FJ26 -> 0
BK27: =(T27+U27+V27+W27+Y27+AA27+AC27+AE27+AN27+AO27+X27+AP27+AG27+AI27+AK27+AL27+AM27+AQ27+AR27+AV27+AS27+AT27)*0.08333 -> 0 | BL27: =(T27+U27+V27+W27+Y27+AA27+AC27+AE27+AN27+AO27+X27+AP27+AG27+AI27+AK27+AL27+AM27+AQ27+AR27+AV27+AS27+AT27)*0.014 -> 0 | BM27: =((T27+U27+V27+W27+Y27+AA27+AC27+AE27+AN27+AO27+X27+AP27+AG27+AI27+AK27+AL27+AM27+AQ27+AR27+AV27+AS27+AT27)*0.4062) -> 0 | BQ27: =(T27+U27+V27+W27+Y27+AA27+AC27+AE27+AN27+AO27+X27+AP27+AG27+AI27+AK27+AL27+AM27+AQ27+AR27+AV27+AS27+AT27+AX27+AZ27+BB27+BC27+BD27+BE27+BF27+BG27+BI27+BJ27+BK27+BL27+BM27+BN27+BO27+BP27)*R27*S27 -> 0 | BR27: =BQ27*$D$9 -> 0 | BW27: =(+T27+U27+V27+W27+Y27+AA27+AC27+AE27+AN27+AO27+X27+AP27+AG27+AI27+AK27+AL27+AM27+AQ27+AR27+AV27+AS27+AT27)*R27*S27 -> 0 | BX27: =(AX27+AZ27+BB27+BC27+BD27+BE27+BF27+BG27+BI27+BJ27)*R27*S27 -> 0 | BY27: =SUM(BK27:BM27)*R27*S27 -> 0 | BZ27: =SUM(BN27:BP27)*R27*S27 -> 0 | CA27: =SUM(BW27:BZ27) -> 0 | CB27: =+CA27*$D$9 -> 0 | CD27: =IF(FK27=0,"","Controlar Aprop.") | FJ27: =SUM(CF27:FG27)*CB27 -> 0 | FK27: =CB27-FJ27 -> 0
... BK294: =(T294+U294+V294+W294+Y294+AA294+AC294+AE294+AN294+AO294+X294+AP294+AG294+AI294+AK294+AL294+AM294+AQ294+AR294+AV294+AS294+AT294)*0.08333 -> 0 | BL294: =(T294+U294+V294+W294+Y294+AA294+AC294+AE294+AN294+AO294+X294+AP294+AG294+AI294+AK294+AL294+AM294+AQ294+AR294+AV294+AS294+AT294)*0.014 -> 0 | BM294: =((T294+U294+V294+W294+Y294+AA294+AC294+AE294+AN294+AO294+X294+AP294+AG294+AI294+AK294+AL294+AM294+AQ294+AR294+AV294+AS294+AT294)*0.4062) -> 0 | BQ294: =(T294+U294+V294+W294+Y294+AA294+AC294+AE294+AN294+AO294+X294+AP294+AG294+AI294+AK294+AL294+AM294+AQ294+AR294+AV294+AS294+AT294+AX294+AZ294+BB294+BC294+BD294+BE294+BF294+BG294+BI294+BJ294+BK294+BL294+BM294+BN294+BO294+BP294)*R294*S294 -> 0 | BR294: =BQ294*$D$9 -> 0 | BW294: =(+T294+U294+V294+W294+Y294+AA294+AC294+AE294+AN294+AO294+X294+AP294+AG294+AI294+AK294+AL294+AM294+AQ294+AR294+AV294+AS294+AT294)*R294*S294 -> 0 | BX294: =(AX294+AZ294+BB294+BC294+BD294+BE294+BF294+BG294+BI294+BJ294)*R294*S294 -> 0 | BY294: =SUM(BK294:BM294)*R294*S294 -> 0 | BZ294: =SUM(BN294:BP294)*R294*S294 -> 0 | CA294: =SUM(BW294:BZ294) -> 0 | CB294: =+CA294*$D$9 -> 0 | CD294: =IF(FK294=0,"","Controlar Aprop.") | FJ294: =SUM(CF294:FG294)*CB294 -> 0 | FK294: =CB294-FJ294 -> 0
R295: TOTALES | T295: =SUM(T15:T294) -> 0 | U295: =SUM(U15:U294) -> 0 | V295: =SUM(V15:V294) -> 0 | W295: =SUM(W15:W294) -> 0 | X295: =SUM(X15:X294) -> 0 | Y295: =SUM(Y15:Y294) -> 0 | AA295: =SUM(AA15:AA294) -> 0 | AC295: =SUM(AC15:AC294) -> 0 | AE295: =SUM(AE15:AE294) -> 0 | AG295: =SUM(AG15:AG294) -> 0 | AI295: =SUM(AI15:AI294) -> 0 | AK295: =SUM(AK15:AK294) -> 0 | AL295: =SUM(AL15:AL294) -> 0 | AM295: =SUM(AM15:AM294) -> 0 | AN295: =SUM(AN15:AN294) -> 0 | AO295: =SUM(AO15:AO294) -> 0 | AP295: =SUM(AP15:AP294) -> 0 | AQ295: =SUM(AQ15:AQ294) -> 0 | AR295: =SUM(AR15:AR294) -> 0 | ... AT295: =SUM(AT15:AT294) -> 0 | AV295: =SUM(AV15:AV294) -> 0 | AX295: =SUM(AX15:AX294) -> 0 | AZ295: =SUM(AZ15:AZ294) -> 0 | BB295: =SUM(BB15:BB294) -> 0 | BC295: =SUM(BC15:BC294) -> 0 | BD295: =SUM(BD15:BD294) -> 0 | BE295: =SUM(BE15:BE294) -> 0 | BF295: =SUM(BF15:BF294) -> 0 | BG295: =SUM(BG15:BG294) -> 0 | BI295: =SUM(BI15:BI294) -> 0 | BJ295: =SUM(BJ15:BJ294) -> 0 | BN295: =SUM(BN15:BN294) -> 0 | BO295: =SUM(BO15:BO294) -> 0 | BP295: =SUM(BP15:BP294) -> 0 | BQ295: =SUM(BQ15:BQ294) -> 0 | BR295: =SUM(BR15:BR294) -> 0 | BW295: =SUM(BW15:BW294) -> 0 | BX295: =SUM(BX15:BX294) -> 0 | BY295: =SUM(BY15:BY294) -> 0 | BZ295: =SUM(BZ15:BZ294) -> 0 | CA295: =SUM(CA15:CA294) -> 0 | CB295: =SUM(CB15:CB294) -> 0 | CF295: =SUMPRODUCT($CB16:$CB294,CF16:CF294) -> 0 | CG295: =SUMPRODUCT($CB16:$CB294,CG16:CG294) -> 0 | CH295: =SUMPRODUCT($CB16:$CB294,CH16:CH294) -> 0 | CI295: =SUMPRODUCT($CB16:$CB294,CI16:CI294) -> 0 | CJ295: =SUMPRODUCT($CB16:$CB294,CJ16:CJ294) -> 0 | CK295: =SUMPRODUCT($CB16:$CB294,CK16:CK294) -> 0 | CL295: =SUMPRODUCT($CB16:$CB294,CL16:CL294) -> 0 | CM295: =SUMPRODUCT($CB16:$CB294,CM16:CM294) -> 0 | ... FG295: =SUMPRODUCT($CB16:$CB294,FG16:FG294) -> 0
BV297: Gremio / Período | BW297: =+BW$13 -> Remunerativos | BX297: =+BX$13 -> No Remunerativos | BY297: =+BY$13 -> SAC Vacaciones Cargas Sociales | BZ297: =+BZ$13 -> Otros | CA297: =+CA$13 -> Total Mensual | CB297: =+CB$13 -> Total Contrato
BW298: DETERMINACION DE LA VARIACIÓN PORCENTUAL DE LOS AJUSTES
BT299: INDICE
BV300: Totales para este Gremio | BW300: =SUMIF($F$15:$F$294,+$BV299,$BW$15:$BW$294) -> 0 | BX300: =SUMIF($F$15:$F$294,+$BV299,$BX$15:$BX$294) -> 0 | BY300: =SUMIF($F$15:$F$294,+$BV299,$BY$15:$BY$294) -> 0 | BZ300: =SUMIF($F$15:$F$294,+$BV299,$BZ$15:$BZ$294) -> 0 | CA300: =SUM(BW300:BZ300) -> 0 | CB300: =+CA300*$D$9 -> 0
BV307: Totales para este Gremio | BW307: =SUMIF($F$15:$F$294,+$BV306,$BW$15:$BW$294) -> 0 | BX307: =SUMIF($F$15:$F$294,+$BV306,$BX$15:$BX$294) -> 0 | BY307: =SUMIF($F$15:$F$294,+$BV306,$BY$15:$BY$294) -> 0 | BZ307: =SUMIF($F$15:$F$294,+$BV306,$BZ$15:$BZ$294) -> 0 | CA307: =SUM(BW307:BZ307) -> 0 | CB307: =+CA307*$D$9 -> 0
BV314: Totales para este Gremio | BW314: =SUMIF($F$15:$BZ$294,+$BV313,$BW$15:$BW$294) -> 0 | BX314: =SUMIF($F$15:$BZ$294,+$BV313,$BX$15:$BX$294) -> 0 | BY314: =SUMIF($F$15:$BZ$294,+$BV313,$BY$15:$BY$294) -> 0 | BZ314: =SUMIF($F$15:$BZ$294,+$BV313,$BZ$15:$BZ$294) -> 0 | CA314: =SUM(BW314:BZ314) -> 0 | CB314: =+CA314*$D$9 -> 0
CA316: =SUM(BW316:BZ316) -> 0 | CB316: =+CA316*$D$9 -> 0
CA317: =SUM(BW317:BZ317) -> 0 | CB317: =+CA317*$D$9 -> 0
CA318: =SUM(BW318:BZ318) -> 0 | CB318: =+CA318*$D$9 -> 0
BV321: Totales para este Gremio | BW321: =SUMIF($F$15:$F$294,+$BV320,$BW$15:$BW$294) -> 0 | BX321: =SUMIF($F$15:$F$294,+$BV320,$BX$15:$BX$294) -> 0 | BY321: =SUMIF($F$15:$F$294,+$BV320,$BY$15:$BY$294) -> 0 | BZ321: =SUMIF($F$15:$F$294,+$BV320,$BZ$15:$BZ$294) -> 0 | CA321: =SUM(BW321:BZ321) -> 0 | CB321: =+CA321*$D$9 -> 0
CA323: =SUM(BW323:BZ323) -> 0 | CB323: =+CA323*$D$9 -> 0
CA324: =SUM(BW324:BZ324) -> 0 | CB324: =+CA324*$D$9 -> 0
CA325: =SUM(BW325:BZ325) -> 0 | CB325: =+CA325*$D$9 -> 0
BV327: Consolidado
BW328: =+BW300+BW307+BW314+BW321 -> 0 | BX328: =+BX300+BX307+BX314+BX321 -> 0 | BY328: =+BY300+BY307+BY314+BY321 -> 0 | BZ328: =+BZ300+BZ307+BZ314+BZ321 -> 0 | CA328: =+CA300+CA307+CA314+CA321 -> 0 | CB328: =+CB300+CB307+CB314+CB321 -> 0
BW329: =+BW302+BW309+BW316+BW323 -> 0 | BX329: =+BX302+BX309+BX316+BX323 -> 0 | BY329: =+BY302+BY309+BY316+BY323 -> 0 | BZ329: =+BZ302+BZ309+BZ316+BZ323 -> 0 | CA329: =+CA302+CA309+CA316+CA323 -> 0 | CB329: =+CB302+CB309+CB316+CB323 -> 0
BW330: =+BW303+BW310+BW317+BW324 -> 0 | BX330: =+BX303+BX310+BX317+BX324 -> 0 | BY330: =+BY303+BY310+BY317+BY324 -> 0 | BZ330: =+BZ303+BZ310+BZ317+BZ324 -> 0 | CA330: =+CA303+CA310+CA317+CA324 -> 0 | CB330: =+CB303+CB310+CB317+CB324 -> 0
BW331: =+BW304+BW311+BW318+BW325 -> 0 | BX331: =+BX304+BX311+BX318+BX325 -> 0 | BY331: =+BY304+BY311+BY318+BY325 -> 0 | BZ331: =+BZ304+BZ311+BZ318+BZ325 -> 0 | CA331: =+CA304+CA311+CA318+CA325 -> 0 | CB331: =+CB304+CB311+CB318+CB325 -> 0

Sheet MATERIALES-INSUMOS
B2: A N E X O I I I - DISCRIMINACIÓN DE PRECIOS
B4: Apellido y Nombre o Denominación del Contratista: | C4: ='INMUEBLES EQUIPOS Y RODADOS'!C4 -> 0 | L4: CONTRATO DE SERVICIO | N4: FS. 3
B5: CUIT: | C5: ='INMUEBLES EQUIPOS Y RODADOS'!C5 -> 0 | L5: MATERIALES E INSUMOS
B6: Contrato N°: | C6: ='INMUEBLES EQUIPOS Y RODADOS'!C6 -> 0
B7: Fecha inicio: | C7: ='INMUEBLES EQUIPOS Y RODADOS'!C7 -> 0 | E7: Fecha Información: | F7: ='Información de Cabecera'!F9 -> 42036
B8: Zona: | C8: ='INMUEBLES EQUIPOS Y RODADOS'!C8 -> #VALUE!
B9: Duración (en meses): | C9: ='INMUEBLES EQUIPOS Y RODADOS'!C9 -> 36
Y10: APROPIACION DE PRECIOS - PONDERACION PORCENTUAL DEL COSTO IER POR ITEMS
D11: INDICE
Y12: Item | Z12: Item | AA12: Item | AB12: Item | AC12: Item | AD12: Item | AE12: Item | AF12: Item | AG12: Item | AH12: Item | AI12: Item | AJ12: Item | AK12: Item | AL12: Item | AM12: Item | AN12: Item | AO12: Item | AP12: Item | AQ12: Item | AR12: Item | AS12: Item | AT12: Item | AU12: Item | AV12: Item | AW12: Item | AX12: Item | AY12: Item | AZ12: Item | BA12: Item | BB12: Item | BC12: Item | BD12: Item | BE12: Item | BF12: Item | BG12: Item | BH12: Item | BI12: Item | BJ12: Item | BK12: Item | BL12: Item | BM12: Item | BN12: Item | BO12: Item | BP12: Item | BQ12: Item | BR12: Item | BS12: Item | BT12: Item | BU12: Item | BV12: Item | BW12: Item | BX12: Item | BY12: Item | BZ12: Item | CA12: Item | CB12: Item | CC12: Item | CD12: Item | CE12: Item | CF12: Item | CG12: Item | CH12: Item | CI12: Item | CJ12: Item | CK12: Item | CL12: Item | CM12: Item | CN12: Item | CO12: Item | CP12: Item | CQ12: Item | CR12: Item | CS12: Item | CT12: Item | CU12: Item | CV12: Item | CW12: Item | CX12: Item | CY12: Item | CZ12: Item
F13: CÓMPUTO DE MATERIALES - INSUMOS (TOTALES) | Q13: Mes Ajuste | R13: TOTAL IMPUTADO AL CONTRATO | T13: Indice aplicable | U13: Mes Ajuste | V13: TOTAL IMPUTADO AL CONTRATO | Y13: 1 | Z13: 2 | AA13: 3 | AB13: 4 | AC13: 5 | AD13: 6 | AE13: 7 | AF13: 8 | AG13: 9 | AH13: 10 | AI13: 11 | AJ13: 12 | AK13: 13 | AL13: 14 | AM13: 15 | AN13: 16 | AO13: 17 | AP13: 18 | AQ13: 19 | AR13: 20 | AS13: 21 | AT13: 22 | AU13: 23 | AV13: 24 | AW13: 25 | AX13: 26 | AY13: 27 | AZ13: 28 | BA13: 29 | BB13: 30 | BC13: 31 | BD13: 32 | BE13: 33 | BF13: 34 | BG13: 35 | BH13: 36 | BI13: 37 | BJ13: 38 | BK13: 39 | BL13: 40 | BM13: 41 | BN13: 42 | BO13: 43 | BP13: 44 | BQ13: 45 | BR13: 46 | BS13: 47 | BT13: 48 | BU13: 49 | BV13: 50 | BW13: 51 | BX13: 52 | BY13: 53 | BZ13: 54 | CA13: 55 | CB13: 56 | CC13: 57 | CD13: 58 | CE13: 59 | CF13: 60 | CG13: 61 | CH13: 62 | CI13: 63 | CJ13: 64 | CK13: 65 | CL13: 66 | CM13: 67 | CN13: 68 | CO13: 69 | CP13: 70 | CQ13: 71 | CR13: 72 | CS13: 73 | CT13: 74 | CU13: 75 | CV13: 76 | CW13: 77 | CX13: 78 | CY13: 79 | CZ13: 80
A14: ORDEN | B14: DESCRIPCIÓN | C14: AFECTACIÓN AL CONTRATO | D14: TIPO | E14: Directo / Indirecto | F14: UNIDAD DE MEDIDA | G14: CANTIDAD | H14: PRECIO UNITARIO $ | I14: IMPUTADO AL CONTRATO $ Total | J14: IMPUTADO MENSUAL | K14: TPTE. de MATERIAL | L14: TOTAL MENSUAL | M14: TOTAL IMPUTADO AL CONTRATO | N14: MARCA DEL MATERIAL | P14: INDICES APLICABLES | Q14: 40703 | T14: F. calculo | U14: 40703 | Y14: =VLOOKUP(Y13,'APROPIACION A PRECIOS'!$B$14:$C$93,2,0) -> Precio por el “Servicio de PH en ChSN día hábil operativo”, en un todo de acuerdo con las Bases del presente Pedido de Precios.- | Z14: =VLOOKUP(Z13,'APROPIACION A PRECIOS'!$B$14:$C$93,2,0) -> Precio por el “Servicio de PH en ChSN día stand by”, en un todo de acuerdo con las Bases del presente Pedido de Precios.- | AA14: =VLOOKUP(AA13,'APROPIACION A PRECIOS'!$B$14:$C$93,2,0) -> Precio por el “Servicio de PH en PH día hábil operativo”, en un todo de acuerdo con las Bases del presente Pedido de Precios.- | AB14: =VLOOKUP(AB13,'APROPIACION A PRECIOS'!$B$14:$C$93,2,0) -> Precio por el “Servicio de PH en PH día stand by”, en un todo de acuerdo con las Bases del presente Pedido de Precios.- | AC14: =VLOOKUP(AC13,'APROPIACION A PRECIOS'!$B$14:$C$93,2,0) -> Precio por el “Servicio de PH en VAM día hábil operativo”, en un todo de acuerdo con las Bases del presente Pedido de Precios.- | AD14: =VLOOKUP(AD13,'APROPIACION A PRECIOS'!$B$14:$C$93,2,0) -> Precio por el “Servicio de PH en VAM día stand by”, en un todo de acuerdo con las Bases del presente Pedido de Precios.- | AE14: =VLOOKUP(AE13,'APROPIACION A PRECIOS'!$B$14:$C$93,2,0) -> 0 | AF14: =VLOOKUP(AF13,'APROPIACION A PRECIOS'!$B$14:$C$93,2,0) -> 0 | ... CZ14: =VLOOKUP(CZ13,'APROPIACION A PRECIOS'!$B$14:$C$93,2,0) -> 0
C15: (en %) | H15: Neto de IVA | I15: (B x E x F) | J15: (G / duracion del contrato) | K15: (Importe Mensual) | L15: (H + I) | M15: (J x duración del contrato) | Q15: =+'INMUEBLES EQUIPOS Y RODADOS'!X15 -> 40603 | T15: F. de ajuste | U15: =+'INMUEBLES EQUIPOS Y RODADOS'!AB15 -> 40603
B16: A | C16: B | E16: C | F16: D | G16: E | H16: F | I16: G | J16: H | K16: I | L16: J | M16: K | N16: L | P16: M | Q16: =+'INMUEBLES EQUIPOS Y RODADOS'!X16 -> 40603 | R16: Ajustado | T16: F. indices | U16: =+'INMUEBLES EQUIPOS Y RODADOS'!AB16 -> 40603 | V16: Ajustado | W16: CONTROL
I17: =C17*G17*H17 -> 0 | J17: =IF($C$9=0,0,I17/$C$9) -> 0 | L17: =J17+(K17*C17) -> 0 | M17: =+L17*$C$9 -> 0 | Q17: =IF(P17=" "," ",IF(P17="Vehículos",VLOOKUP($Q$16,'Datos Indices'!$A$38:$Z$50,22,FALSE),IF(P17="Ipim",VLOOKUP($Q$16,'Datos Indices'!$A$38:$Z$50,7,FALSE),IF(P17="Dólar",VLOOKUP($Q$16,'Datos Indices'!$A$38:$Z$50,4,FALSE),IF(P17="Gasoil",VLOOKUP($Q$16,'Datos Indices'!$A$38:$Z$50,10,FALSE),IF(P17="WPU06 Pesificado",VLOOKUP($Q$16,'Datos Indices'!$A$38:$Z$50,26,FALSE),0)))))) | R17: =M17*Q17/100 -> 0 | U17: =IF(T17=" "," ",IF(T17="Vehículos",VLOOKUP($U$16,'Datos Indices'!$A$38:$Z$50,22,FALSE),IF(T17="Ipim",VLOOKUP($U$16,'Datos Indices'!$A$38:$Z$50,7,FALSE),IF(T17="Dólar",VLOOKUP($U$16,'Datos Indices'!$A$38:$Z$50,4,FALSE),IF(T17="Gasoil",VLOOKUP($U$16,'Datos Indices'!$A$38:$Z$50,10,FALSE),IF(T17="WPU06 Pesificado",VLOOKUP($U$16,'Datos Indices'!$A$38:$Z$50,26,FALSE),0)))))) | V17: =M17*U17/100 -> 0
I18: =C18*G18*H18 -> 0 | J18: =IF($C$9=0,0,I18/$C$9) -> 0 | L18: =J18+(K18*C18) -> 0 | M18: =+L18*$C$9 -> 0 | Q18: =IF(P18=" "," ",IF(P18="Vehículos",VLOOKUP($Q$16,'Datos Indices'!$A$38:$Z$50,22,FALSE),IF(P18="Ipim",VLOOKUP($Q$16,'Datos Indices'!$A$38:$Z$50,7,FALSE),IF(P18="Dólar",VLOOKUP($Q$16,'Datos Indices'!$A$38:$Z$50,4,FALSE),IF(P18="Gasoil",VLOOKUP($Q$16,'Datos Indices'!$A$38:$Z$50,10,FALSE),IF(P18="WPU06 Pesificado",VLOOKUP($Q$16,'Datos Indices'!$A$38:$Z$50,26,FALSE),0)))))) | R18: =M18*Q18/100 -> 0 | U18: =IF(T18=" "," ",IF(T18="Vehículos",VLOOKUP($U$16,'Datos Indices'!$A$38:$Z$50,22,FALSE),IF(T18="Ipim",VLOOKUP($U$16,'Datos Indices'!$A$38:$Z$50,7,FALSE),IF(T18="Dólar",VLOOKUP($U$16,'Datos Indices'!$A$38:$Z$50,4,FALSE),IF(T18="Gasoil",VLOOKUP($U$16,'Datos Indices'!$A$38:$Z$50,10,FALSE),IF(T18="WPU06 Pesificado",VLOOKUP($U$16,'Datos Indices'!$A$38:$Z$50,26,FALSE),0)))))) | V18: =M18*U18/100 -> 0 | W18: =IF(DC18=0,"","Controlar Aprop.") | DB18: =SUM(Y18:CZ18)*M18 -> 0 | DC18: =M18-DB18 -> 0
I19: =C19*G19*H19 -> 0 | J19: =IF($C$9=0,0,I19/$C$9) -> 0 | L19: =J19+(K19*C19) -> 0 | M19: =+L19*$C$9 -> 0 | Q19: =IF(P19=" "," ",IF(P19="Vehículos",VLOOKUP($Q$16,'Datos Indices'!$A$38:$Z$50,22,FALSE),IF(P19="Ipim",VLOOKUP($Q$16,'Datos Indices'!$A$38:$Z$50,7,FALSE),IF(P19="Dólar",VLOOKUP($Q$16,'Datos Indices'!$A$38:$Z$50,4,FALSE),IF(P19="Gasoil",VLOOKUP($Q$16,'Datos Indices'!$A$38:$Z$50,10,FALSE),IF(P19="WPU06 Pesificado",VLOOKUP($Q$16,'Datos Indices'!$A$38:$Z$50,26,FALSE),0)))))) | R19: =M19*Q19/100 -> 0 | U19: =IF(T19=" "," ",IF(T19="Vehículos",VLOOKUP($U$16,'Datos Indices'!$A$38:$Z$50,22,FALSE),IF(T19="Ipim",VLOOKUP($U$16,'Datos Indices'!$A$38:$Z$50,7,FALSE),IF(T19="Dólar",VLOOKUP($U$16,'Datos Indices'!$A$38:$Z$50,4,FALSE),IF(T19="Gasoil",VLOOKUP($U$16,'Datos Indices'!$A$38:$Z$50,10,FALSE),IF(T19="WPU06 Pesificado",VLOOKUP($U$16,'Datos Indices'!$A$38:$Z$50,26,FALSE),0)))))) | V19: =M19*U19/100 -> 0 | W19: =IF(DC19=0,"","Controlar Aprop.") | DB19: =SUM(Y19:CZ19)*M19 -> 0 | DC19: =M19-DB19 -> 0
I20: =C20*G20*H20 -> 0 | J20: =IF($C$9=0,0,I20/$C$9) -> 0 | L20: =J20+(K20*C20) -> 0 | M20: =+L20*$C$9 -> 0 | Q20: =IF(P20=" "," ",IF(P20="Vehículos",VLOOKUP($Q$16,'Datos Indices'!$A$38:$Z$50,22,FALSE),IF(P20="Ipim",VLOOKUP($Q$16,'Datos Indices'!$A$38:$Z$50,7,FALSE),IF(P20="Dólar",VLOOKUP($Q$16,'Datos Indices'!$A$38:$Z$50,4,FALSE),IF(P20="Gasoil",VLOOKUP($Q$16,'Datos Indices'!$A$38:$Z$50,10,FALSE),IF(P20="WPU06 Pesificado",VLOOKUP($Q$16,'Datos Indices'!$A$38:$Z$50,26,FALSE),0)))))) | R20: =M20*Q20/100 -> 0 | U20: =IF(T20=" "," ",IF(T20="Vehículos",VLOOKUP($U$16,'Datos Indices'!$A$38:$Z$50,22,FALSE),IF(T20="Ipim",VLOOKUP($U$16,'Datos Indices'!$A$38:$Z$50,7,FALSE),IF(T20="Dólar",VLOOKUP($U$16,'Datos Indices'!$A$38:$Z$50,4,FALSE),IF(T20="Gasoil",VLOOKUP($U$16,'Datos Indices'!$A$38:$Z$50,10,FALSE),IF(T20="WPU06 Pesificado",VLOOKUP($U$16,'Datos Indices'!$A$38:$Z$50,26,FALSE),0)))))) | V20: =M20*U20/100 -> 0 | W20: =IF(DC20=0,"","Controlar Aprop.") | DB20: =SUM(Y20:CZ20)*M20 -> 0 | DC20: =M20-DB20 -> 0
I21: =C21*G21*H21 -> 0 | J21: =IF($C$9=0,0,I21/$C$9) -> 0 | L21: =J21+(K21*C21) -> 0 | M21: =+L21*$C$9 -> 0 | Q21: =IF(P21=" "," ",IF(P21="Vehículos",VLOOKUP($Q$16,'Datos Indices'!$A$38:$Z$50,22,FALSE),IF(P21="Ipim",VLOOKUP($Q$16,'Datos Indices'!$A$38:$Z$50,7,FALSE),IF(P21="Dólar",VLOOKUP($Q$16,'Datos Indices'!$A$38:$Z$50,4,FALSE),IF(P21="Gasoil",VLOOKUP($Q$16,'Datos Indices'!$A$38:$Z$50,10,FALSE),IF(P21="WPU06 Pesificado",VLOOKUP($Q$16,'Datos Indices'!$A$38:$Z$50,26,FALSE),0)))))) | R21: =M21*Q21/100 -> 0 | U21: =IF(T21=" "," ",IF(T21="Vehículos",VLOOKUP($U$16,'Datos Indices'!$A$38:$Z$50,22,FALSE),IF(T21="Ipim",VLOOKUP($U$16,'Datos Indices'!$A$38:$Z$50,7,FALSE),IF(T21="Dólar",VLOOKUP($U$16,'Datos Indices'!$A$38:$Z$50,4,FALSE),IF(T21="Gasoil",VLOOKUP($U$16,'Datos Indices'!$A$38:$Z$50,10,FALSE),IF(T21="WPU06 Pesificado",VLOOKUP($U$16,'Datos Indices'!$A$38:$Z$50,26,FALSE),0)))))) | V21: =M21*U21/100 -> 0 | W21: =IF(DC21=0,"","Controlar Aprop.") | DB21: =SUM(Y21:CZ21)*M21 -> 0 | DC21: =M21-DB21 -> 0
I22: =C22*G22*H22 -> 0 | J22: =IF($C$9=0,0,I22/$C$9) -> 0 | L22: =J22+(K22*C22) -> 0 | M22: =+L22*$C$9 -> 0 | Q22: =IF(P22=" "," ",IF(P22="Vehículos",VLOOKUP($Q$16,'Datos Indices'!$A$38:$Z$50,22,FALSE),IF(P22="Ipim",VLOOKUP($Q$16,'Datos Indices'!$A$38:$Z$50,7,FALSE),IF(P22="Dólar",VLOOKUP($Q$16,'Datos Indices'!$A$38:$Z$50,4,FALSE),IF(P22="Gasoil",VLOOKUP($Q$16,'Datos Indices'!$A$38:$Z$50,10,FALSE),IF(P22="WPU06 Pesificado",VLOOKUP($Q$16,'Datos Indices'!$A$38:$Z$50,26,FALSE),0)))))) | R22: =M22*Q22/100 -> 0 | U22: =IF(T22=" "," ",IF(T22="Vehículos",VLOOKUP($U$16,'Datos Indices'!$A$38:$Z$50,22,FALSE),IF(T22="Ipim",VLOOKUP($U$16,'Datos Indices'!$A$38:$Z$50,7,FALSE),IF(T22="Dólar",VLOOKUP($U$16,'Datos Indices'!$A$38:$Z$50,4,FALSE),IF(T22="Gasoil",VLOOKUP($U$16,'Datos Indices'!$A$38:$Z$50,10,FALSE),IF(T22="WPU06 Pesificado",VLOOKUP($U$16,'Datos Indices'!$A$38:$Z$50,26,FALSE),0)))))) | V22: =M22*U22/100 -> 0 | W22: =IF(DC22=0,"","Controlar Aprop.") | DB22: =SUM(Y22:CZ22)*M22 -> 0 | DC22: =M22-DB22 -> 0
I23: =C23*G23*H23 -> 0 | J23: =IF($C$9=0,0,I23/$C$9) -> 0 | L23: =J23+(K23*C23) -> 0 | M23: =+L23*$C$9 -> 0 | Q23: =IF(P23=" "," ",IF(P23="Vehículos",VLOOKUP($Q$16,'Datos Indices'!$A$38:$Z$50,22,FALSE),IF(P23="Ipim",VLOOKUP($Q$16,'Datos Indices'!$A$38:$Z$50,7,FALSE),IF(P23="Dólar",VLOOKUP($Q$16,'Datos Indices'!$A$38:$Z$50,4,FALSE),IF(P23="Gasoil",VLOOKUP($Q$16,'Datos Indices'!$A$38:$Z$50,10,FALSE),IF(P23="WPU06 Pesificado",VLOOKUP($Q$16,'Datos Indices'!$A$38:$Z$50,26,FALSE),0)))))) | R23: =M23*Q23/100 -> 0 | U23: =IF(T23=" "," ",IF(T23="Vehículos",VLOOKUP($U$16,'Datos Indices'!$A$38:$Z$50,22,FALSE),IF(T23="Ipim",VLOOKUP($U$16,'Datos Indices'!$A$38:$Z$50,7,FALSE),IF(T23="Dólar",VLOOKUP($U$16,'Datos Indices'!$A$38:$Z$50,4,FALSE),IF(T23="Gasoil",VLOOKUP($U$16,'Datos Indices'!$A$38:$Z$50,10,FALSE),IF(T23="WPU06 Pesificado",VLOOKUP($U$16,'Datos Indices'!$A$38:$Z$50,26,FALSE),0)))))) | V23: =M23*U23/100 -> 0 | W23: =IF(DC23=0,"","Controlar Aprop.") | DB23: =SUM(Y23:CZ23)*M23 -> 0 | DC23: =M23-DB23 -> 0
I24: =C24*G24*H24 -> 0 | J24: =IF($C$9=0,0,I24/$C$9) -> 0 | L24: =J24+(K24*C24) -> 0 | M24: =+L24*$C$9 -> 0 | Q24: =IF(P24=" "," ",IF(P24="Vehículos",VLOOKUP($Q$16,'Datos Indices'!$A$38:$Z$50,22,FALSE),IF(P24="Ipim",VLOOKUP($Q$16,'Datos Indices'!$A$38:$Z$50,7,FALSE),IF(P24="Dólar",VLOOKUP($Q$16,'Datos Indices'!$A$38:$Z$50,4,FALSE),IF(P24="Gasoil",VLOOKUP($Q$16,'Datos Indices'!$A$38:$Z$50,10,FALSE),IF(P24="WPU06 Pesificado",VLOOKUP($Q$16,'Datos Indices'!$A$38:$Z$50,26,FALSE),0)))))) | R24: =M24*Q24/100 -> 0 | U24: =IF(T24=" "," ",IF(T24="Vehículos",VLOOKUP($U$16,'Datos Indices'!$A$38:$Z$50,22,FALSE),IF(T24="Ipim",VLOOKUP($U$16,'Datos Indices'!$A$38:$Z$50,7,FALSE),IF(T24="Dólar",VLOOKUP($U$16,'Datos Indices'!$A$38:$Z$50,4,FALSE),IF(T24="Gasoil",VLOOKUP($U$16,'Datos Indices'!$A$38:$Z$50,10,FALSE),IF(T24="WPU06 Pesificado",VLOOKUP($U$16,'Datos Indices'!$A$38:$Z$50,26,FALSE),0)))))) | V24: =M24*U24/100 -> 0 | W24: =IF(DC24=0,"","Controlar Aprop.") | DB24: =SUM(Y24:CZ24)*M24 -> 0 | DC24: =M24-DB24 -> 0
I25: =C25*G25*H25 -> 0 | J25: =IF($C$9=0,0,I25/$C$9) -> 0 | L25: =J25+(K25*C25) -> 0 | M25: =+L25*$C$9 -> 0 | Q25: =IF(P25=" "," ",IF(P25="Vehículos",VLOOKUP($Q$16,'Datos Indices'!$A$38:$Z$50,22,FALSE),IF(P25="Ipim",VLOOKUP($Q$16,'Datos Indices'!$A$38:$Z$50,7,FALSE),IF(P25="Dólar",VLOOKUP($Q$16,'Datos Indices'!$A$38:$Z$50,4,FALSE),IF(P25="Gasoil",VLOOKUP($Q$16,'Datos Indices'!$A$38:$Z$50,10,FALSE),IF(P25="WPU06 Pesificado",VLOOKUP($Q$16,'Datos Indices'!$A$38:$Z$50,26,FALSE),0)))))) | R25: =M25*Q25/100 -> 0 | U25: =IF(T25=" "," ",IF(T25="Vehículos",VLOOKUP($U$16,'Datos Indices'!$A$38:$Z$50,22,FALSE),IF(T25="Ipim",VLOOKUP($U$16,'Datos Indices'!$A$38:$Z$50,7,FALSE),IF(T25="Dólar",VLOOKUP($U$16,'Datos Indices'!$A$38:$Z$50,4,FALSE),IF(T25="Gasoil",VLOOKUP($U$16,'Datos Indices'!$A$38:$Z$50,10,FALSE),IF(T25="WPU06 Pesificado",VLOOKUP($U$16,'Datos Indices'!$A$38:$Z$50,26,FALSE),0)))))) | V25: =M25*U25/100 -> 0 | W25: =IF(DC25=0,"","Controlar Aprop.") | DB25: =SUM(Y25:CZ25)*M25 -> 0 | DC25: =M25-DB25 -> 0
I26: =C26*G26*H26 -> 0 | J26: =IF($C$9=0,0,I26/$C$9) -> 0 | L26: =J26+(K26*C26) -> 0 | M26: =+L26*$C$9 -> 0 | Q26: =IF(P26=" "," ",IF(P26="Vehículos",VLOOKUP($Q$16,'Datos Indices'!$A$38:$Z$50,22,FALSE),IF(P26="Ipim",VLOOKUP($Q$16,'Datos Indices'!$A$38:$Z$50,7,FALSE),IF(P26="Dólar",VLOOKUP($Q$16,'Datos Indices'!$A$38:$Z$50,4,FALSE),IF(P26="Gasoil",VLOOKUP($Q$16,'Datos Indices'!$A$38:$Z$50,10,FALSE),IF(P26="WPU06 Pesificado",VLOOKUP($Q$16,'Datos Indices'!$A$38:$Z$50,26,FALSE),0)))))) | R26: =M26*Q26/100 -> 0 | U26: =IF(T26=" "," ",IF(T26="Vehículos",VLOOKUP($U$16,'Datos Indices'!$A$38:$Z$50,22,FALSE),IF(T26="Ipim",VLOOKUP($U$16,'Datos Indices'!$A$38:$Z$50,7,FALSE),IF(T26="Dólar",VLOOKUP($U$16,'Datos Indices'!$A$38:$Z$50,4,FALSE),IF(T26="Gasoil",VLOOKUP($U$16,'Datos Indices'!$A$38:$Z$50,10,FALSE),IF(T26="WPU06 Pesificado",VLOOKUP($U$16,'Datos Indices'!$A$38:$Z$50,26,FALSE),0)))))) | V26: =M26*U26/100 -> 0 | W26: =IF(DC26=0,"","Controlar Aprop.") | DB26: =SUM(Y26:CZ26)*M26 -> 0 | DC26: =M26-DB26 -> 0
I27: =C27*G27*H27 -> 0 | J27: =IF($C$9=0,0,I27/$C$9) -> 0 | L27: =J27+(K27*C27) -> 0 | M27: =+L27*$C$9 -> 0 | Q27: =IF(P27=" "," ",IF(P27="Vehículos",VLOOKUP($Q$16,'Datos Indices'!$A$38:$Z$50,22,FALSE),IF(P27="Ipim",VLOOKUP($Q$16,'Datos Indices'!$A$38:$Z$50,7,FALSE),IF(P27="Dólar",VLOOKUP($Q$16,'Datos Indices'!$A$38:$Z$50,4,FALSE),IF(P27="Gasoil",VLOOKUP($Q$16,'Datos Indices'!$A$38:$Z$50,10,FALSE),IF(P27="WPU06 Pesificado",VLOOKUP($Q$16,'Datos Indices'!$A$38:$Z$50,26,FALSE),0)))))) | R27: =M27*Q27/100 -> 0 | U27: =IF(T27=" "," ",IF(T27="Vehículos",VLOOKUP($U$16,'Datos Indices'!$A$38:$Z$50,22,FALSE),IF(T27="Ipim",VLOOKUP($U$16,'Datos Indices'!$A$38:$Z$50,7,FALSE),IF(T27="Dólar",VLOOKUP($U$16,'Datos Indices'!$A$38:$Z$50,4,FALSE),IF(T27="Gasoil",VLOOKUP($U$16,'Datos Indices'!$A$38:$Z$50,10,FALSE),IF(T27="WPU06 Pesificado",VLOOKUP($U$16,'Datos Indices'!$A$38:$Z$50,26,FALSE),0)))))) | V27: =M27*U27/100 -> 0 | W27: =IF(DC27=0,"","Controlar Aprop.") | DB27: =SUM(Y27:CZ27)*M27 -> 0 | DC27: =M27-DB27 -> 0
I28: =C28*G28*H28 -> 0 | J28: =IF($C$9=0,0,I28/$C$9) -> 0 | L28: =J28+(K28*C28) -> 0 | M28: =+L28*$C$9 -> 0 | Q28: =IF(P28=" "," ",IF(P28="Vehículos",VLOOKUP($Q$16,'Datos Indices'!$A$38:$Z$50,22,FALSE),IF(P28="Ipim",VLOOKUP($Q$16,'Datos Indices'!$A$38:$Z$50,7,FALSE),IF(P28="Dólar",VLOOKUP($Q$16,'Datos Indices'!$A$38:$Z$50,4,FALSE),IF(P28="Gasoil",VLOOKUP($Q$16,'Datos Indices'!$A$38:$Z$50,10,FALSE),IF(P28="WPU06 Pesificado",VLOOKUP($Q$16,'Datos Indices'!$A$38:$Z$50,26,FALSE),0)))))) | R28: =M28*Q28/100 -> 0 | U28: =IF(T28=" "," ",IF(T28="Vehículos",VLOOKUP($U$16,'Datos Indices'!$A$38:$Z$50,22,FALSE),IF(T28="Ipim",VLOOKUP($U$16,'Datos Indices'!$A$38:$Z$50,7,FALSE),IF(T28="Dólar",VLOOKUP($U$16,'Datos Indices'!$A$38:$Z$50,4,FALSE),IF(T28="Gasoil",VLOOKUP($U$16,'Datos Indices'!$A$38:$Z$50,10,FALSE),IF(T28="WPU06 Pesificado",VLOOKUP($U$16,'Datos Indices'!$A$38:$Z$50,26,FALSE),0)))))) | V28: =M28*U28/100 -> 0 | W28: =IF(DC28=0,"","Controlar Aprop.") | DB28: =SUM(Y28:CZ28)*M28 -> 0 | DC28: =M28-DB28 -> 0
I29: =C29*G29*H29 -> 0 | J29: =IF($C$9=0,0,I29/$C$9) -> 0 | L29: =J29+(K29*C29) -> 0 | M29: =+L29*$C$9 -> 0 | Q29: =IF(P29=" "," ",IF(P29="Vehículos",VLOOKUP($Q$16,'Datos Indices'!$A$38:$Z$50,22,FALSE),IF(P29="Ipim",VLOOKUP($Q$16,'Datos Indices'!$A$38:$Z$50,7,FALSE),IF(P29="Dólar",VLOOKUP($Q$16,'Datos Indices'!$A$38:$Z$50,4,FALSE),IF(P29="Gasoil",VLOOKUP($Q$16,'Datos Indices'!$A$38:$Z$50,10,FALSE),IF(P29="WPU06 Pesificado",VLOOKUP($Q$16,'Datos Indices'!$A$38:$Z$50,26,FALSE),0)))))) | R29: =M29*Q29/100 -> 0 | U29: =IF(T29=" "," ",IF(T29="Vehículos",VLOOKUP($U$16,'Datos Indices'!$A$38:$Z$50,22,FALSE),IF(T29="Ipim",VLOOKUP($U$16,'Datos Indices'!$A$38:$Z$50,7,FALSE),IF(T29="Dólar",VLOOKUP($U$16,'Datos Indices'!$A$38:$Z$50,4,FALSE),IF(T29="Gasoil",VLOOKUP($U$16,'Datos Indices'!$A$38:$Z$50,10,FALSE),IF(T29="WPU06 Pesificado",VLOOKUP($U$16,'Datos Indices'!$A$38:$Z$50,26,FALSE),0)))))) | V29: =M29*U29/100 -> 0 | W29: =IF(DC29=0,"","Controlar Aprop.") | DB29: =SUM(Y29:CZ29)*M29 -> 0 | DC29: =M29-DB29 -> 0
... I466: =C466*G466*H466 -> 0 | J466: =IF($C$9=0,0,I466/$C$9) -> 0 | L466: =J466+(K466*C466) -> 0 | M466: =+L466*$C$9 -> 0 | Q466: =IF(P466=" "," ",IF(P466="Vehículos",VLOOKUP($Q$16,'Datos Indices'!$A$38:$Z$50,22,FALSE),IF(P466="Ipim",VLOOKUP($Q$16,'Datos Indices'!$A$38:$Z$50,7,FALSE),IF(P466="Dólar",VLOOKUP($Q$16,'Datos Indices'!$A$38:$Z$50,4,FALSE),IF(P466="Gasoil",VLOOKUP($Q$16,'Datos Indices'!$A$38:$Z$50,10,FALSE),IF(P466="WPU06 Pesificado",VLOOKUP($Q$16,'Datos Indices'!$A$38:$Z$50,26,FALSE),0)))))) | R466: =M466*Q466/100 -> 0 | U466: =IF(T466=" "," ",IF(T466="Vehículos",VLOOKUP($U$16,'Datos Indices'!$A$38:$Z$50,22,FALSE),IF(T466="Ipim",VLOOKUP($U$16,'Datos Indices'!$A$38:$Z$50,7,FALSE),IF(T466="Dólar",VLOOKUP($U$16,'Datos Indices'!$A$38:$Z$50,4,FALSE),IF(T466="Gasoil",VLOOKUP($U$16,'Datos Indices'!$A$38:$Z$50,10,FALSE),IF(T466="WPU06 Pesificado",VLOOKUP($U$16,'Datos Indices'!$A$38:$Z$50,26,FALSE),0)))))) | V466: =M466*U466/100 -> 0 | W466: =IF(DC466=0,"","Controlar Aprop.") | DB466: =SUM(Y466:CZ466)*M466 -> 0 | DC466: =M466-DB466 -> 0
L467: =SUM(L17:L466) -> 0 | M467: =SUM(M17:M466) -> 0 | R467: =SUM(R17:R466) -> 0 | V467: =SUM(V17:V466) -> 0 | Y467: =SUMPRODUCT($M18:$M466,Y18:Y466) -> 0 | Z467: =SUMPRODUCT($M18:$M466,Z18:Z466) -> 0 | AA467: =SUMPRODUCT($M18:$M466,AA18:AA466) -> 0 | AB467: =SUMPRODUCT($M18:$M466,AB18:AB466) -> 0 | AC467: =SUMPRODUCT($M18:$M466,AC18:AC466) -> 0 | AD467: =SUMPRODUCT($M18:$M466,AD18:AD466) -> 0 | AE467: =SUMPRODUCT($M18:$M466,AE18:AE466) -> 0 | AF467: =SUMPRODUCT($M18:$M466,AF18:AF466) -> 0 | ... CZ467: =SUMPRODUCT($M18:$M466,CZ18:CZ466) -> 0
B469: TODOS LOS VALORES ESTAN EXPRESADOS EN PESOS SIN I.V.A.
B479: FIRMA RESPONSABLE | F479: ACLARACIÓN FIRMA

Sheet COMB-LUB-NEUM-MANT
B2: A N E X O I I I - DISCRIMINACIÓN DE PRECIOS
B4: Apellido y Nombre o Denominación del Contratista: | C4: ='INMUEBLES EQUIPOS Y RODADOS'!C4 -> 0 | M4: CONTRATO DE SERVICIO | P4: FS. 4
B5: CUIT: | C5: ='INMUEBLES EQUIPOS Y RODADOS'!C5 -> 0 | M5: GASTOS OPERATIVOS
B6: Contrato N°: | C6: ='INMUEBLES EQUIPOS Y RODADOS'!C6 -> 0 | M6: COMBUSTIBLES Y LUBRICANTES
B7: Fecha inicio: | C7: ='INMUEBLES EQUIPOS Y RODADOS'!C7 -> 0 | F7: Fecha Información: | G7: ='Información de Cabecera'!F9 -> 42036
B8: Zona: | C8: ='INMUEBLES EQUIPOS Y RODADOS'!C8 -> #VALUE!
B9: Duración (en meses): | C9: ='INMUEBLES EQUIPOS Y RODADOS'!C9 -> 36
F12: INDICE | BF12: APROPIACION DE PRECIOS - PONDERACION PORCENTUAL DEL COSTO COMBUSTIBLE Y LUBIRCANTE POR ITEMS | EN12: APROPIACION DE PRECIOS - PONDERACION PORCENTUAL DEL COSTO NEUMATICO Y MANTENIMIENTO POR ITEMS
A14: Orden | B14: EQUIPOS Y RODADOS | C14: AFECTACION AL CONTRATO | D14: CANTIDAD | E14: Directo / Indirecto | F14: POTENCIA (HP) | I14: COMBUSTIBLES | N14: LUBRICANTES | T14: NEUMATICOS | Z14: MANTENIMIENTO Y REPARACIÓN | AC14: TOTAL MENSUAL | AD14: TOTAL GENERAL IMPUTADO AL CONTRATO | AF14: COMBUSTIBLES | AL14: LUBRICANTES | AM14: NEUMATICOS | AN14: MANTENIMIENTO | AP14: COMBUSTIBLES | AV14: LUBRICANTES | AW14: NEUMATICOS | AX14: MANTENIMIENTO | AY14: TOTAL GENERAL IMPUTADO AL CONTRATO COMBUSTIBLE + LUBRICANTE | AZ14: TOTAL GENERAL IMPUTADO AL CONTRATO NEUMQTICO + MANTENIMIENTO | BB14: INDICES APLICABLES PARA MANTENIMIENTO Y REPARACION | BF14: Item | BG14: Item | BH14: Item | BI14: Item | BJ14: Item | BK14: Item | BL14: Item | BM14: Item | BN14: Item | BO14: Item | BP14: Item | BQ14: Item | BR14: Item | BS14: Item | BT14: Item | BU14: Item | BV14: Item | BW14: Item | BX14: Item | BY14: Item | BZ14: Item | CA14: Item | CB14: Item | CC14: Item | CD14: Item | CE14: Item | CF14: Item | CG14: Item | CH14: Item | CI14: Item | CJ14: Item | CK14: Item | CL14: Item | CM14: Item | CN14: Item | CO14: Item | CP14: Item | CQ14: Item | CR14: Item | CS14: Item | CT14: Item | CU14: Item | CV14: Item | CW14: Item | CX14: Item | CY14: Item | CZ14: Item | DA14: Item | DB14: Item | DC14: Item | DD14: Item | DE14: Item | DF14: Item | DG14: Item | DH14: Item | DI14: Item | DJ14: Item | DK14: Item | DL14: Item | DM14: Item | DN14: Item | DO14: Item | DP14: Item | DQ14: Item | DR14: Item | DS14: Item | DT14: Item | DU14: Item | DV14: Item | DW14: Item | DX14: Item | DY14: Item | DZ14: Item | EA14: Item | EB14: Item | EC14: Item | ED14: Item | EE14: Item | EF14: Item | EG14: Item | EN14: Item | EO14: Item | EP14: Item | EQ14: Item | ER14: Item | ES14: Item | ET14: Item | EU14: Item | EV14: Item | EW14: Item | EX14: Item | EY14: Item | EZ14: Item | FA14: Item | FB14: Item | FC14: Item | FD14: Item | FE14: Item | FF14: Item | FG14: Item | FH14: Item | FI14: Item | FJ14: Item | FK14: Item | FL14: Item | FM14: Item | FN14: Item | FO14: Item | FP14: Item | FQ14: Item | FR14: Item | FS14: Item | FT14: Item | FU14: Item | FV14: Item | FW14: Item | FX14: Item | FY14: Item | FZ14: Item | GA14: Item | GB14: Item | GC14: Item | GD14: Item | GE14: Item | GF14: Item | GG14: Item | GH14: Item | GI14: Item | GJ14: Item | GK14: Item | GL14: Item | GM14: Item | GN14: Item | GO14: Item | GP14: Item | GQ14: Item | GR14: Item | GS14: Item | GT14: Item | GU14: Item | GV14: Item | GW14: Item | GX14: Item | GY14: Item | GZ14: Item | HA14: Item | HB14: Item | HC14: Item | HD14: Item | HE14: Item | HF14: Item | HG14: Item | HH14: Item | HI14: Item | HJ14: Item | HK14: Item | HL14: Item | HM14: Item | HN14: Item | HO14: Item
G15: TIPO DE INSUMO | H15: PRECIO | I15: CONSUMO | J15: MAGNITUD | K15: TOTAL IMPUTADO AL CONTRATO | L15: TIPO DE INSUMO | M15: PRECIO | N15: CONSUMO | O15: MAGNITUD | P15: TOTAL IMPUTADO AL CONTRATO | Q15: TIPO DE NEUMÁTICO | R15: PRECIO UNITARIO | S15: CANTIDAD QUE | T15: PRECIO DEL JUEGO | U15: VIDA UTIL | V15: MAGNITUD | W15: TOTAL IMPUTADO AL CONTRATO | X15: MANO DE OBRA | Y15: REPUESTOS | Z15: LIMPIEZA | AA15: OTROS | AB15: TOTAL IMPUTADO AL CONTRATO | BF15: 1 | BG15: 2 | BH15: 3 | BI15: 4 | BJ15: 5 | BK15: 6 | BL15: 7 | BM15: 8 | BN15: 9 | BO15: 10 | BP15: 11 | BQ15: 12 | BR15: 13 | BS15: 14 | BT15: 15 | BU15: 16 | BV15: 17 | BW15: 18 | BX15: 19 | BY15: 20 | BZ15: 21 | CA15: 22 | CB15: 23 | CC15: 24 | CD15: 25 | CE15: 26 | CF15: 27 | CG15: 28 | CH15: 29 | CI15: 30 | CJ15: 31 | CK15: 32 | CL15: 33 | CM15: 34 | CN15: 35 | CO15: 36 | CP15: 37 | CQ15: 38 | CR15: 39 | CS15: 40 | CT15: 41 | CU15: 42 | CV15: 43 | CW15: 44 | CX15: 45 | CY15: 46 | CZ15: 47 | DA15: 48 | DB15: 49 | DC15: 50 | DD15: 51 | DE15: 52 | DF15: 53 | DG15: 54 | DH15: 55 | DI15: 56 | DJ15: 57 | DK15: 58 | DL15: 59 | DM15: 60 | DN15: 61 | DO15: 62 | DP15: 63 | DQ15: 64 | DR15: 65 | DS15: 66 | DT15: 67 | DU15: 68 | DV15: 69 | DW15: 70 | DX15: 71 | DY15: 72 | DZ15: 73 | EA15: 74 | EB15: 75 | EC15: 76 | ED15: 77 | EE15: 78 | EF15: 79 | EG15: 80 | EN15: 1 | EO15: 2 | EP15: 3 | EQ15: 4 | ER15: 5 | ES15: 6 | ET15: 7 | EU15: 8 | EV15: 9 | EW15: 10 | EX15: 11 | EY15: 12 | EZ15: 13 | FA15: 14 | FB15: 15 | FC15: 16 | FD15: 17 | FE15: 18 | FF15: 19 | FG15: 20 | FH15: 21 | FI15: 22 | FJ15: 23 | FK15: 24 | FL15: 25 | FM15: 26 | FN15: 27 | FO15: 28 | FP15: 29 | FQ15: 30 | FR15: 31 | FS15: 32 | FT15: 33 | FU15: 34 | FV15: 35 | FW15: 36 | FX15: 37 | FY15: 38 | FZ15: 39 | GA15: 40 | GB15: 41 | GC15: 42 | GD15: 43 | GE15: 44 | GF15: 45 | GG15: 46 | GH15: 47 | GI15: 48 | GJ15: 49 | GK15: 50 | GL15: 51 | GM15: 52 | GN15: 53 | GO15: 54 | GP15: 55 | GQ15: 56 | GR15: 57 | GS15: 58 | GT15: 59 | GU15: 60 | GV15: 61 | GW15: 62 | GX15: 63 | GY15: 64 | GZ15: 65 | HA15: 66 | HB15: 67 | HC15: 68 | HD15: 69 | HE15: 70 | HF15: 71 | HG15: 72 | HH15: 73 | HI15: 74 | HJ15: 75 | HK15: 76 | HL15: 77 | HM15: 78 | HN15: 79 | HO15: 80
H16: $/Litro | I16: LT/KM-LT/HS | J16: KM-HS. | M16: $/Litro | N16: LT/KM-LT/HS | O16: KM-HS. | S16: COMPONE EL JUEGO | T16: (Neto de IVA) | U16: En KM | V16: KM | AF16: Indice aplicable | AG16: Mes Ajuste | AH16: TOTAL IMPUTADO AL CONTRATO | AJ16: Indice aplicable | AK16: Mes Ajuste | AL16: TOTAL IMPUTADO AL CONTRATO | AM16: TOTAL IMPUTADO AL CONTRATO | AN16: TOTAL IMPUTADO AL CONTRATO | AP16: Indice aplicable | AQ16: Mes Ajuste | AR16: TOTAL IMPUTADO AL CONTRATO | AT16: Indice aplicable | AU16: Mes Ajuste | AV16: TOTAL IMPUTADO AL CONTRATO | AW16: TOTAL IMPUTADO AL CONTRATO | AX16: TOTAL IMPUTADO AL CONTRATO | BF16: =VLOOKUP(BF15,'APROPIACION A PRECIOS'!$B$14:$C$93,2,0) -> Precio por el “Servicio de PH en ChSN día hábil operativo”, en un todo de acuerdo con las Bases del presente Pedido de Precios.- | BG16: =VLOOKUP(BG15,'APROPIACION A PRECIOS'!$B$14:$C$93,2,0) -> Precio por el “Servicio de PH en ChSN día stand by”, en un todo de acuerdo con las Bases del presente Pedido de Precios.- | BH16: =VLOOKUP(BH15,'APROPIACION A PRECIOS'!$B$14:$C$93,2,0) -> Precio por el “Servicio de PH en PH día hábil operativo”, en un todo de acuerdo con las Bases del presente Pedido de Precios.- | BI16: =VLOOKUP(BI15,'APROPIACION A PRECIOS'!$B$14:$C$93,2,0) -> Precio por el “Servicio de PH en PH día stand by”, en un todo de acuerdo con las Bases del presente Pedido de Precios.- | BJ16: =VLOOKUP(BJ15,'APROPIACION A PRECIOS'!$B$14:$C$93,2,0) -> Precio por el “Servicio de PH en VAM día hábil operativo”, en un todo de acuerdo con las Bases del presente Pedido de Precios.- | BK16: =VLOOKUP(BK15,'APROPIACION A PRECIOS'!$B$14:$C$93,2,0) -> Precio por el “Servicio de PH en VAM día stand by”, en un todo de acuerdo con las Bases del presente Pedido de Precios.- | BL16: =VLOOKUP(BL15,'APROPIACION A PRECIOS'!$B$14:$C$93,2,0) -> 0 | BM16: =VLOOKUP(BM15,'APROPIACION A PRECIOS'!$B$14:$C$93,2,0) -> 0 | ... EG16: =VLOOKUP(EG15,'APROPIACION A PRECIOS'!$B$14:$C$93,2,0) -> 0 | EN16: =VLOOKUP(EN15,'APROPIACION A PRECIOS'!$B$14:$C$93,2,0) -> Precio por el “Servicio de PH en ChSN día hábil operativo”, en un todo de acuerdo con las Bases del presente Pedido de Precios.- | EO16: =VLOOKUP(EO15,'APROPIACION A PRECIOS'!$B$14:$C$93,2,0) -> Precio por el “Servicio de PH en ChSN día stand by”, en un todo de acuerdo con las Bases del presente Pedido de Precios.- | EP16: =VLOOKUP(EP15,'APROPIACION A PRECIOS'!$B$14:$C$93,2,0) -> Precio por el “Servicio de PH en PH día hábil operativo”, en un todo de acuerdo con las Bases del presente Pedido de Precios.- | EQ16: =VLOOKUP(EQ15,'APROPIACION A PRECIOS'!$B$14:$C$93,2,0) -> Precio por el “Servicio de PH en PH día stand by”, en un todo de acuerdo con las Bases del presente Pedido de Precios.- | ER16: =VLOOKUP(ER15,'APROPIACION A PRECIOS'!$B$14:$C$93,2,0) -> Precio por el “Servicio de PH en VAM día hábil operativo”, en un todo de acuerdo con las Bases del presente Pedido de Precios.- | ES16: =VLOOKUP(ES15,'APROPIACION A PRECIOS'!$B$14:$C$93,2,0) -> Precio por el “Servicio de PH en VAM día stand by”, en un todo de acuerdo con las Bases del presente Pedido de Precios.- | ET16: =VLOOKUP(ET15,'APROPIACION A PRECIOS'!$B$14:$C$93,2,0) -> 0 | EU16: =VLOOKUP(EU15,'APROPIACION A PRECIOS'!$B$14:$C$93,2,0) -> 0 | ... HO16: =VLOOKUP(HO15,'APROPIACION A PRECIOS'!$B$14:$C$93,2,0) -> 0
C17: (en %) | H17: (Neto de IVA) | K17: (G x H x I) x B x C | M17: (Neto de IVA) | P17: (L x M x N) x B x C | Q17: (Liso / Taco) | R17: (Neto de IVA) | T17: Q x R | W17: (U / T) x S x B x C | AB17: (W + X +Y + Z) x B x C | AC17: (J+O+V+AA) / durac. contrato | AD17: (J + O + V + AA) | AG17: =+'INMUEBLES EQUIPOS Y RODADOS'!X15 -> 40603 | AH17: Ajustado | AK17: =+AG17 -> 40603 | AL17: Ajustado | AM17: Ajustado | AN17: Ajustado | AQ17: =+'INMUEBLES EQUIPOS Y RODADOS'!AB15 -> 40603 | AR17: Ajustado | AU17: =+AQ17 -> 40603 | AV17: Ajustado | AW17: Ajustado | AX17: Ajustado | AY17: (K + P) | AZ17: (W + AB)
B18: A | C18: B | D18: C | E18: D | F18: E | G18: F | H18: G | I18: H | J18: I | K18: J | L18: K | M18: L | N18: M | O18: N | P18: O | Q18: P | R18: Q | S18: R | T18: S | U18: T | V18: U | W18: V | X18: W | Y18: X | Z18: Y | AA18: Z | AB18: AA | AC18: AB | AD18: AC | AG18: =+'INMUEBLES EQUIPOS Y RODADOS'!$X$16 -> 40603 | AK18: =+'INMUEBLES EQUIPOS Y RODADOS'!$X$16 -> 40603 | AQ18: =+'INMUEBLES EQUIPOS Y RODADOS'!AB16 -> 40603 | AU18: =+AQ18 -> 40603 | BB18: BB | BD18: CONTROL | EL18: CONTROL
K19: =(J19*I19*H19)*C19*D19 -> 0 | P19: =+(M19*N19*O19)*C19*D19 -> 0 | T19: =R19*S19 -> 0 | W19: =IF(U19=" ",0,(V19/U19*T19*C19*D19)) -> 0 | AB19: =SUM(X19:AA19)*C19*D19 -> 0 | AC19: =IF($C$9=0,0,(K19+P19+W19+AB19)/$C$9) -> 0 | AD19: =+K19+P19+W19+AB19 -> 0 | AG19: =IF(AF19=" "," ",IF(AF19="Vehículos",VLOOKUP($AG$18,'Datos Indices'!$A$38:$Z$50,22,FALSE),IF(AF19="Ipim",VLOOKUP($AG$18,'Datos Indices'!$A$38:$Z$50,7,FALSE),IF(AF19="Dólar",VLOOKUP($AG$18,'Datos Indices'!$A$38:$Z$50,4,FALSE),IF(AF19="Gasoil",VLOOKUP($AG$18,'Datos Indices'!$A$38:$Z$50,10,FALSE),IF(AF19="WPU06 Pesificado",VLOOKUP($AG$18,'Datos Indices'!$A$38:$Z$50,26,FALSE),0)))))) | AH19: =K19*AG19/100 -> 0 | AK19: =IF(AJ19=" "," ",IF(AJ19="Vehículos",VLOOKUP($AK$18,'Datos Indices'!$A$38:$Z$50,22,FALSE),IF(AJ19="Ipim",VLOOKUP($AK$18,'Datos Indices'!$A$38:$Z$50,7,FALSE),IF(AJ19="Dólar",VLOOKUP($AK$18,'Datos Indices'!$A$38:$Z$50,4,FALSE),IF(AJ19="Gasoil",VLOOKUP($AK$18,'Datos Indices'!$A$38:$Z$50,10,FALSE),IF(AJ19="WPU06 Pesificado",VLOOKUP($AK$18,'Datos Indices'!$A$38:$Z$50,26,FALSE),0)))))) | AL19: =+P19*AK19/100 -> 0 | AM19: =+W19*AK19/100 -> 0 | AN19: =+AB19*AK19/100 -> 0 | AQ19: =IF(AP19=" "," ",IF(AP19="Vehículos",VLOOKUP($AQ$18,'Datos Indices'!$A$38:$Z$50,22,FALSE),IF(AP19="Ipim",VLOOKUP($AQ$18,'Datos Indices'!$A$38:$Z$50,7,FALSE),IF(AP19="Dólar",VLOOKUP($AQ$18,'Datos Indices'!$A$38:$Z$50,4,FALSE),IF(AP19="Gasoil",VLOOKUP($AQ$18,'Datos Indices'!$A$38:$Z$50,10,FALSE),IF(AP19="WPU06 Pesificado",VLOOKUP($AQ$18,'Datos Indices'!$A$38:$Z$50,26,FALSE),0)))))) | AR19: =AH19*AQ19/100 -> 0 | AU19: =IF(AT19=" "," ",IF(AT19="Vehículos",VLOOKUP($AU$18,'Datos Indices'!$A$38:$Z$50,22,FALSE),IF(AT19="Ipim",VLOOKUP($AU$18,'Datos Indices'!$A$38:$Z$50,7,FALSE),IF(AT19="Dólar",VLOOKUP($AU$18,'Datos Indices'!$A$38:$Z$50,4,FALSE),IF(AT19="Gasoil",VLOOKUP($AU$18,'Datos Indices'!$A$38:$Z$50,10,FALSE),IF(AT19="WPU06 Pesificado",VLOOKUP($AU$18,'Datos Indices'!$A$38:$Z$50,26,FALSE),0)))))) | AV19: =+AL19*AU19/100 -> 0 | AW19: =+AM19*AU19/100 -> 0 | AX19: =+AN19*AU19/100 -> 0 | AY19: =K19+P19 -> 0 | AZ19: =W19+AB19 -> 0
K20: =(J20*I20*H20)*C20*D20 -> 0 | P20: =+(M20*N20*O20)*C20*D20 -> 0 | T20: =R20*S20 -> 0 | W20: =IF(U20=" ",0,(V20/U20*T20*C20*D20)) -> 0 | AB20: =SUM(X20:AA20)*C20*D20 -> 0 | AC20: =IF($C$9=0,0,(K20+P20+W20+AB20)/$C$9) -> 0 | AD20: =+K20+P20+W20+AB20 -> 0 | AG20: =IF(AF20=" "," ",IF(AF20="Vehículos",VLOOKUP($AG$18,'Datos Indices'!$A$38:$Z$50,22,FALSE),IF(AF20="Ipim",VLOOKUP($AG$18,'Datos Indices'!$A$38:$Z$50,7,FALSE),IF(AF20="Dólar",VLOOKUP($AG$18,'Datos Indices'!$A$38:$Z$50,4,FALSE),IF(AF20="Gasoil",VLOOKUP($AG$18,'Datos Indices'!$A$38:$Z$50,10,FALSE),IF(AF20="WPU06 Pesificado",VLOOKUP($AG$18,'Datos Indices'!$A$38:$Z$50,26,FALSE),0)))))) | AH20: =K20*AG20/100 -> 0 | AK20: =IF(AJ20=" "," ",IF(AJ20="Vehículos",VLOOKUP($AK$18,'Datos Indices'!$A$38:$Z$50,22,FALSE),IF(AJ20="Ipim",VLOOKUP($AK$18,'Datos Indices'!$A$38:$Z$50,7,FALSE),IF(AJ20="Dólar",VLOOKUP($AK$18,'Datos Indices'!$A$38:$Z$50,4,FALSE),IF(AJ20="Gasoil",VLOOKUP($AK$18,'Datos Indices'!$A$38:$Z$50,10,FALSE),IF(AJ20="WPU06 Pesificado",VLOOKUP($AK$18,'Datos Indices'!$A$38:$Z$50,26,FALSE),0)))))) | AL20: =+P20*AK20/100 -> 0 | AM20: =+W20*AK20/100 -> 0 | AN20: =+AB20*AK20/100 -> 0 | AQ20: =IF(AP20=" "," ",IF(AP20="Vehículos",VLOOKUP($AQ$18,'Datos Indices'!$A$38:$Z$50,22,FALSE),IF(AP20="Ipim",VLOOKUP($AQ$18,'Datos Indices'!$A$38:$Z$50,7,FALSE),IF(AP20="Dólar",VLOOKUP($AQ$18,'Datos Indices'!$A$38:$Z$50,4,FALSE),IF(AP20="Gasoil",VLOOKUP($AQ$18,'Datos Indices'!$A$38:$Z$50,10,FALSE),IF(AP20="WPU06 Pesificado",VLOOKUP($AQ$18,'Datos Indices'!$A$38:$Z$50,26,FALSE),0)))))) | AR20: =AH20*AQ20/100 -> 0 | AU20: =IF(AT20=" "," ",IF(AT20="Vehículos",VLOOKUP($AU$18,'Datos Indices'!$A$38:$Z$50,22,FALSE),IF(AT20="Ipim",VLOOKUP($AU$18,'Datos Indices'!$A$38:$Z$50,7,FALSE),IF(AT20="Dólar",VLOOKUP($AU$18,'Datos Indices'!$A$38:$Z$50,4,FALSE),IF(AT20="Gasoil",VLOOKUP($AU$18,'Datos Indices'!$A$38:$Z$50,10,FALSE),IF(AT20="WPU06 Pesificado",VLOOKUP($AU$18,'Datos Indices'!$A$38:$Z$50,26,FALSE),0)))))) | AV20: =+AL20*AU20/100 -> 0 | AW20: =+AM20*AU20/100 -> 0 | AX20: =+AN20*AU20/100 -> 0 | AY20: =K20+P20 -> 0 | AZ20: =W20+AB20 -> 0 | BD20: =IF(AY20=0,"",IF((EJ20)=0,"","Controlar Aprop.")) | EI20: =SUM(BF20:EG20)*AY20 -> 0 | EJ20: =+AY20-EI20 -> 0 | EL20: =IF(AZ20=0,"",IF(HR20=0,"","Controlar Aprop.")) | HQ20: =SUM(EN20:HO20)*AZ20 -> 0 | HR20: =AZ20-HQ20 -> 0
K21: =(J21*I21*H21)*C21*D21 -> 0 | P21: =+(M21*N21*O21)*C21*D21 -> 0 | T21: =R21*S21 -> 0 | W21: =IF(U21=" ",0,(V21/U21*T21*C21*D21)) -> 0 | AB21: =SUM(X21:AA21)*C21*D21 -> 0 | AC21: =IF($C$9=0,0,(K21+P21+W21+AB21)/$C$9) -> 0 | AD21: =+K21+P21+W21+AB21 -> 0 | AG21: =IF(AF21=" "," ",IF(AF21="Vehículos",VLOOKUP($AG$18,'Datos Indices'!$A$38:$Z$50,22,FALSE),IF(AF21="Ipim",VLOOKUP($AG$18,'Datos Indices'!$A$38:$Z$50,7,FALSE),IF(AF21="Dólar",VLOOKUP($AG$18,'Datos Indices'!$A$38:$Z$50,4,FALSE),IF(AF21="Gasoil",VLOOKUP($AG$18,'Datos Indices'!$A$38:$Z$50,10,FALSE),IF(AF21="WPU06 Pesificado",VLOOKUP($AG$18,'Datos Indices'!$A$38:$Z$50,26,FALSE),0)))))) | AH21: =K21*AG21/100 -> 0 | AK21: =IF(AJ21=" "," ",IF(AJ21="Vehículos",VLOOKUP($AK$18,'Datos Indices'!$A$38:$Z$50,22,FALSE),IF(AJ21="Ipim",VLOOKUP($AK$18,'Datos Indices'!$A$38:$Z$50,7,FALSE),IF(AJ21="Dólar",VLOOKUP($AK$18,'Datos Indices'!$A$38:$Z$50,4,FALSE),IF(AJ21="Gasoil",VLOOKUP($AK$18,'Datos Indices'!$A$38:$Z$50,10,FALSE),IF(AJ21="WPU06 Pesificado",VLOOKUP($AK$18,'Datos Indices'!$A$38:$Z$50,26,FALSE),0)))))) | AL21: =+P21*AK21/100 -> 0 | AM21: =+W21*AK21/100 -> 0 | AN21: =+AB21*AK21/100 -> 0 | AQ21: =IF(AP21=" "," ",IF(AP21="Vehículos",VLOOKUP($AQ$18,'Datos Indices'!$A$38:$Z$50,22,FALSE),IF(AP21="Ipim",VLOOKUP($AQ$18,'Datos Indices'!$A$38:$Z$50,7,FALSE),IF(AP21="Dólar",VLOOKUP($AQ$18,'Datos Indices'!$A$38:$Z$50,4,FALSE),IF(AP21="Gasoil",VLOOKUP($AQ$18,'Datos Indices'!$A$38:$Z$50,10,FALSE),IF(AP21="WPU06 Pesificado",VLOOKUP($AQ$18,'Datos Indices'!$A$38:$Z$50,26,FALSE),0)))))) | AR21: =AH21*AQ21/100 -> 0 | AU21: =IF(AT21=" "," ",IF(AT21="Vehículos",VLOOKUP($AU$18,'Datos Indices'!$A$38:$Z$50,22,FALSE),IF(AT21="Ipim",VLOOKUP($AU$18,'Datos Indices'!$A$38:$Z$50,7,FALSE),IF(AT21="Dólar",VLOOKUP($AU$18,'Datos Indices'!$A$38:$Z$50,4,FALSE),IF(AT21="Gasoil",VLOOKUP($AU$18,'Datos Indices'!$A$38:$Z$50,10,FALSE),IF(AT21="WPU06 Pesificado",VLOOKUP($AU$18,'Datos Indices'!$A$38:$Z$50,26,FALSE),0)))))) | AV21: =+AL21*AU21/100 -> 0 | AW21: =+AM21*AU21/100 -> 0 | AX21: =+AN21*AU21/100 -> 0 | AY21: =K21+P21 -> 0 | AZ21: =W21+AB21 -> 0 | BD21: =IF(AY21=0,"",IF((EJ21)=0,"","Controlar Aprop.")) | EI21: =SUM(BF21:EG21)*AY21 -> 0 | EJ21: =+AY21-EI21 -> 0 | EL21: =IF(AZ21=0,"",IF(HR21=0,"","Controlar Aprop.")) | HQ21: =SUM(EN21:HO21)*AZ21 -> 0 | HR21: =AZ21-HQ21 -> 0
K22: =(J22*I22*H22)*C22*D22 -> 0 | P22: =+(M22*N22*O22)*C22*D22 -> 0 | T22: =R22*S22 -> 0 | W22: =IF(U22=" ",0,(V22/U22*T22*C22*D22)) -> 0 | AB22: =SUM(X22:AA22)*C22*D22 -> 0 | AC22: =IF($C$9=0,0,(K22+P22+W22+AB22)/$C$9) -> 0 | AD22: =+K22+P22+W22+AB22 -> 0 | AG22: =IF(AF22=" "," ",IF(AF22="Vehículos",VLOOKUP($AG$18,'Datos Indices'!$A$38:$Z$50,22,FALSE),IF(AF22="Ipim",VLOOKUP($AG$18,'Datos Indices'!$A$38:$Z$50,7,FALSE),IF(AF22="Dólar",VLOOKUP($AG$18,'Datos Indices'!$A$38:$Z$50,4,FALSE),IF(AF22="Gasoil",VLOOKUP($AG$18,'Datos Indices'!$A$38:$Z$50,10,FALSE),IF(AF22="WPU06 Pesificado",VLOOKUP($AG$18,'Datos Indices'!$A$38:$Z$50,26,FALSE),0)))))) | AH22: =K22*AG22/100 -> 0 | AK22: =IF(AJ22=" "," ",IF(AJ22="Vehículos",VLOOKUP($AK$18,'Datos Indices'!$A$38:$Z$50,22,FALSE),IF(AJ22="Ipim",VLOOKUP($AK$18,'Datos Indices'!$A$38:$Z$50,7,FALSE),IF(AJ22="Dólar",VLOOKUP($AK$18,'Datos Indices'!$A$38:$Z$50,4,FALSE),IF(AJ22="Gasoil",VLOOKUP($AK$18,'Datos Indices'!$A$38:$Z$50,10,FALSE),IF(AJ22="WPU06 Pesificado",VLOOKUP($AK$18,'Datos Indices'!$A$38:$Z$50,26,FALSE),0)))))) | AL22: =+P22*AK22/100 -> 0 | AM22: =+W22*AK22/100 -> 0 | AN22: =+AB22*AK22/100 -> 0 | AQ22: =IF(AP22=" "," ",IF(AP22="Vehículos",VLOOKUP($AQ$18,'Datos Indices'!$A$38:$Z$50,22,FALSE),IF(AP22="Ipim",VLOOKUP($AQ$18,'Datos Indices'!$A$38:$Z$50,7,FALSE),IF(AP22="Dólar",VLOOKUP($AQ$18,'Datos Indices'!$A$38:$Z$50,4,FALSE),IF(AP22="Gasoil",VLOOKUP($AQ$18,'Datos Indices'!$A$38:$Z$50,10,FALSE),IF(AP22="WPU06 Pesificado",VLOOKUP($AQ$18,'Datos Indices'!$A$38:$Z$50,26,FALSE),0)))))) | AR22: =AH22*AQ22/100 -> 0 | AU22: =IF(AT22=" "," ",IF(AT22="Vehículos",VLOOKUP($AU$18,'Datos Indices'!$A$38:$Z$50,22,FALSE),IF(AT22="Ipim",VLOOKUP($AU$18,'Datos Indices'!$A$38:$Z$50,7,FALSE),IF(AT22="Dólar",VLOOKUP($AU$18,'Datos Indices'!$A$38:$Z$50,4,FALSE),IF(AT22="Gasoil",VLOOKUP($AU$18,'Datos Indices'!$A$38:$Z$50,10,FALSE),IF(AT22="WPU06 Pesificado",VLOOKUP($AU$18,'Datos Indices'!$A$38:$Z$50,26,FALSE),0)))))) | AV22: =+AL22*AU22/100 -> 0 | AW22: =+AM22*AU22/100 -> 0 | AX22: =+AN22*AU22/100 -> 0 | AY22: =K22+P22 -> 0 | AZ22: =W22+AB22 -> 0 | BD22: =IF(AY22=0,"",IF((EJ22)=0,"","Controlar Aprop.")) | EI22: =SUM(BF22:EG22)*AY22 -> 0 | EJ22: =+AY22-EI22 -> 0 | EL22: =IF(AZ22=0,"",IF(HR22=0,"","Controlar Aprop.")) | HQ22: =SUM(EN22:HO22)*AZ22 -> 0 | HR22: =AZ22-HQ22 -> 0
K23: =(J23*I23*H23)*C23*D23 -> 0 | P23: =+(M23*N23*O23)*C23*D23 -> 0 | T23: =R23*S23 -> 0 | W23: =IF(U23=" ",0,(V23/U23*T23*C23*D23)) -> 0 | AB23: =SUM(X23:AA23)*C23*D23 -> 0 | AC23: =IF($C$9=0,0,(K23+P23+W23+AB23)/$C$9) -> 0 | AD23: =+K23+P23+W23+AB23 -> 0 | AG23: =IF(AF23=" "," ",IF(AF23="Vehículos",VLOOKUP($AG$18,'Datos Indices'!$A$38:$Z$50,22,FALSE),IF(AF23="Ipim",VLOOKUP($AG$18,'Datos Indices'!$A$38:$Z$50,7,FALSE),IF(AF23="Dólar",VLOOKUP($AG$18,'Datos Indices'!$A$38:$Z$50,4,FALSE),IF(AF23="Gasoil",VLOOKUP($AG$18,'Datos Indices'!$A$38:$Z$50,10,FALSE),IF(AF23="WPU06 Pesificado",VLOOKUP($AG$18,'Datos Indices'!$A$38:$Z$50,26,FALSE),0)))))) | AH23: =K23*AG23/100 -> 0 | AK23: =IF(AJ23=" "," ",IF(AJ23="Vehículos",VLOOKUP($AK$18,'Datos Indices'!$A$38:$Z$50,22,FALSE),IF(AJ23="Ipim",VLOOKUP($AK$18,'Datos Indices'!$A$38:$Z$50,7,FALSE),IF(AJ23="Dólar",VLOOKUP($AK$18,'Datos Indices'!$A$38:$Z$50,4,FALSE),IF(AJ23="Gasoil",VLOOKUP($AK$18,'Datos Indices'!$A$38:$Z$50,10,FALSE),IF(AJ23="WPU06 Pesificado",VLOOKUP($AK$18,'Datos Indices'!$A$38:$Z$50,26,FALSE),0)))))) | AL23: =+P23*AK23/100 -> 0 | AM23: =+W23*AK23/100 -> 0 | AN23: =+AB23*AK23/100 -> 0 | AQ23: =IF(AP23=" "," ",IF(AP23="Vehículos",VLOOKUP($AQ$18,'Datos Indices'!$A$38:$Z$50,22,FALSE),IF(AP23="Ipim",VLOOKUP($AQ$18,'Datos Indices'!$A$38:$Z$50,7,FALSE),IF(AP23="Dólar",VLOOKUP($AQ$18,'Datos Indices'!$A$38:$Z$50,4,FALSE),IF(AP23="Gasoil",VLOOKUP($AQ$18,'Datos Indices'!$A$38:$Z$50,10,FALSE),IF(AP23="WPU06 Pesificado",VLOOKUP($AQ$18,'Datos Indices'!$A$38:$Z$50,26,FALSE),0)))))) | AR23: =AH23*AQ23/100 -> 0 | AU23: =IF(AT23=" "," ",IF(AT23="Vehículos",VLOOKUP($AU$18,'Datos Indices'!$A$38:$Z$50,22,FALSE),IF(AT23="Ipim",VLOOKUP($AU$18,'Datos Indices'!$A$38:$Z$50,7,FALSE),IF(AT23="Dólar",VLOOKUP($AU$18,'Datos Indices'!$A$38:$Z$50,4,FALSE),IF(AT23="Gasoil",VLOOKUP($AU$18,'Datos Indices'!$A$38:$Z$50,10,FALSE),IF(AT23="WPU06 Pesificado",VLOOKUP($AU$18,'Datos Indices'!$A$38:$Z$50,26,FALSE),0)))))) | AV23: =+AL23*AU23/100 -> 0 | AW23: =+AM23*AU23/100 -> 0 | AX23: =+AN23*AU23/100 -> 0 | AY23: =K23+P23 -> 0 | AZ23: =W23+AB23 -> 0 | BD23: =IF(AY23=0,"",IF((EJ23)=0,"","Controlar Aprop.")) | EI23: =SUM(BF23:EG23)*AY23 -> 0 | EJ23: =+AY23-EI23 -> 0 | EL23: =IF(AZ23=0,"",IF(HR23=0,"","Controlar Aprop.")) | HQ23: =SUM(EN23:HO23)*AZ23 -> 0 | HR23: =AZ23-HQ23 -> 0
K24: =(J24*I24*H24)*C24*D24 -> 0 | P24: =+(M24*N24*O24)*C24*D24 -> 0 | T24: =R24*S24 -> 0 | W24: =IF(U24=" ",0,(V24/U24*T24*C24*D24)) -> 0 | AB24: =SUM(X24:AA24)*C24*D24 -> 0 | AC24: =IF($C$9=0,0,(K24+P24+W24+AB24)/$C$9) -> 0 | AD24: =+K24+P24+W24+AB24 -> 0 | AG24: =IF(AF24=" "," ",IF(AF24="Vehículos",VLOOKUP($AG$18,'Datos Indices'!$A$38:$Z$50,22,FALSE),IF(AF24="Ipim",VLOOKUP($AG$18,'Datos Indices'!$A$38:$Z$50,7,FALSE),IF(AF24="Dólar",VLOOKUP($AG$18,'Datos Indices'!$A$38:$Z$50,4,FALSE),IF(AF24="Gasoil",VLOOKUP($AG$18,'Datos Indices'!$A$38:$Z$50,10,FALSE),IF(AF24="WPU06 Pesificado",VLOOKUP($AG$18,'Datos Indices'!$A$38:$Z$50,26,FALSE),0)))))) | AH24: =K24*AG24/100 -> 0 | AK24: =IF(AJ24=" "," ",IF(AJ24="Vehículos",VLOOKUP($AK$18,'Datos Indices'!$A$38:$Z$50,22,FALSE),IF(AJ24="Ipim",VLOOKUP($AK$18,'Datos Indices'!$A$38:$Z$50,7,FALSE),IF(AJ24="Dólar",VLOOKUP($AK$18,'Datos Indices'!$A$38:$Z$50,4,FALSE),IF(AJ24="Gasoil",VLOOKUP($AK$18,'Datos Indices'!$A$38:$Z$50,10,FALSE),IF(AJ24="WPU06 Pesificado",VLOOKUP($AK$18,'Datos Indices'!$A$38:$Z$50,26,FALSE),0)))))) | AL24: =+P24*AK24/100 -> 0 | AM24: =+W24*AK24/100 -> 0 | AN24: =+AB24*AK24/100 -> 0 | AQ24: =IF(AP24=" "," ",IF(AP24="Vehículos",VLOOKUP($AQ$18,'Datos Indices'!$A$38:$Z$50,22,FALSE),IF(AP24="Ipim",VLOOKUP($AQ$18,'Datos Indices'!$A$38:$Z$50,7,FALSE),IF(AP24="Dólar",VLOOKUP($AQ$18,'Datos Indices'!$A$38:$Z$50,4,FALSE),IF(AP24="Gasoil",VLOOKUP($AQ$18,'Datos Indices'!$A$38:$Z$50,10,FALSE),IF(AP24="WPU06 Pesificado",VLOOKUP($AQ$18,'Datos Indices'!$A$38:$Z$50,26,FALSE),0)))))) | AR24: =AH24*AQ24/100 -> 0 | AU24: =IF(AT24=" "," ",IF(AT24="Vehículos",VLOOKUP($AU$18,'Datos Indices'!$A$38:$Z$50,22,FALSE),IF(AT24="Ipim",VLOOKUP($AU$18,'Datos Indices'!$A$38:$Z$50,7,FALSE),IF(AT24="Dólar",VLOOKUP($AU$18,'Datos Indices'!$A$38:$Z$50,4,FALSE),IF(AT24="Gasoil",VLOOKUP($AU$18,'Datos Indices'!$A$38:$Z$50,10,FALSE),IF(AT24="WPU06 Pesificado",VLOOKUP($AU$18,'Datos Indices'!$A$38:$Z$50,26,FALSE),0)))))) | AV24: =+AL24*AU24/100 -> 0 | AW24: =+AM24*AU24/100 -> 0 | AX24: =+AN24*AU24/100 -> 0 | AY24: =K24+P24 -> 0 | AZ24: =W24+AB24 -> 0 | BD24: =IF(AY24=0,"",IF((EJ24)=0,"","Controlar Aprop.")) | EI24: =SUM(BF24:EG24)*AY24 -> 0 | EJ24: =+AY24-EI24 -> 0 | EL24: =IF(AZ24=0,"",IF(HR24=0,"","Controlar Aprop.")) | HQ24: =SUM(EN24:HO24)*AZ24 -> 0 | HR24: =AZ24-HQ24 -> 0
K25: =(J25*I25*H25)*C25*D25 -> 0 | P25: =+(M25*N25*O25)*C25*D25 -> 0 | T25: =R25*S25 -> 0 | W25: =IF(U25=" ",0,(V25/U25*T25*C25*D25)) -> 0 | AB25: =SUM(X25:AA25)*C25*D25 -> 0 | AC25: =IF($C$9=0,0,(K25+P25+W25+AB25)/$C$9) -> 0 | AD25: =+K25+P25+W25+AB25 -> 0 | AG25: =IF(AF25=" "," ",IF(AF25="Vehículos",VLOOKUP($AG$18,'Datos Indices'!$A$38:$Z$50,22,FALSE),IF(AF25="Ipim",VLOOKUP($AG$18,'Datos Indices'!$A$38:$Z$50,7,FALSE),IF(AF25="Dólar",VLOOKUP($AG$18,'Datos Indices'!$A$38:$Z$50,4,FALSE),IF(AF25="Gasoil",VLOOKUP($AG$18,'Datos Indices'!$A$38:$Z$50,10,FALSE),IF(AF25="WPU06 Pesificado",VLOOKUP($AG$18,'Datos Indices'!$A$38:$Z$50,26,FALSE),0)))))) | AH25: =K25*AG25/100 -> 0 | AK25: =IF(AJ25=" "," ",IF(AJ25="Vehículos",VLOOKUP($AK$18,'Datos Indices'!$A$38:$Z$50,22,FALSE),IF(AJ25="Ipim",VLOOKUP($AK$18,'Datos Indices'!$A$38:$Z$50,7,FALSE),IF(AJ25="Dólar",VLOOKUP($AK$18,'Datos Indices'!$A$38:$Z$50,4,FALSE),IF(AJ25="Gasoil",VLOOKUP($AK$18,'Datos Indices'!$A$38:$Z$50,10,FALSE),IF(AJ25="WPU06 Pesificado",VLOOKUP($AK$18,'Datos Indices'!$A$38:$Z$50,26,FALSE),0)))))) | AL25: =+P25*AK25/100 -> 0 | AM25: =+W25*AK25/100 -> 0 | AN25: =+AB25*AK25/100 -> 0 | AQ25: =IF(AP25=" "," ",IF(AP25="Vehículos",VLOOKUP($AQ$18,'Datos Indices'!$A$38:$Z$50,22,FALSE),IF(AP25="Ipim",VLOOKUP($AQ$18,'Datos Indices'!$A$38:$Z$50,7,FALSE),IF(AP25="Dólar",VLOOKUP($AQ$18,'Datos Indices'!$A$38:$Z$50,4,FALSE),IF(AP25="Gasoil",VLOOKUP($AQ$18,'Datos Indices'!$A$38:$Z$50,10,FALSE),IF(AP25="WPU06 Pesificado",VLOOKUP($AQ$18,'Datos Indices'!$A$38:$Z$50,26,FALSE),0)))))) | AR25: =AH25*AQ25/100 -> 0 | AU25: =IF(AT25=" "," ",IF(AT25="Vehículos",VLOOKUP($AU$18,'Datos Indices'!$A$38:$Z$50,22,FALSE),IF(AT25="Ipim",VLOOKUP($AU$18,'Datos Indices'!$A$38:$Z$50,7,FALSE),IF(AT25="Dólar",VLOOKUP($AU$18,'Datos Indices'!$A$38:$Z$50,4,FALSE),IF(AT25="Gasoil",VLOOKUP($AU$18,'Datos Indices'!$A$38:$Z$50,10,FALSE),IF(AT25="WPU06 Pesificado",VLOOKUP($AU$18,'Datos Indices'!$A$38:$Z$50,26,FALSE),0)))))) | AV25: =+AL25*AU25/100 -> 0 | AW25: =+AM25*AU25/100 -> 0 | AX25: =+AN25*AU25/100 -> 0 | AY25: =K25+P25 -> 0 | AZ25: =W25+AB25 -> 0 | BD25: =IF(AY25=0,"",IF((EJ25)=0,"","Controlar Aprop.")) | EI25: =SUM(BF25:EG25)*AY25 -> 0 | EJ25: =+AY25-EI25 -> 0 | EL25: =IF(AZ25=0,"",IF(HR25=0,"","Controlar Aprop.")) | HQ25: =SUM(EN25:HO25)*AZ25 -> 0 | HR25: =AZ25-HQ25 -> 0
K26: =(J26*I26*H26)*C26*D26 -> 0 | P26: =+(M26*N26*O26)*C26*D26 -> 0 | T26: =R26*S26 -> 0 | W26: =IF(U26=" ",0,(V26/U26*T26*C26*D26)) -> 0 | AB26: =SUM(X26:AA26)*C26*D26 -> 0 | AC26: =IF($C$9=0,0,(K26+P26+W26+AB26)/$C$9) -> 0 | AD26: =+K26+P26+W26+AB26 -> 0 | AG26: =IF(AF26=" "," ",IF(AF26="Vehículos",VLOOKUP($AG$18,'Datos Indices'!$A$38:$Z$50,22,FALSE),IF(AF26="Ipim",VLOOKUP($AG$18,'Datos Indices'!$A$38:$Z$50,7,FALSE),IF(AF26="Dólar",VLOOKUP($AG$18,'Datos Indices'!$A$38:$Z$50,4,FALSE),IF(AF26="Gasoil",VLOOKUP($AG$18,'Datos Indices'!$A$38:$Z$50,10,FALSE),IF(AF26="WPU06 Pesificado",VLOOKUP($AG$18,'Datos Indices'!$A$38:$Z$50,26,FALSE),0)))))) | AH26: =K26*AG26/100 -> 0 | AK26: =IF(AJ26=" "," ",IF(AJ26="Vehículos",VLOOKUP($AK$18,'Datos Indices'!$A$38:$Z$50,22,FALSE),IF(AJ26="Ipim",VLOOKUP($AK$18,'Datos Indices'!$A$38:$Z$50,7,FALSE),IF(AJ26="Dólar",VLOOKUP($AK$18,'Datos Indices'!$A$38:$Z$50,4,FALSE),IF(AJ26="Gasoil",VLOOKUP($AK$18,'Datos Indices'!$A$38:$Z$50,10,FALSE),IF(AJ26="WPU06 Pesificado",VLOOKUP($AK$18,'Datos Indices'!$A$38:$Z$50,26,FALSE),0)))))) | AL26: =+P26*AK26/100 -> 0 | AM26: =+W26*AK26/100 -> 0 | AN26: =+AB26*AK26/100 -> 0 | AQ26: =IF(AP26=" "," ",IF(AP26="Vehículos",VLOOKUP($AQ$18,'Datos Indices'!$A$38:$Z$50,22,FALSE),IF(AP26="Ipim",VLOOKUP($AQ$18,'Datos Indices'!$A$38:$Z$50,7,FALSE),IF(AP26="Dólar",VLOOKUP($AQ$18,'Datos Indices'!$A$38:$Z$50,4,FALSE),IF(AP26="Gasoil",VLOOKUP($AQ$18,'Datos Indices'!$A$38:$Z$50,10,FALSE),IF(AP26="WPU06 Pesificado",VLOOKUP($AQ$18,'Datos Indices'!$A$38:$Z$50,26,FALSE),0)))))) | AR26: =AH26*AQ26/100 -> 0 | AU26: =IF(AT26=" "," ",IF(AT26="Vehículos",VLOOKUP($AU$18,'Datos Indices'!$A$38:$Z$50,22,FALSE),IF(AT26="Ipim",VLOOKUP($AU$18,'Datos Indices'!$A$38:$Z$50,7,FALSE),IF(AT26="Dólar",VLOOKUP($AU$18,'Datos Indices'!$A$38:$Z$50,4,FALSE),IF(AT26="Gasoil",VLOOKUP($AU$18,'Datos Indices'!$A$38:$Z$50,10,FALSE),IF(AT26="WPU06 Pesificado",VLOOKUP($AU$18,'Datos Indices'!$A$38:$Z$50,26,FALSE),0)))))) | AV26: =+AL26*AU26/100 -> 0 | AW26: =+AM26*AU26/100 -> 0 | AX26: =+AN26*AU26/100 -> 0 | AY26: =K26+P26 -> 0 | AZ26: =W26+AB26 -> 0 | BD26: =IF(AY26=0,"",IF((EJ26)=0,"","Controlar Aprop.")) | EI26: =SUM(BF26:EG26)*AY26 -> 0 | EJ26: =+AY26-EI26 -> 0 | EL26: =IF(AZ26=0,"",IF(HR26=0,"","Controlar Aprop.")) | HQ26: =SUM(EN26:HO26)*AZ26 -> 0 | HR26: =AZ26-HQ26 -> 0
K27: =(J27*I27*H27)*C27*D27 -> 0 | P27: =+(M27*N27*O27)*C27*D27 -> 0 | T27: =R27*S27 -> 0 | W27: =IF(U27=" ",0,(V27/U27*T27*C27*D27)) -> 0 | AB27: =SUM(X27:AA27)*C27*D27 -> 0 | AC27: =IF($C$9=0,0,(K27+P27+W27+AB27)/$C$9) -> 0 | AD27: =+K27+P27+W27+AB27 -> 0 | AG27: =IF(AF27=" "," ",IF(AF27="Vehículos",VLOOKUP($AG$18,'Datos Indices'!$A$38:$Z$50,22,FALSE),IF(AF27="Ipim",VLOOKUP($AG$18,'Datos Indices'!$A$38:$Z$50,7,FALSE),IF(AF27="Dólar",VLOOKUP($AG$18,'Datos Indices'!$A$38:$Z$50,4,FALSE),IF(AF27="Gasoil",VLOOKUP($AG$18,'Datos Indices'!$A$38:$Z$50,10,FALSE),IF(AF27="WPU06 Pesificado",VLOOKUP($AG$18,'Datos Indices'!$A$38:$Z$50,26,FALSE),0)))))) | AH27: =K27*AG27/100 -> 0 | AK27: =IF(AJ27=" "," ",IF(AJ27="Vehículos",VLOOKUP($AK$18,'Datos Indices'!$A$38:$Z$50,22,FALSE),IF(AJ27="Ipim",VLOOKUP($AK$18,'Datos Indices'!$A$38:$Z$50,7,FALSE),IF(AJ27="Dólar",VLOOKUP($AK$18,'Datos Indices'!$A$38:$Z$50,4,FALSE),IF(AJ27="Gasoil",VLOOKUP($AK$18,'Datos Indices'!$A$38:$Z$50,10,FALSE),IF(AJ27="WPU06 Pesificado",VLOOKUP($AK$18,'Datos Indices'!$A$38:$Z$50,26,FALSE),0)))))) | AL27: =+P27*AK27/100 -> 0 | AM27: =+W27*AK27/100 -> 0 | AN27: =+AB27*AK27/100 -> 0 | AQ27: =IF(AP27=" "," ",IF(AP27="Vehículos",VLOOKUP($AQ$18,'Datos Indices'!$A$38:$Z$50,22,FALSE),IF(AP27="Ipim",VLOOKUP($AQ$18,'Datos Indices'!$A$38:$Z$50,7,FALSE),IF(AP27="Dólar",VLOOKUP($AQ$18,'Datos Indices'!$A$38:$Z$50,4,FALSE),IF(AP27="Gasoil",VLOOKUP($AQ$18,'Datos Indices'!$A$38:$Z$50,10,FALSE),IF(AP27="WPU06 Pesificado",VLOOKUP($AQ$18,'Datos Indices'!$A$38:$Z$50,26,FALSE),0)))))) | AR27: =AH27*AQ27/100 -> 0 | AU27: =IF(AT27=" "," ",IF(AT27="Vehículos",VLOOKUP($AU$18,'Datos Indices'!$A$38:$Z$50,22,FALSE),IF(AT27="Ipim",VLOOKUP($AU$18,'Datos Indices'!$A$38:$Z$50,7,FALSE),IF(AT27="Dólar",VLOOKUP($AU$18,'Datos Indices'!$A$38:$Z$50,4,FALSE),IF(AT27="Gasoil",VLOOKUP($AU$18,'Datos Indices'!$A$38:$Z$50,10,FALSE),IF(AT27="WPU06 Pesificado",VLOOKUP($AU$18,'Datos Indices'!$A$38:$Z$50,26,FALSE),0)))))) | AV27: =+AL27*AU27/100 -> 0 | AW27: =+AM27*AU27/100 -> 0 | AX27: =+AN27*AU27/100 -> 0 | AY27: =K27+P27 -> 0 | AZ27: =W27+AB27 -> 0 | BD27: =IF(AY27=0,"",IF((EJ27)=0,"","Controlar Aprop.")) | EI27: =SUM(BF27:EG27)*AY27 -> 0 | EJ27: =+AY27-EI27 -> 0 | EL27: =IF(AZ27=0,"",IF(HR27=0,"","Controlar Aprop.")) | HQ27: =SUM(EN27:HO27)*AZ27 -> 0 | HR27: =AZ27-HQ27 -> 0
K28: =(J28*I28*H28)*C28*D28 -> 0 | P28: =+(M28*N28*O28)*C28*D28 -> 0 | T28: =R28*S28 -> 0 | W28: =IF(U28=" ",0,(V28/U28*T28*C28*D28)) -> 0 | AB28: =SUM(X28:AA28)*C28*D28 -> 0 | AC28: =IF($C$9=0,0,(K28+P28+W28+AB28)/$C$9) -> 0 | AD28: =+K28+P28+W28+AB28 -> 0 | AG28: =IF(AF28=" "," ",IF(AF28="Vehículos",VLOOKUP($AG$18,'Datos Indices'!$A$38:$Z$50,22,FALSE),IF(AF28="Ipim",VLOOKUP($AG$18,'Datos Indices'!$A$38:$Z$50,7,FALSE),IF(AF28="Dólar",VLOOKUP($AG$18,'Datos Indices'!$A$38:$Z$50,4,FALSE),IF(AF28="Gasoil",VLOOKUP($AG$18,'Datos Indices'!$A$38:$Z$50,10,FALSE),IF(AF28="WPU06 Pesificado",VLOOKUP($AG$18,'Datos Indices'!$A$38:$Z$50,26,FALSE),0)))))) | AH28: =K28*AG28/100 -> 0 | AK28: =IF(AJ28=" "," ",IF(AJ28="Vehículos",VLOOKUP($AK$18,'Datos Indices'!$A$38:$Z$50,22,FALSE),IF(AJ28="Ipim",VLOOKUP($AK$18,'Datos Indices'!$A$38:$Z$50,7,FALSE),IF(AJ28="Dólar",VLOOKUP($AK$18,'Datos Indices'!$A$38:$Z$50,4,FALSE),IF(AJ28="Gasoil",VLOOKUP($AK$18,'Datos Indices'!$A$38:$Z$50,10,FALSE),IF(AJ28="WPU06 Pesificado",VLOOKUP($AK$18,'Datos Indices'!$A$38:$Z$50,26,FALSE),0)))))) | AL28: =+P28*AK28/100 -> 0 | AM28: =+W28*AK28/100 -> 0 | AN28: =+AB28*AK28/100 -> 0 | AQ28: =IF(AP28=" "," ",IF(AP28="Vehículos",VLOOKUP($AQ$18,'Datos Indices'!$A$38:$Z$50,22,FALSE),IF(AP28="Ipim",VLOOKUP($AQ$18,'Datos Indices'!$A$38:$Z$50,7,FALSE),IF(AP28="Dólar",VLOOKUP($AQ$18,'Datos Indices'!$A$38:$Z$50,4,FALSE),IF(AP28="Gasoil",VLOOKUP($AQ$18,'Datos Indices'!$A$38:$Z$50,10,FALSE),IF(AP28="WPU06 Pesificado",VLOOKUP($AQ$18,'Datos Indices'!$A$38:$Z$50,26,FALSE),0)))))) | AR28: =AH28*AQ28/100 -> 0 | AU28: =IF(AT28=" "," ",IF(AT28="Vehículos",VLOOKUP($AU$18,'Datos Indices'!$A$38:$Z$50,22,FALSE),IF(AT28="Ipim",VLOOKUP($AU$18,'Datos Indices'!$A$38:$Z$50,7,FALSE),IF(AT28="Dólar",VLOOKUP($AU$18,'Datos Indices'!$A$38:$Z$50,4,FALSE),IF(AT28="Gasoil",VLOOKUP($AU$18,'Datos Indices'!$A$38:$Z$50,10,FALSE),IF(AT28="WPU06 Pesificado",VLOOKUP($AU$18,'Datos Indices'!$A$38:$Z$50,26,FALSE),0)))))) | AV28: =+AL28*AU28/100 -> 0 | AW28: =+AM28*AU28/100 -> 0 | AX28: =+AN28*AU28/100 -> 0 | AY28: =K28+P28 -> 0 | AZ28: =W28+AB28 -> 0 | BD28: =IF(AY28=0,"",IF((EJ28)=0,"","Controlar Aprop.")) | EI28: =SUM(BF28:EG28)*AY28 -> 0 | EJ28: =+AY28-EI28 -> 0 | EL28: =IF(AZ28=0,"",IF(HR28=0,"","Controlar Aprop.")) | HQ28: =SUM(EN28:HO28)*AZ28 -> 0 | HR28: =AZ28-HQ28 -> 0
K29: =(J29*I29*H29)*C29*D29 -> 0 | P29: =+(M29*N29*O29)*C29*D29 -> 0 | T29: =R29*S29 -> 0 | W29: =IF(U29=" ",0,(V29/U29*T29*C29*D29)) -> 0 | AB29: =SUM(X29:AA29)*C29*D29 -> 0 | AC29: =IF($C$9=0,0,(K29+P29+W29+AB29)/$C$9) -> 0 | AD29: =+K29+P29+W29+AB29 -> 0 | AG29: =IF(AF29=" "," ",IF(AF29="Vehículos",VLOOKUP($AG$18,'Datos Indices'!$A$38:$Z$50,22,FALSE),IF(AF29="Ipim",VLOOKUP($AG$18,'Datos Indices'!$A$38:$Z$50,7,FALSE),IF(AF29="Dólar",VLOOKUP($AG$18,'Datos Indices'!$A$38:$Z$50,4,FALSE),IF(AF29="Gasoil",VLOOKUP($AG$18,'Datos Indices'!$A$38:$Z$50,10,FALSE),IF(AF29="WPU06 Pesificado",VLOOKUP($AG$18,'Datos Indices'!$A$38:$Z$50,26,FALSE),0)))))) | AH29: =K29*AG29/100 -> 0 | AK29: =IF(AJ29=" "," ",IF(AJ29="Vehículos",VLOOKUP($AK$18,'Datos Indices'!$A$38:$Z$50,22,FALSE),IF(AJ29="Ipim",VLOOKUP($AK$18,'Datos Indices'!$A$38:$Z$50,7,FALSE),IF(AJ29="Dólar",VLOOKUP($AK$18,'Datos Indices'!$A$38:$Z$50,4,FALSE),IF(AJ29="Gasoil",VLOOKUP($AK$18,'Datos Indices'!$A$38:$Z$50,10,FALSE),IF(AJ29="WPU06 Pesificado",VLOOKUP($AK$18,'Datos Indices'!$A$38:$Z$50,26,FALSE),0)))))) | AL29: =+P29*AK29/100 -> 0 | AM29: =+W29*AK29/100 -> 0 | AN29: =+AB29*AK29/100 -> 0 | AQ29: =IF(AP29=" "," ",IF(AP29="Vehículos",VLOOKUP($AQ$18,'Datos Indices'!$A$38:$Z$50,22,FALSE),IF(AP29="Ipim",VLOOKUP($AQ$18,'Datos Indices'!$A$38:$Z$50,7,FALSE),IF(AP29="Dólar",VLOOKUP($AQ$18,'Datos Indices'!$A$38:$Z$50,4,FALSE),IF(AP29="Gasoil",VLOOKUP($AQ$18,'Datos Indices'!$A$38:$Z$50,10,FALSE),IF(AP29="WPU06 Pesificado",VLOOKUP($AQ$18,'Datos Indices'!$A$38:$Z$50,26,FALSE),0)))))) | AR29: =AH29*AQ29/100 -> 0 | AU29: =IF(AT29=" "," ",IF(AT29="Vehículos",VLOOKUP($AU$18,'Datos Indices'!$A$38:$Z$50,22,FALSE),IF(AT29="Ipim",VLOOKUP($AU$18,'Datos Indices'!$A$38:$Z$50,7,FALSE),IF(AT29="Dólar",VLOOKUP($AU$18,'Datos Indices'!$A$38:$Z$50,4,FALSE),IF(AT29="Gasoil",VLOOKUP($AU$18,'Datos Indices'!$A$38:$Z$50,10,FALSE),IF(AT29="WPU06 Pesificado",VLOOKUP($AU$18,'Datos Indices'!$A$38:$Z$50,26,FALSE),0)))))) | AV29: =+AL29*AU29/100 -> 0 | AW29: =+AM29*AU29/100 -> 0 | AX29: =+AN29*AU29/100 -> 0 | AY29: =K29+P29 -> 0 | AZ29: =W29+AB29 -> 0 | BD29: =IF(AY29=0,"",IF((EJ29)=0,"","Controlar Aprop.")) | EI29: =SUM(BF29:EG29)*AY29 -> 0 | EJ29: =+AY29-EI29 -> 0 | EL29: =IF(AZ29=0,"",IF(HR29=0,"","Controlar Aprop.")) | HQ29: =SUM(EN29:HO29)*AZ29 -> 0 | HR29: =AZ29-HQ29 -> 0
K30: =(J30*I30*H30)*C30*D30 -> 0 | P30: =+(M30*N30*O30)*C30*D30 -> 0 | T30: =R30*S30 -> 0 | W30: =IF(U30=" ",0,(V30/U30*T30*C30*D30)) -> 0 | AB30: =SUM(X30:AA30)*C30*D30 -> 0 | AC30: =IF($C$9=0,0,(K30+P30+W30+AB30)/$C$9) -> 0 | AD30: =+K30+P30+W30+AB30 -> 0 | AG30: =IF(AF30=" "," ",IF(AF30="Vehículos",VLOOKUP($AG$18,'Datos Indices'!$A$38:$Z$50,22,FALSE),IF(AF30="Ipim",VLOOKUP($AG$18,'Datos Indices'!$A$38:$Z$50,7,FALSE),IF(AF30="Dólar",VLOOKUP($AG$18,'Datos Indices'!$A$38:$Z$50,4,FALSE),IF(AF30="Gasoil",VLOOKUP($AG$18,'Datos Indices'!$A$38:$Z$50,10,FALSE),IF(AF30="WPU06 Pesificado",VLOOKUP($AG$18,'Datos Indices'!$A$38:$Z$50,26,FALSE),0)))))) | AH30: =K30*AG30/100 -> 0 | AK30: =IF(AJ30=" "," ",IF(AJ30="Vehículos",VLOOKUP($AK$18,'Datos Indices'!$A$38:$Z$50,22,FALSE),IF(AJ30="Ipim",VLOOKUP($AK$18,'Datos Indices'!$A$38:$Z$50,7,FALSE),IF(AJ30="Dólar",VLOOKUP($AK$18,'Datos Indices'!$A$38:$Z$50,4,FALSE),IF(AJ30="Gasoil",VLOOKUP($AK$18,'Datos Indices'!$A$38:$Z$50,10,FALSE),IF(AJ30="WPU06 Pesificado",VLOOKUP($AK$18,'Datos Indices'!$A$38:$Z$50,26,FALSE),0)))))) | AL30: =+P30*AK30/100 -> 0 | AM30: =+W30*AK30/100 -> 0 | AN30: =+AB30*AK30/100 -> 0 | AQ30: =IF(AP30=" "," ",IF(AP30="Vehículos",VLOOKUP($AQ$18,'Datos Indices'!$A$38:$Z$50,22,FALSE),IF(AP30="Ipim",VLOOKUP($AQ$18,'Datos Indices'!$A$38:$Z$50,7,FALSE),IF(AP30="Dólar",VLOOKUP($AQ$18,'Datos Indices'!$A$38:$Z$50,4,FALSE),IF(AP30="Gasoil",VLOOKUP($AQ$18,'Datos Indices'!$A$38:$Z$50,10,FALSE),IF(AP30="WPU06 Pesificado",VLOOKUP($AQ$18,'Datos Indices'!$A$38:$Z$50,26,FALSE),0)))))) | AR30: =AH30*AQ30/100 -> 0 | AU30: =IF(AT30=" "," ",IF(AT30="Vehículos",VLOOKUP($AU$18,'Datos Indices'!$A$38:$Z$50,22,FALSE),IF(AT30="Ipim",VLOOKUP($AU$18,'Datos Indices'!$A$38:$Z$50,7,FALSE),IF(AT30="Dólar",VLOOKUP($AU$18,'Datos Indices'!$A$38:$Z$50,4,FALSE),IF(AT30="Gasoil",VLOOKUP($AU$18,'Datos Indices'!$A$38:$Z$50,10,FALSE),IF(AT30="WPU06 Pesificado",VLOOKUP($AU$18,'Datos Indices'!$A$38:$Z$50,26,FALSE),0)))))) | AV30: =+AL30*AU30/100 -> 0 | AW30: =+AM30*AU30/100 -> 0 | AX30: =+AN30*AU30/100 -> 0 | AY30: =K30+P30 -> 0 | AZ30: =W30+AB30 -> 0 | BD30: =IF(AY30=0,"",IF((EJ30)=0,"","Controlar Aprop.")) | EI30: =SUM(BF30:EG30)*AY30 -> 0 | EJ30: =+AY30-EI30 -> 0 | EL30: =IF(AZ30=0,"",IF(HR30=0,"","Controlar Aprop.")) | HQ30: =SUM(EN30:HO30)*AZ30 -> 0 | HR30: =AZ30-HQ30 -> 0
K31: =(J31*I31*H31)*C31*D31 -> 0 | P31: =+(M31*N31*O31)*C31*D31 -> 0 | T31: =R31*S31 -> 0 | W31: =IF(U31=" ",0,(V31/U31*T31*C31*D31)) -> 0 | AB31: =SUM(X31:AA31)*C31*D31 -> 0 | AC31: =IF($C$9=0,0,(K31+P31+W31+AB31)/$C$9) -> 0 | AD31: =+K31+P31+W31+AB31 -> 0 | AG31: =IF(AF31=" "," ",IF(AF31="Vehículos",VLOOKUP($AG$18,'Datos Indices'!$A$38:$Z$50,22,FALSE),IF(AF31="Ipim",VLOOKUP($AG$18,'Datos Indices'!$A$38:$Z$50,7,FALSE),IF(AF31="Dólar",VLOOKUP($AG$18,'Datos Indices'!$A$38:$Z$50,4,FALSE),IF(AF31="Gasoil",VLOOKUP($AG$18,'Datos Indices'!$A$38:$Z$50,10,FALSE),IF(AF31="WPU06 Pesificado",VLOOKUP($AG$18,'Datos Indices'!$A$38:$Z$50,26,FALSE),0)))))) | AH31: =K31*AG31/100 -> 0 | AK31: =IF(AJ31=" "," ",IF(AJ31="Vehículos",VLOOKUP($AK$18,'Datos Indices'!$A$38:$Z$50,22,FALSE),IF(AJ31="Ipim",VLOOKUP($AK$18,'Datos Indices'!$A$38:$Z$50,7,FALSE),IF(AJ31="Dólar",VLOOKUP($AK$18,'Datos Indices'!$A$38:$Z$50,4,FALSE),IF(AJ31="Gasoil",VLOOKUP($AK$18,'Datos Indices'!$A$38:$Z$50,10,FALSE),IF(AJ31="WPU06 Pesificado",VLOOKUP($AK$18,'Datos Indices'!$A$38:$Z$50,26,FALSE),0)))))) | AL31: =+P31*AK31/100 -> 0 | AM31: =+W31*AK31/100 -> 0 | AN31: =+AB31*AK31/100 -> 0 | AQ31: =IF(AP31=" "," ",IF(AP31="Vehículos",VLOOKUP($AQ$18,'Datos Indices'!$A$38:$Z$50,22,FALSE),IF(AP31="Ipim",VLOOKUP($AQ$18,'Datos Indices'!$A$38:$Z$50,7,FALSE),IF(AP31="Dólar",VLOOKUP($AQ$18,'Datos Indices'!$A$38:$Z$50,4,FALSE),IF(AP31="Gasoil",VLOOKUP($AQ$18,'Datos Indices'!$A$38:$Z$50,10,FALSE),IF(AP31="WPU06 Pesificado",VLOOKUP($AQ$18,'Datos Indices'!$A$38:$Z$50,26,FALSE),0)))))) | AR31: =AH31*AQ31/100 -> 0 | AU31: =IF(AT31=" "," ",IF(AT31="Vehículos",VLOOKUP($AU$18,'Datos Indices'!$A$38:$Z$50,22,FALSE),IF(AT31="Ipim",VLOOKUP($AU$18,'Datos Indices'!$A$38:$Z$50,7,FALSE),IF(AT31="Dólar",VLOOKUP($AU$18,'Datos Indices'!$A$38:$Z$50,4,FALSE),IF(AT31="Gasoil",VLOOKUP($AU$18,'Datos Indices'!$A$38:$Z$50,10,FALSE),IF(AT31="WPU06 Pesificado",VLOOKUP($AU$18,'Datos Indices'!$A$38:$Z$50,26,FALSE),0)))))) | AV31: =+AL31*AU31/100 -> 0 | AW31: =+AM31*AU31/100 -> 0 | AX31: =+AN31*AU31/100 -> 0 | AY31: =K31+P31 -> 0 | AZ31: =W31+AB31 -> 0 | BD31: =IF(AY31=0,"",IF((EJ31)=0,"","Controlar Aprop.")) | EI31: =SUM(BF31:EG31)*AY31 -> 0 | EJ31: =+AY31-EI31 -> 0 | EL31: =IF(AZ31=0,"",IF(HR31=0,"","Controlar Aprop.")) | HQ31: =SUM(EN31:HO31)*AZ31 -> 0 | HR31: =AZ31-HQ31 -> 0
... K198: =(J198*I198*H198)*C198*D198 -> 0 | P198: =+(M198*N198*O198)*C198*D198 -> 0 | T198: =R198*S198 -> 0 | W198: =IF(U198=" ",0,(V198/U198*T198*C198*D198)) -> 0 | AB198: =SUM(X198:AA198)*C198*D198 -> 0 | AC198: =IF($C$9=0,0,(K198+P198+W198+AB198)/$C$9) -> 0 | AD198: =+K198+P198+W198+AB198 -> 0 | AG198: =IF(AF198=" "," ",IF(AF198="Vehículos",VLOOKUP($AG$18,'Datos Indices'!$A$38:$Z$50,22,FALSE),IF(AF198="Ipim",VLOOKUP($AG$18,'Datos Indices'!$A$38:$Z$50,7,FALSE),IF(AF198="Dólar",VLOOKUP($AG$18,'Datos Indices'!$A$38:$Z$50,4,FALSE),IF(AF198="Gasoil",VLOOKUP($AG$18,'Datos Indices'!$A$38:$Z$50,10,FALSE),IF(AF198="WPU06 Pesificado",VLOOKUP($AG$18,'Datos Indices'!$A$38:$Z$50,26,FALSE),0)))))) | AH198: =K198*AG198/100 -> 0 | AK198: =IF(AJ198=" "," ",IF(AJ198="Vehículos",VLOOKUP($AK$18,'Datos Indices'!$A$38:$Z$50,22,FALSE),IF(AJ198="Ipim",VLOOKUP($AK$18,'Datos Indices'!$A$38:$Z$50,7,FALSE),IF(AJ198="Dólar",VLOOKUP($AK$18,'Datos Indices'!$A$38:$Z$50,4,FALSE),IF(AJ198="Gasoil",VLOOKUP($AK$18,'Datos Indices'!$A$38:$Z$50,10,FALSE),IF(AJ198="WPU06 Pesificado",VLOOKUP($AK$18,'Datos Indices'!$A$38:$Z$50,26,FALSE),0)))))) | AL198: =+P198*AK198/100 -> 0 | AM198: =+W198*AK198/100 -> 0 | AN198: =+AB198*AK198/100 -> 0 | AQ198: =IF(AP198=" "," ",IF(AP198="Vehículos",VLOOKUP($AQ$18,'Datos Indices'!$A$38:$Z$50,22,FALSE),IF(AP198="Ipim",VLOOKUP($AQ$18,'Datos Indices'!$A$38:$Z$50,7,FALSE),IF(AP198="Dólar",VLOOKUP($AQ$18,'Datos Indices'!$A$38:$Z$50,4,FALSE),IF(AP198="Gasoil",VLOOKUP($AQ$18,'Datos Indices'!$A$38:$Z$50,10,FALSE),IF(AP198="WPU06 Pesificado",VLOOKUP($AQ$18,'Datos Indices'!$A$38:$Z$50,26,FALSE),0)))))) | AR198: =AH198*AQ198/100 -> 0 | AU198: =IF(AT198=" "," ",IF(AT198="Vehículos",VLOOKUP($AU$18,'Datos Indices'!$A$38:$Z$50,22,FALSE),IF(AT198="Ipim",VLOOKUP($AU$18,'Datos Indices'!$A$38:$Z$50,7,FALSE),IF(AT198="Dólar",VLOOKUP($AU$18,'Datos Indices'!$A$38:$Z$50,4,FALSE),IF(AT198="Gasoil",VLOOKUP($AU$18,'Datos Indices'!$A$38:$Z$50,10,FALSE),IF(AT198="WPU06 Pesificado",VLOOKUP($AU$18,'Datos Indices'!$A$38:$Z$50,26,FALSE),0)))))) | AV198: =+AL198*AU198/100 -> 0 | AW198: =+AM198*AU198/100 -> 0 | AX198: =+AN198*AU198/100 -> 0 | AY198: =K198+P198 -> 0 | AZ198: =W198+AB198 -> 0 | BD198: =IF(AY198=0,"",IF((EJ198)=0,"","Controlar Aprop.")) | EI198: =SUM(BF198:EG198)*AY198 -> 0 | EJ198: =+AY198-EI198 -> 0 | EL198: =IF(AZ198=0,"",IF(HR198=0,"","Controlar Aprop.")) | HQ198: =SUM(EN198:HO198)*AZ198 -> 0 | HR198: =AZ198-HQ198 -> 0
G199: TOTAL ASIGNADO AL PROYECTO: | K199: =SUM(K19:K198) -> 0 | P199: =SUM(P19:P198) -> 0 | W199: =SUM(W19:W198) -> 0 | AB199: =SUM(AB19:AB198) -> 0 | AC199: =SUM(AC19:AC198) -> 0 | AD199: =SUM(AD19:AD198) -> 0 | AH199: =SUM(AH19:AH198) -> 0 | AL199: =SUM(AL19:AL198) -> 0 | AM199: =SUM(AM19:AM198) -> 0 | AN199: =SUM(AN19:AN198) -> 0 | AR199: =SUM(AR19:AR198) -> 0 | AV199: =SUM(AV19:AV198) -> 0 | AW199: =SUM(AW19:AW198) -> 0 | AX199: =SUM(AX19:AX198) -> 0 | AY199: =SUM(AY19:AY198) -> 0 | AZ199: =SUM(AZ19:AZ198) -> 0 | BF199: =SUMPRODUCT(BF20:BF198,$AY$20:$AY$198) -> 0 | BG199: =SUMPRODUCT(BG20:BG198,$AY$20:$AY$198) -> 0 | BH199: =SUMPRODUCT(BH20:BH198,$AY$20:$AY$198) -> 0 | BI199: =SUMPRODUCT(BI20:BI198,$AY$20:$AY$198) -> 0 | BJ199: =SUMPRODUCT(BJ20:BJ198,$AY$20:$AY$198) -> 0 | BK199: =SUMPRODUCT(BK20:BK198,$AY$20:$AY$198) -> 0 | BL199: =SUMPRODUCT(BL20:BL198,$AY$20:$AY$198) -> 0 | BM199: =SUMPRODUCT(BM20:BM198,$AY$20:$AY$198) -> 0 | ... EG199: =SUMPRODUCT(EG20:EG198,$AY$20:$AY$198) -> 0 | EN199: =SUMPRODUCT(EN20:EN198,$AZ$20:$AZ$198) -> 0 | EO199: =SUMPRODUCT(EO20:EO198,$AZ$20:$AZ$198) -> 0 | EP199: =SUMPRODUCT(EP20:EP198,$AZ$20:$AZ$198) -> 0 | EQ199: =SUMPRODUCT(EQ20:EQ198,$AZ$20:$AZ$198) -> 0 | ER199: =SUMPRODUCT(ER20:ER198,$AZ$20:$AZ$198) -> 0 | ES199: =SUMPRODUCT(ES20:ES198,$AZ$20:$AZ$198) -> 0 | ET199: =SUMPRODUCT(ET20:ET198,$AZ$20:$AZ$198) -> 0 | EU199: =SUMPRODUCT(EU20:EU198,$AZ$20:$AZ$198) -> 0 | ... HO199: =SUMPRODUCT(HO20:HO198,$AZ$20:$AZ$198) -> 0
A201: TODOS LOS VALORES ESTAN EXPRESADOS EN PESOS SIN I.V.A.
B211: FIRMA RESPONSABLE | D211: ACLARACIÓN FIRMA

Sheet RESUMEN
B2: A N E X O I I I - DISCRIMINACIÓN DE PRECIOS
B4: Apellido y Nombre o Denominación del Contratista: | C4: ='INMUEBLES EQUIPOS Y RODADOS'!C4 -> 0 | J4: CONTRATO DE SERVICIO
B5: CUIT: | C5: ='INMUEBLES EQUIPOS Y RODADOS'!C5 -> 0 | J5: PLANILLA RESUMEN
B6: Contrato N°: | C6: ='INMUEBLES EQUIPOS Y RODADOS'!C6 -> 0
B7: Fecha inicio: | C7: ='INMUEBLES EQUIPOS Y RODADOS'!C7 -> 0
B8: Duración (en meses): | C8: ='INMUEBLES EQUIPOS Y RODADOS'!C9 -> 36 | E8: INDICE
A10: P O R R U B R O D E C O S T O | G10: Ajustado a | H10: =+'INMUEBLES EQUIPOS Y RODADOS'!X16 -> 40603 | J10: Ajustado a | K10: 40909
A11: R U B R O | D11: IMPORTE GLOBAL | E11: % | F11: IMPORTE MENSUAL
A12: INMUEBLES, EQUIPOS Y RODADOS | D12: ='INMUEBLES EQUIPOS Y RODADOS'!S251 -> 0 | E12: =IF($D$36=0,0,D12/$D$36) -> 0 | F12: =IF($C$8=0,0,D12/$C$8) -> 0 | G12: =+'INMUEBLES EQUIPOS Y RODADOS'!Y251 -> 0 | H12: =+G12/G36 -> #REF! | J12: =+'INMUEBLES EQUIPOS Y RODADOS'!AC251 -> 0 | K12: =+J12/J36 -> #DIV/0!
A13: MANO DE OBRA | D13: ='MANO DE OBRA'!CB295 -> 0 | E13: =IF($D$36=0,0,D13/$D$36) -> 0 | F13: =IF($C$8=0,0,D13/$C$8) -> 0 | G13: =VLOOKUP('INMUEBLES EQUIPOS Y RODADOS'!$X$15,#REF!,7,FALSE) -> #REF! | H13: =+G13/G$36 -> #REF! | J13: =+'MANO DE OBRA'!CB295 -> 0 | K13: =+J13/J$36 -> #DIV/0!
B14: Remunerativos | D14: =+'MANO DE OBRA'!BW295*C8 -> 0 | E14: =IF($D$36=0,0,D14/$D$36) -> 0 | F14: =IF($C$8=0,0,D14/$C$8) -> 0 | G14: =VLOOKUP('INMUEBLES EQUIPOS Y RODADOS'!$X$15,#REF!,2,FALSE)*$C$8 -> #REF! | H14: =+G14/G$36 -> #REF! | J14: =+'MANO DE OBRA'!BW295*C8 -> 0 | K14: =+J14/J$36 -> #DIV/0!
B15: No Remunerativos | D15: =+'MANO DE OBRA'!BX295*C8 -> 0 | E15: =IF($D$36=0,0,D15/$D$36) -> 0 | F15: =IF($C$8=0,0,D15/$C$8) -> 0 | G15: =VLOOKUP('INMUEBLES EQUIPOS Y RODADOS'!$X$15,#REF!,3,FALSE)*$C$8 -> #REF! | H15: =+G15/G$36 -> #REF! | J15: =+'MANO DE OBRA'!BX295*C8 -> 0 | K15: =+J15/J$36 -> #DIV/0!
B16: Cargas Sociales, SAC y Vacaciones | D16: =+'MANO DE OBRA'!BY295*C8 -> 0 | E16: =IF($D$36=0,0,D16/$D$36) -> 0 | F16: =IF($C$8=0,0,D16/$C$8) -> 0 | G16: =VLOOKUP('INMUEBLES EQUIPOS Y RODADOS'!$X$15,#REF!,4,FALSE)*$C$8 -> #REF! | H16: =+G16/G$36 -> #REF! | J16: =+'MANO DE OBRA'!BY295*C8 -> 0 | K16: =+J16/J$36 -> #DIV/0!
B17: Otros | D17: =+'MANO DE OBRA'!BZ295*C8 -> 0 | E17: =IF($D$36=0,0,D17/$D$36) -> 0 | F17: =IF($C$8=0,0,D17/$C$8) -> 0 | G17: =VLOOKUP('INMUEBLES EQUIPOS Y RODADOS'!$X$15,#REF!,5,FALSE)*$C$8 -> #REF! | H17: =+G17/G$36 -> #REF! | J17: =+'MANO DE OBRA'!BZ295*C8 -> 0 | K17: =+J17/J$36 -> #DIV/0!
A18: MATERIALES | D18: ='MATERIALES-INSUMOS'!M467 -> 0 | E18: =IF($D$36=0,0,D18/$D$36) -> 0 | F18: =IF($C$8=0,0,D18/$C$8) -> 0 | G18: =+'MATERIALES-INSUMOS'!R467 -> 0 | H18: =+G18/G$36 -> #REF! | J18: =+'MATERIALES-INSUMOS'!V467 -> 0 | K18: =+J18/J$36 -> #DIV/0!
A19: COMBUSTIBLES Y LUBRICANTES | D19: ='COMB-LUB-NEUM-MANT'!K199+'COMB-LUB-NEUM-MANT'!P199 -> 0 | E19: =IF($D$36=0,0,D19/$D$36) -> 0 | F19: =IF($C$8=0,0,D19/$C$8) -> 0 | G19: =+'COMB-LUB-NEUM-MANT'!AH199+'COMB-LUB-NEUM-MANT'!AL199 -> 0 | H19: =+G19/G$36 -> #REF! | J19: =+'COMB-LUB-NEUM-MANT'!AR199+'COMB-LUB-NEUM-MANT'!AV199 -> 0 | K19: =+J19/J$36 -> #DIV/0!
A20: NEUMATICOS Y MANTENIMIENTO | D20: ='COMB-LUB-NEUM-MANT'!W199+'COMB-LUB-NEUM-MANT'!AB199 -> 0 | E20: =IF($D$36=0,0,D20/$D$36) -> 0 | F20: =IF($C$8=0,0,D20/$C$8) -> 0 | G20: =+'COMB-LUB-NEUM-MANT'!AM199+'COMB-LUB-NEUM-MANT'!AN199 -> 0 | H20: =+G20/G$36 -> #REF! | J20: =+'COMB-LUB-NEUM-MANT'!AW199+'COMB-LUB-NEUM-MANT'!AX199 -> 0 | K20: =+J20/J$36 -> #DIV/0!
A21: COSTO ANTES DE IMPUESTO | D21: =+D12+D13+D18+D19+D20 -> 0 | F21: =IF($C$8=0,0,D21/$C$8) -> 0 | G21: =+G12+G13+G18+G19+G20 -> #REF! | J21: =+J12+J13+J18+J19+J20 -> 0
B22: Overhead | D22: =D21*C22 -> 0 | E22: =IF($D$36=0,0,D22/$D$36) -> 0 | F22: =IF($C$8=0,0,D22/$C$8) -> 0 | G22: =G21*C22 -> #REF! | H22: =+G22/G$36 -> #REF! | J22: =J21*C22 -> 0 | K22: =+J22/J$36 -> #DIV/0!
A24: IMPUESTOS | B24: =+'Información de Cabecera'!H15 -> 0.035 | C24: Ingresos Brutos | D24: =+$D$36*B24 -> 0 | F24: =IF($C$8=0,0,D24/$C$8) -> 0 | G24: =+$G$36*B24 -> #REF! | J24: =+$J$36*B24 -> 0
B25: =+'Información de Cabecera'!H17 -> 0.0085 | C25: Impuesto Sellos | D25: =+$D$36*B25 -> 0 | F25: =IF($C$8=0,0,D25/$C$8) -> 0 | G25: =+$G$36*B25 -> #REF! | J25: =+$J$36*B25 -> 0
B26: =1.2%*(1+(0.21*0.2)) -> 0.012504 | C26: Impuesto Cheque | D26: =+$D$36*B26 -> 0 | F26: =IF($C$8=0,0,D26/$C$8) -> 0 | G26: =+$G$36*B26 -> #REF! | J26: =+$J$36*B26 -> 0
B28: 0.35 | C28: Impuesto Ganancia | D28: =+D30*B28 -> 0 | F28: =IF($C$8=0,0,D28/$C$8) -> 0 | G28: =+G30*B28 -> #REF! | J28: =+J30*B28 -> 0
B29: TOTAL IMPUESTOS | D29: =+D24+D25+D26+D28 -> 0 | E29: =IF($D$36=0,0,D29/$D$36) -> 0 | F29: =IF($C$8=0,0,D29/$C$8) -> 0 | G29: =+G24+G25+G26+G28 -> #REF! | H29: =+G29/G$36 -> #REF! | J29: =+J24+J25+J26+J28 -> 0 | K29: =+J29/J$36 -> #DIV/0!
A30: BENEFICIO | D30: =(+D21+D22)*C30 -> 0 | E30: =IF($D$36=0,0,D30/$D$36) -> 0 | F30: =IF($C$8=0,0,D30/$C$8) -> 0 | G30: =(+G21+G22)*C30 -> #REF! | H30: =+G30/G$36 -> #REF! | J30: =(+J21+J22)*C30 -> 0 | K30: =+J30/J$36 -> #DIV/0!
A33: COSTO FINANCIERO | D33: =(D36*C33) -> 0 | E33: =+D33/$D$36 -> #DIV/0! | G33: =(G36*C33) -> #REF! | H33: =+G33/G$36 -> #REF! | J33: =(J36*E33) -> #DIV/0! | K33: =+J33/J$36 -> #DIV/0!
A36: TOTAL COTIZADO CONTRATO | D36: =+(D21+D22+(D30*0.35)+D30)/(1-($B$24+$B$25+$B$26+$C$33)) -> 0 | E36: =IF($D$36=0,0,D36/$D$36) -> 0 | F36: =IF($C$8=0,0,D36/$C$8) -> 0 | G36: =+(G21+G22+(G30*0.35)+G30)/(1-($B$24+$B$25+$B$26+$C$33)) -> #REF! | H36: =+H12+H13+H18+H19+H20+H22+H29+H30+H33 -> #REF! | J36: =+(J21+J22+(J30*0.35)+J30)/(1-($B$24+$B$25+$B$26+$C$33)) -> 0 | K36: =+K12+K13+K18+K19+K20+K22+K29+K30+K33 -> #DIV/0!
A37: PROMEDIO MENSUAL COTIZADO | D37: =D36/C8 -> 0 | G37: =G36/$C$8 -> #REF! | J37: =J36/$C$8 -> 0
G42: Aj. 10% MO | H42: =+H10 -> 40603 | J42: Aj. Nvo. CCT | K42: =+K10 -> 40909
B43: Mano de Obra | D43: =+D13 -> 0 | E43: =+D43/$D$46 -> #DIV/0! | F43: =+D43/$C$8 -> 0 | G43: =+G13 -> #REF! | H43: =+G43/$G$46 -> #REF! | J43: =+J13 -> 0 | K43: =+J43/$J$46 -> #DIV/0!
B44: Combustibles y Lubricantes | D44: =+D19 -> 0 | E44: =+D44/$D$46 -> #DIV/0! | F44: =+D44/$C$8 -> 0 | G44: =+G19 -> 0 | H44: =+G44/$G$46 -> #REF! | J44: =+J19 -> 0 | K44: =+J44/$J$46 -> #DIV/0!
B45: Resto (Incluye Miscelaneos+Impuestos+Beneficio) | D45: =+D12+D18+D20+D22+D29+D30+D33 -> 0 | E45: =+D45/$D$46 -> #DIV/0! | F45: =+D45/$C$8 -> 0 | G45: =+G12+G18+G20+G22+G29+G30+G33 -> #REF! | H45: =+G45/$G$46 -> #REF! | J45: =+J12+J18+J20+J22+J29+J30+J33 -> #DIV/0! | K45: =+J45/$J$46 -> #DIV/0!
B46: Total | D46: =SUM(D43:D45) -> 0 | E46: =SUM(E43:E45) -> #DIV/0! | F46: =+D46/$C$8 -> 0 | G46: =SUM(G43:G45) -> #REF! | H46: =SUM(H43:H45) -> #REF! | J46: =SUM(J43:J45) -> #DIV/0! | K46: =SUM(K43:K45) -> #DIV/0!

Sheet APROPIACION A PRECIOS
C2: PRECIOS
B4: Apellido y Nombre o Denominación del Contratista: | C4: =+'INMUEBLES EQUIPOS Y RODADOS'!C4 -> 0
B5: CUIT: | C5: =+'INMUEBLES EQUIPOS Y RODADOS'!C5 -> 0
B6: Contrato N°: | C6: =+'INMUEBLES EQUIPOS Y RODADOS'!C6 -> 0
B7: Fecha inicio: | C7: =+'INMUEBLES EQUIPOS Y RODADOS'!C7 -> 0 | H7: INDICE | AL7: INDICE
B8: Zona: | C8: =+'INMUEBLES EQUIPOS Y RODADOS'!C8 -> #VALUE!
B9: Duración (en meses): | C9: =+'INMUEBLES EQUIPOS Y RODADOS'!C9 -> 36
O10: APROPIACION DE COSTOS EN VALORES | Y10: APROPIACION DE COSTOS EN TERMINOS PORCENTUALES
B11: ITEM | C11: DESCRIPCIÓN | D11: UNIDAD DE MEDIDA | E11: Datos del servicio en SAP | H11: CANTIDAD UNIDADES (Mensual Estimada) | I11: PRECIO POR UNIDAD (PRETENDIDO) | J11: PRECIO FINAL POR ITEM (Mensual) | K11: PRECIOFINAL POR CONTRATO TOTAL | L11: Inm. Equi. Rod | M11: Mano Obra | N11: Materiales | O11: Comb. Lubric. | P11: Neumát. Mant. | Q11: Overhead | R11: Impuestos | S11: Beneficio | T11: Costo Financiero | U11: Total | V11: Inm. Equi. Rod | W11: Mano Obra | X11: Materiales | Y11: Comb. Lubric. | Z11: Neumát. Mant. | AA11: Overhead | AB11: Impuestos | AC11: Beneficio | AD11: Costo Financiero | AE11: Total | AG11: Cantidades | AJ11: Tarifas | AO11: Certificación teórica con cantidades consignadas por el proveedor | AR11: Certificación teórica con cantidades promedio en SAP | AU11: Certificación SAP | AX11: PRECIO POR UNIDAD SIN CANTIDAD
E12: POSICIÓN | F12: LÍNEA | G12: SERVICIO | H12: (Q) | I12: (P) | J12: (Q x P) | L12: En $ | M12: En $ | N12: En $ | O12: En $ | P12: En $ | Q12: En $ | R12: En $ | S12: En $ | T12: En $ | V12: En % | AG12: Según Proveedor | AH12: Reales Promedio | AJ12: Tarifa Pretendida | AL12: Tarifa Ajustada | AN12: Tarifa Actual | AO12: Pretendida | AP12: Ajustada | AQ12: Actual | AR12: Pretendida | AS12: Ajustada | AT12: Actual | AU12: Cert. Promedio | AV12: Último mes | AX12: (P)
V13: =L13/$U13 -> #DIV/0! | W13: =M13/$U13 -> #DIV/0! | X13: =N13/$U13 -> #DIV/0! | Y13: =O13/$U13 -> #DIV/0! | Z13: =P13/$U13 -> #DIV/0! | AA13: =Q13/$U13 -> #DIV/0! | AB13: =R13/$U13 -> #DIV/0! | AC13: =S13/$U13 -> #DIV/0! | AD13: =T13/$U13 -> #DIV/0! | AE13: =SUM(V13:AD13) -> #DIV/0! | AG13: =+H13 -> 0 | AK13: =IF(ISERROR(AJ13/AN13-1),0,(AJ13/AN13-1)) -> 0 | AL13: =IF(ISERROR(U13/$C$9/H13),0,(U13/$C$9/H13)) -> 0 | AM13: =IF(ISERROR(AL13/AN13-1),0,(AL13/AN13-1)) -> 0 | AO13: =$AG13*AJ13 -> 0 | AP13: =$AG13*AL13 -> 0 | AQ13: =$AG13*AN13 -> 0 | AR13: =+AJ13*AH13 -> 0 | AS13: =+AL13*AH13 -> 0 | AT13: =+AN13*AH13 -> 0
B14: 1 | C14: Precio por el “Servicio de PH en ChSN día hábil operativo”, en un todo de acuerdo con las Bases del presente Pedido de Precios.- | D14: DÍA | H14: 0.9625 | I14: =IF(H14=0,AX14,U14/$C$9/H14) -> 0 | J14: =H14*I14 -> 0 | K14: =J14*$C$9 -> 0 | L14: =HLOOKUP(B14,'INMUEBLES EQUIPOS Y RODADOS'!$AG$13:$DH$252,240,0) -> 0 | M14: =HLOOKUP(B14,'MANO DE OBRA'!$CF$11:$FG$295,285,0) -> 0 | N14: =HLOOKUP(B14,'MATERIALES-INSUMOS'!$Y$13:$CZ$467,455,0) -> 0 | O14: =HLOOKUP(B14,'COMB-LUB-NEUM-MANT'!$BF$15:$EG$199,185,0) -> 0 | P14: =HLOOKUP(B14,'COMB-LUB-NEUM-MANT'!$EN$15:$HO$199,185,0) -> 0 | Q14: =SUM(L14:P14)*(RESUMEN!$C$22) -> 0 | R14: =(($U14)*(RESUMEN!$B$24+RESUMEN!$B$25+RESUMEN!$B$26))+(S14*RESUMEN!$B$28) -> 0 | S14: =SUM(L14:Q14)*(RESUMEN!$C$30) -> 0 | T14: =+$U14*RESUMEN!$C$33 -> 0 | U14: =((L14+M14+N14+O14+P14+Q14+(S14*0.35)+S14)/(1-(RESUMEN!$B$24+RESUMEN!$B$25+RESUMEN!$B$26+RESUMEN!$C$33))) -> 0 | V14: =L14/$U14 -> #DIV/0! | W14: =M14/$U14 -> #DIV/0! | X14: =N14/$U14 -> #DIV/0! | Y14: =O14/$U14 -> #DIV/0! | Z14: =P14/$U14 -> #DIV/0! | AA14: =Q14/$U14 -> #DIV/0! | AB14: =R14/$U14 -> #DIV/0! | AC14: =S14/$U14 -> #DIV/0! | AD14: =T14/$U14 -> #DIV/0! | AE14: =SUM(V14:AD14) -> #DIV/0! | AG14: =+H14 -> 0.9625 | AK14: =IF(ISERROR(AJ14/AN14-1),0,(AJ14/AN14-1)) -> 0 | AL14: =IF(ISERROR(U14/$C$9/H14),0,(U14/$C$9/H14)) -> 0 | AM14: =IF(ISERROR(AL14/AN14-1),0,(AL14/AN14-1)) -> 0 | AO14: =$AG14*AJ14 -> 0 | AP14: =$AG14*AL14 -> 0 | AQ14: =$AG14*AN14 -> 0 | AR14: =+AJ14*AH14 -> 0 | AS14: =+AL14*AH14 -> 0 | AT14: =+AN14*AH14 -> 0 | AY14: =IF(H14="","",IF(AX14>0,"",IF(H14=0,"Cotizar Precio en Col. AX","")))
B15: 2 | C15: Precio por el “Servicio de PH en ChSN día stand by”, en un todo de acuerdo con las Bases del presente Pedido de Precios.- | D15: DÍA | I15: =IF(H15=0,AX15,U15/$C$9/H15) -> 0 | J15: =H15*I15 -> 0 | K15: =J15*$C$9 -> 0 | L15: =HLOOKUP(B15,'INMUEBLES EQUIPOS Y RODADOS'!$AG$13:$DH$252,240,0) -> 0 | M15: =HLOOKUP(B15,'MANO DE OBRA'!$CF$11:$FG$295,285,0) -> 0 | N15: =HLOOKUP(B15,'MATERIALES-INSUMOS'!$Y$13:$CZ$467,455,0) -> 0 | O15: =HLOOKUP(B15,'COMB-LUB-NEUM-MANT'!$BF$15:$EG$199,185,0) -> 0 | P15: =HLOOKUP(B15,'COMB-LUB-NEUM-MANT'!$EN$15:$HO$199,185,0) -> 0 | Q15: =SUM(L15:P15)*(RESUMEN!$C$22) -> 0 | R15: =(($U15)*(RESUMEN!$B$24+RESUMEN!$B$25+RESUMEN!$B$26))+(S15*RESUMEN!$B$28) -> 0 | S15: =SUM(L15:Q15)*(RESUMEN!$C$30) -> 0 | T15: =+$U15*RESUMEN!$C$33 -> 0 | U15: =((L15+M15+N15+O15+P15+Q15+(S15*0.35)+S15)/(1-(RESUMEN!$B$24+RESUMEN!$B$25+RESUMEN!$B$26+RESUMEN!$C$33))) -> 0 | V15: =L15/$U15 -> #DIV/0! | W15: =M15/$U15 -> #DIV/0! | X15: =N15/$U15 -> #DIV/0! | Y15: =O15/$U15 -> #DIV/0! | Z15: =P15/$U15 -> #DIV/0! | AA15: =Q15/$U15 -> #DIV/0! | AB15: =R15/$U15 -> #DIV/0! | AC15: =S15/$U15 -> #DIV/0! | AD15: =T15/$U15 -> #DIV/0! | AE15: =SUM(V15:AD15) -> #DIV/0! | AG15: =+H15 -> 0 | AK15: =IF(ISERROR(AJ15/AN15-1),0,(AJ15/AN15-1)) -> 0 | AL15: =IF(ISERROR(U15/$C$9/H15),0,(U15/$C$9/H15)) -> 0 | AM15: =IF(ISERROR(AL15/AN15-1),0,(AL15/AN15-1)) -> 0 | AO15: =$AG15*AJ15 -> 0 | AP15: =$AG15*AL15 -> 0 | AQ15: =$AG15*AN15 -> 0 | AR15: =+AJ15*AH15 -> 0 | AS15: =+AL15*AH15 -> 0 | AT15: =+AN15*AH15 -> 0 | AY15: =IF(H15="","",IF(AX15>0,"",IF(H15=0,"Cotizar Precio en Col. AX","")))
B16: 3 | C16: Precio por el “Servicio de PH en PH día hábil operativo”, en un todo de acuerdo con las Bases del presente Pedido de Precios.- | D16: DÍA | H16: 0.9625 | I16: =IF(H16=0,AX16,U16/$C$9/H16) -> 0 | J16: =H16*I16 -> 0 | K16: =J16*$C$9 -> 0 | L16: =HLOOKUP(B16,'INMUEBLES EQUIPOS Y RODADOS'!$AG$13:$DH$252,240,0) -> 0 | M16: =HLOOKUP(B16,'MANO DE OBRA'!$CF$11:$FG$295,285,0) -> 0 | N16: =HLOOKUP(B16,'MATERIALES-INSUMOS'!$Y$13:$CZ$467,455,0) -> 0 | O16: =HLOOKUP(B16,'COMB-LUB-NEUM-MANT'!$BF$15:$EG$199,185,0) -> 0 | P16: =HLOOKUP(B16,'COMB-LUB-NEUM-MANT'!$EN$15:$HO$199,185,0) -> 0 | Q16: =SUM(L16:P16)*(RESUMEN!$C$22) -> 0 | R16: =(($U16)*(RESUMEN!$B$24+RESUMEN!$B$25+RESUMEN!$B$26))+(S16*RESUMEN!$B$28) -> 0 | S16: =SUM(L16:Q16)*(RESUMEN!$C$30) -> 0 | T16: =+$U16*RESUMEN!$C$33 -> 0 | U16: =((L16+M16+N16+O16+P16+Q16+(S16*0.35)+S16)/(1-(RESUMEN!$B$24+RESUMEN!$B$25+RESUMEN!$B$26+RESUMEN!$C$33))) -> 0 | V16: =L16/$U16 -> #DIV/0! | W16: =M16/$U16 -> #DIV/0! | X16: =N16/$U16 -> #DIV/0! | Y16: =O16/$U16 -> #DIV/0! | Z16: =P16/$U16 -> #DIV/0! | AA16: =Q16/$U16 -> #DIV/0! | AB16: =R16/$U16 -> #DIV/0! | AC16: =S16/$U16 -> #DIV/0! | AD16: =T16/$U16 -> #DIV/0! | AE16: =SUM(V16:AD16) -> #DIV/0! | AG16: =+H16 -> 0.9625 | AK16: =IF(ISERROR(AJ16/AN16-1),0,(AJ16/AN16-1)) -> 0 | AL16: =IF(ISERROR(U16/$C$9/H16),0,(U16/$C$9/H16)) -> 0 | AM16: =IF(ISERROR(AL16/AN16-1),0,(AL16/AN16-1)) -> 0 | AO16: =$AG16*AJ16 -> 0 | AP16: =$AG16*AL16 -> 0 | AQ16: =$AG16*AN16 -> 0 | AR16: =+AJ16*AH16 -> 0 | AS16: =+AL16*AH16 -> 0 | AT16: =+AN16*AH16 -> 0 | AY16: =IF(H16="","",IF(AX16>0,"",IF(H16=0,"Cotizar Precio en Col. AX","")))
B17: 4 | C17: Precio por el “Servicio de PH en PH día stand by”, en un todo de acuerdo con las Bases del presente Pedido de Precios.- | D17: DÍA | I17: =IF(H17=0,AX17,U17/$C$9/H17) -> 0 | J17: =H17*I17 -> 0 | K17: =J17*$C$9 -> 0 | L17: =HLOOKUP(B17,'INMUEBLES EQUIPOS Y RODADOS'!$AG$13:$DH$252,240,0) -> 0 | M17: =HLOOKUP(B17,'MANO DE OBRA'!$CF$11:$FG$295,285,0) -> 0 | N17: =HLOOKUP(B17,'MATERIALES-INSUMOS'!$Y$13:$CZ$467,455,0) -> 0 | O17: =HLOOKUP(B17,'COMB-LUB-NEUM-MANT'!$BF$15:$EG$199,185,0) -> 0 | P17: =HLOOKUP(B17,'COMB-LUB-NEUM-MANT'!$EN$15:$HO$199,185,0) -> 0 | Q17: =SUM(L17:P17)*(RESUMEN!$C$22) -> 0 | R17: =(($U17)*(RESUMEN!$B$24+RESUMEN!$B$25+RESUMEN!$B$26))+(S17*RESUMEN!$B$28) -> 0 | S17: =SUM(L17:Q17)*(RESUMEN!$C$30) -> 0 | T17: =+$U17*RESUMEN!$C$33 -> 0 | U17: =((L17+M17+N17+O17+P17+Q17+(S17*0.35)+S17)/(1-(RESUMEN!$B$24+RESUMEN!$B$25+RESUMEN!$B$26+RESUMEN!$C$33))) -> 0 | V17: =L17/$U17 -> #DIV/0! | W17: =M17/$U17 -> #DIV/0! | X17: =N17/$U17 -> #DIV/0! | Y17: =O17/$U17 -> #DIV/0! | Z17: =P17/$U17 -> #DIV/0! | AA17: =Q17/$U17 -> #DIV/0! | AB17: =R17/$U17 -> #DIV/0! | AC17: =S17/$U17 -> #DIV/0! | AD17: =T17/$U17 -> #DIV/0! | AE17: =SUM(V17:AD17) -> #DIV/0! | AG17: =+H17 -> 0 | AK17: =IF(ISERROR(AJ17/AN17-1),0,(AJ17/AN17-1)) -> 0 | AL17: =IF(ISERROR(U17/$C$9/H17),0,(U17/$C$9/H17)) -> 0 | AM17: =IF(ISERROR(AL17/AN17-1),0,(AL17/AN17-1)) -> 0 | AO17: =$AG17*AJ17 -> 0 | AP17: =$AG17*AL17 -> 0 | AQ17: =$AG17*AN17 -> 0 | AR17: =+AJ17*AH17 -> 0 | AS17: =+AL17*AH17 -> 0 | AT17: =+AN17*AH17 -> 0 | AY17: =IF(H17="","",IF(AX17>0,"",IF(H17=0,"Cotizar Precio en Col. AX","")))
B18: 5 | C18: Precio por el “Servicio de PH en VAM día hábil operativo”, en un todo de acuerdo con las Bases del presente Pedido de Precios.- | D18: DÍA | H18: 0.075 | I18: =IF(H18=0,AX18,U18/$C$9/H18) -> 0 | J18: =H18*I18 -> 0 | K18: =J18*$C$9 -> 0 | L18: =HLOOKUP(B18,'INMUEBLES EQUIPOS Y RODADOS'!$AG$13:$DH$252,240,0) -> 0 | M18: =HLOOKUP(B18,'MANO DE OBRA'!$CF$11:$FG$295,285,0) -> 0 | N18: =HLOOKUP(B18,'MATERIALES-INSUMOS'!$Y$13:$CZ$467,455,0) -> 0 | O18: =HLOOKUP(B18,'COMB-LUB-NEUM-MANT'!$BF$15:$EG$199,185,0) -> 0 | P18: =HLOOKUP(B18,'COMB-LUB-NEUM-MANT'!$EN$15:$HO$199,185,0) -> 0 | Q18: =SUM(L18:P18)*(RESUMEN!$C$22) -> 0 | R18: =(($U18)*(RESUMEN!$B$24+RESUMEN!$B$25+RESUMEN!$B$26))+(S18*RESUMEN!$B$28) -> 0 | S18: =SUM(L18:Q18)*(RESUMEN!$C$30) -> 0 | T18: =+$U18*RESUMEN!$C$33 -> 0 | U18: =((L18+M18+N18+O18+P18+Q18+(S18*0.35)+S18)/(1-(RESUMEN!$B$24+RESUMEN!$B$25+RESUMEN!$B$26+RESUMEN!$C$33))) -> 0 | V18: =L18/$U18 -> #DIV/0! | W18: =M18/$U18 -> #DIV/0! | X18: =N18/$U18 -> #DIV/0! | Y18: =O18/$U18 -> #DIV/0! | Z18: =P18/$U18 -> #DIV/0! | AA18: =Q18/$U18 -> #DIV/0! | AB18: =R18/$U18 -> #DIV/0! | AC18: =S18/$U18 -> #DIV/0! | AD18: =T18/$U18 -> #DIV/0! | AE18: =SUM(V18:AD18) -> #DIV/0! | AG18: =+H18 -> 0.075 | AK18: =IF(ISERROR(AJ18/AN18-1),0,(AJ18/AN18-1)) -> 0 | AL18: =IF(ISERROR(U18/$C$9/H18),0,(U18/$C$9/H18)) -> 0 | AM18: =IF(ISERROR(AL18/AN18-1),0,(AL18/AN18-1)) -> 0 | AO18: =$AG18*AJ18 -> 0 | AP18: =$AG18*AL18 -> 0 | AQ18: =$AG18*AN18 -> 0 | AR18: =+AJ18*AH18 -> 0 | AS18: =+AL18*AH18 -> 0 | AT18: =+AN18*AH18 -> 0 | AY18: =IF(H18="","",IF(AX18>0,"",IF(H18=0,"Cotizar Precio en Col. AX","")))
B19: 6 | C19: Precio por el “Servicio de PH en VAM día stand by”, en un todo de acuerdo con las Bases del presente Pedido de Precios.- | D19: DÍA | I19: =IF(H19=0,AX19,U19/$C$9/H19) -> 0 | J19: =H19*I19 -> 0 | K19: =J19*$C$9 -> 0 | L19: =HLOOKUP(B19,'INMUEBLES EQUIPOS Y RODADOS'!$AG$13:$DH$252,240,0) -> 0 | M19: =HLOOKUP(B19,'MANO DE OBRA'!$CF$11:$FG$295,285,0) -> 0 | N19: =HLOOKUP(B19,'MATERIALES-INSUMOS'!$Y$13:$CZ$467,455,0) -> 0 | O19: =HLOOKUP(B19,'COMB-LUB-NEUM-MANT'!$BF$15:$EG$199,185,0) -> 0 | P19: =HLOOKUP(B19,'COMB-LUB-NEUM-MANT'!$EN$15:$HO$199,185,0) -> 0 | Q19: =SUM(L19:P19)*(RESUMEN!$C$22) -> 0 | R19: =(($U19)*(RESUMEN!$B$24+RESUMEN!$B$25+RESUMEN!$B$26))+(S19*RESUMEN!$B$28) -> 0 | S19: =SUM(L19:Q19)*(RESUMEN!$C$30) -> 0 | T19: =+$U19*RESUMEN!$C$33 -> 0 | U19: =((L19+M19+N19+O19+P19+Q19+(S19*0.35)+S19)/(1-(RESUMEN!$B$24+RESUMEN!$B$25+RESUMEN!$B$26+RESUMEN!$C$33))) -> 0 | V19: =L19/$U19 -> #DIV/0! | W19: =M19/$U19 -> #DIV/0! | X19: =N19/$U19 -> #DIV/0! | Y19: =O19/$U19 -> #DIV/0! | Z19: =P19/$U19 -> #DIV/0! | AA19: =Q19/$U19 -> #DIV/0! | AB19: =R19/$U19 -> #DIV/0! | AC19: =S19/$U19 -> #DIV/0! | AD19: =T19/$U19 -> #DIV/0! | AE19: =SUM(V19:AD19) -> #DIV/0! | AG19: =+H19 -> 0 | AK19: =IF(ISERROR(AJ19/AN19-1),0,(AJ19/AN19-1)) -> 0 | AL19: =IF(ISERROR(U19/$C$9/H19),0,(U19/$C$9/H19)) -> 0 | AM19: =IF(ISERROR(AL19/AN19-1),0,(AL19/AN19-1)) -> 0 | AO19: =$AG19*AJ19 -> 0 | AP19: =$AG19*AL19 -> 0 | AQ19: =$AG19*AN19 -> 0 | AR19: =+AJ19*AH19 -> 0 | AS19: =+AL19*AH19 -> 0 | AT19: =+AN19*AH19 -> 0 | AY19: =IF(H19="","",IF(AX19>0,"",IF(H19=0,"Cotizar Precio en Col. AX","")))
B20: 7 | I20: =IF(H20=0,AX20,U20/$C$9/H20) -> 0 | J20: =H20*I20 -> 0 | K20: =J20*$C$9 -> 0 | L20: =HLOOKUP(B20,'INMUEBLES EQUIPOS Y RODADOS'!$AG$13:$DH$252,240,0) -> 0 | M20: =HLOOKUP(B20,'MANO DE OBRA'!$CF$11:$FG$295,285,0) -> 0 | N20: =HLOOKUP(B20,'MATERIALES-INSUMOS'!$Y$13:$CZ$467,455,0) -> 0 | O20: =HLOOKUP(B20,'COMB-LUB-NEUM-MANT'!$BF$15:$EG$199,185,0) -> 0 | P20: =HLOOKUP(B20,'COMB-LUB-NEUM-MANT'!$EN$15:$HO$199,185,0) -> 0 | Q20: =SUM(L20:P20)*(RESUMEN!$C$22) -> 0 | R20: =(($U20)*(RESUMEN!$B$24+RESUMEN!$B$25+RESUMEN!$B$26))+(S20*RESUMEN!$B$28) -> 0 | S20: =SUM(L20:Q20)*(RESUMEN!$C$30) -> 0 | T20: =+$U20*RESUMEN!$C$33 -> 0 | U20: =((L20+M20+N20+O20+P20+Q20+(S20*0.35)+S20)/(1-(RESUMEN!$B$24+RESUMEN!$B$25+RESUMEN!$B$26+RESUMEN!$C$33))) -> 0 | V20: =L20/$U20 -> #DIV/0! | W20: =M20/$U20 -> #DIV/0! | X20: =N20/$U20 -> #DIV/0! | Y20: =O20/$U20 -> #DIV/0! | Z20: =P20/$U20 -> #DIV/0! | AA20: =Q20/$U20 -> #DIV/0! | AB20: =R20/$U20 -> #DIV/0! | AC20: =S20/$U20 -> #DIV/0! | AD20: =T20/$U20 -> #DIV/0! | AE20: =SUM(V20:AD20) -> #DIV/0! | AG20: =+H20 -> 0 | AK20: =IF(ISERROR(AJ20/AN20-1),0,(AJ20/AN20-1)) -> 0 | AL20: =IF(ISERROR(U20/$C$9/H20),0,(U20/$C$9/H20)) -> 0 | AM20: =IF(ISERROR(AL20/AN20-1),0,(AL20/AN20-1)) -> 0 | AO20: =$AG20*AJ20 -> 0 | AP20: =$AG20*AL20 -> 0 | AQ20: =$AG20*AN20 -> 0 | AR20: =+AJ20*AH20 -> 0 | AS20: =+AL20*AH20 -> 0 | AT20: =+AN20*AH20 -> 0 | AY20: =IF(H20="","",IF(AX20>0,"",IF(H20=0,"Cotizar Precio en Col. AX","")))
B21: 8 | I21: =IF(H21=0,AX21,U21/$C$9/H21) -> 0 | J21: =H21*I21 -> 0 | K21: =J21*$C$9 -> 0 | L21: =HLOOKUP(B21,'INMUEBLES EQUIPOS Y RODADOS'!$AG$13:$DH$252,240,0) -> 0 | M21: =HLOOKUP(B21,'MANO DE OBRA'!$CF$11:$FG$295,285,0) -> 0 | N21: =HLOOKUP(B21,'MATERIALES-INSUMOS'!$Y$13:$CZ$467,455,0) -> 0 | O21: =HLOOKUP(B21,'COMB-LUB-NEUM-MANT'!$BF$15:$EG$199,185,0) -> 0 | P21: =HLOOKUP(B21,'COMB-LUB-NEUM-MANT'!$EN$15:$HO$199,185,0) -> 0 | Q21: =SUM(L21:P21)*(RESUMEN!$C$22) -> 0 | R21: =(($U21)*(RESUMEN!$B$24+RESUMEN!$B$25+RESUMEN!$B$26))+(S21*RESUMEN!$B$28) -> 0 | S21: =SUM(L21:Q21)*(RESUMEN!$C$30) -> 0 | T21: =+$U21*RESUMEN!$C$33 -> 0 | U21: =((L21+M21+N21+O21+P21+Q21+(S21*0.35)+S21)/(1-(RESUMEN!$B$24+RESUMEN!$B$25+RESUMEN!$B$26+RESUMEN!$C$33))) -> 0 | V21: =L21/$U21 -> #DIV/0! | W21: =M21/$U21 -> #DIV/0! | X21: =N21/$U21 -> #DIV/0! | Y21: =O21/$U21 -> #DIV/0! | Z21: =P21/$U21 -> #DIV/0! | AA21: =Q21/$U21 -> #DIV/0! | AB21: =R21/$U21 -> #DIV/0! | AC21: =S21/$U21 -> #DIV/0! | AD21: =T21/$U21 -> #DIV/0! | AE21: =SUM(V21:AD21) -> #DIV/0! | AG21: =+H21 -> 0 | AK21: =IF(ISERROR(AJ21/AN21-1),0,(AJ21/AN21-1)) -> 0 | AL21: =IF(ISERROR(U21/$C$9/H21),0,(U21/$C$9/H21)) -> 0 | AM21: =IF(ISERROR(AL21/AN21-1),0,(AL21/AN21-1)) -> 0 | AO21: =$AG21*AJ21 -> 0 | AP21: =$AG21*AL21 -> 0 | AQ21: =$AG21*AN21 -> 0 | AR21: =+AJ21*AH21 -> 0 | AS21: =+AL21*AH21 -> 0 | AT21: =+AN21*AH21 -> 0 | AY21: =IF(H21="","",IF(AX21>0,"",IF(H21=0,"Cotizar Precio en Col. AX","")))
B22: 9 | I22: =IF(H22=0,AX22,U22/$C$9/H22) -> 0 | J22: =H22*I22 -> 0 | K22: =J22*$C$9 -> 0 | L22: =HLOOKUP(B22,'INMUEBLES EQUIPOS Y RODADOS'!$AG$13:$DH$252,240,0) -> 0 | M22: =HLOOKUP(B22,'MANO DE OBRA'!$CF$11:$FG$295,285,0) -> 0 | N22: =HLOOKUP(B22,'MATERIALES-INSUMOS'!$Y$13:$CZ$467,455,0) -> 0 | O22: =HLOOKUP(B22,'COMB-LUB-NEUM-MANT'!$BF$15:$EG$199,185,0) -> 0 | P22: =HLOOKUP(B22,'COMB-LUB-NEUM-MANT'!$EN$15:$HO$199,185,0) -> 0 | Q22: =SUM(L22:P22)*(RESUMEN!$C$22) -> 0 | R22: =(($U22)*(RESUMEN!$B$24+RESUMEN!$B$25+RESUMEN!$B$26))+(S22*RESUMEN!$B$28) -> 0 | S22: =SUM(L22:Q22)*(RESUMEN!$C$30) -> 0 | T22: =+$U22*RESUMEN!$C$33 -> 0 | U22: =((L22+M22+N22+O22+P22+Q22+(S22*0.35)+S22)/(1-(RESUMEN!$B$24+RESUMEN!$B$25+RESUMEN!$B$26+RESUMEN!$C$33))) -> 0 | V22: =L22/$U22 -> #DIV/0! | W22: =M22/$U22 -> #DIV/0! | X22: =N22/$U22 -> #DIV/0! | Y22: =O22/$U22 -> #DIV/0! | Z22: =P22/$U22 -> #DIV/0! | AA22: =Q22/$U22 -> #DIV/0! | AB22: =R22/$U22 -> #DIV/0! | AC22: =S22/$U22 -> #DIV/0! | AD22: =T22/$U22 -> #DIV/0! | AE22: =SUM(V22:AD22) -> #DIV/0! | AG22: =+H22 -> 0 | AK22: =IF(ISERROR(AJ22/AN22-1),0,(AJ22/AN22-1)) -> 0 | AL22: =IF(ISERROR(U22/$C$9/H22),0,(U22/$C$9/H22)) -> 0 | AM22: =IF(ISERROR(AL22/AN22-1),0,(AL22/AN22-1)) -> 0 | AO22: =$AG22*AJ22 -> 0 | AP22: =$AG22*AL22 -> 0 | AQ22: =$AG22*AN22 -> 0 | AR22: =+AJ22*AH22 -> 0 | AS22: =+AL22*AH22 -> 0 | AT22: =+AN22*AH22 -> 0 | AY22: =IF(H22="","",IF(AX22>0,"",IF(H22=0,"Cotizar Precio en Col. AX","")))
B23: 10 | I23: =IF(H23=0,AX23,U23/$C$9/H23) -> 0 | J23: =H23*I23 -> 0 | K23: =J23*$C$9 -> 0 | L23: =HLOOKUP(B23,'INMUEBLES EQUIPOS Y RODADOS'!$AG$13:$DH$252,240,0) -> 0 | M23: =HLOOKUP(B23,'MANO DE OBRA'!$CF$11:$FG$295,285,0) -> 0 | N23: =HLOOKUP(B23,'MATERIALES-INSUMOS'!$Y$13:$CZ$467,455,0) -> 0 | O23: =HLOOKUP(B23,'COMB-LUB-NEUM-MANT'!$BF$15:$EG$199,185,0) -> 0 | P23: =HLOOKUP(B23,'COMB-LUB-NEUM-MANT'!$EN$15:$HO$199,185,0) -> 0 | Q23: =SUM(L23:P23)*(RESUMEN!$C$22) -> 0 | R23: =(($U23)*(RESUMEN!$B$24+RESUMEN!$B$25+RESUMEN!$B$26))+(S23*RESUMEN!$B$28) -> 0 | S23: =SUM(L23:Q23)*(RESUMEN!$C$30) -> 0 | T23: =+$U23*RESUMEN!$C$33 -> 0 | U23: =((L23+M23+N23+O23+P23+Q23+(S23*0.35)+S23)/(1-(RESUMEN!$B$24+RESUMEN!$B$25+RESUMEN!$B$26+RESUMEN!$C$33))) -> 0 | V23: =L23/$U23 -> #DIV/0! | W23: =M23/$U23 -> #DIV/0! | X23: =N23/$U23 -> #DIV/0! | Y23: =O23/$U23 -> #DIV/0! | Z23: =P23/$U23 -> #DIV/0! | AA23: =Q23/$U23 -> #DIV/0! | AB23: =R23/$U23 -> #DIV/0! | AC23: =S23/$U23 -> #DIV/0! | AD23: =T23/$U23 -> #DIV/0! | AE23: =SUM(V23:AD23) -> #DIV/0! | AG23: =+H23 -> 0 | AK23: =IF(ISERROR(AJ23/AN23-1),0,(AJ23/AN23-1)) -> 0 | AL23: =IF(ISERROR(U23/$C$9/H23),0,(U23/$C$9/H23)) -> 0 | AM23: =IF(ISERROR(AL23/AN23-1),0,(AL23/AN23-1)) -> 0 | AO23: =$AG23*AJ23 -> 0 | AP23: =$AG23*AL23 -> 0 | AQ23: =$AG23*AN23 -> 0 | AR23: =+AJ23*AH23 -> 0 | AS23: =+AL23*AH23 -> 0 | AT23: =+AN23*AH23 -> 0 | AY23: =IF(H23="","",IF(AX23>0,"",IF(H23=0,"Cotizar Precio en Col. AX","")))
B24: 11 | I24: =IF(H24=0,AX24,U24/$C$9/H24) -> 0 | J24: =H24*I24 -> 0 | K24: =J24*$C$9 -> 0 | L24: =HLOOKUP(B24,'INMUEBLES EQUIPOS Y RODADOS'!$AG$13:$DH$252,240,0) -> 0 | M24: =HLOOKUP(B24,'MANO DE OBRA'!$CF$11:$FG$295,285,0) -> 0 | N24: =HLOOKUP(B24,'MATERIALES-INSUMOS'!$Y$13:$CZ$467,455,0) -> 0 | O24: =HLOOKUP(B24,'COMB-LUB-NEUM-MANT'!$BF$15:$EG$199,185,0) -> 0 | P24: =HLOOKUP(B24,'COMB-LUB-NEUM-MANT'!$EN$15:$HO$199,185,0) -> 0 | Q24: =SUM(L24:P24)*(RESUMEN!$C$22) -> 0 | R24: =(($U24)*(RESUMEN!$B$24+RESUMEN!$B$25+RESUMEN!$B$26))+(S24*RESUMEN!$B$28) -> 0 | S24: =SUM(L24:Q24)*(RESUMEN!$C$30) -> 0 | T24: =+$U24*RESUMEN!$C$33 -> 0 | U24: =((L24+M24+N24+O24+P24+Q24+(S24*0.35)+S24)/(1-(RESUMEN!$B$24+RESUMEN!$B$25+RESUMEN!$B$26+RESUMEN!$C$33))) -> 0 | V24: =L24/$U24 -> #DIV/0! | W24: =M24/$U24 -> #DIV/0! | X24: =N24/$U24 -> #DIV/0! | Y24: =O24/$U24 -> #DIV/0! | Z24: =P24/$U24 -> #DIV/0! | AA24: =Q24/$U24 -> #DIV/0! | AB24: =R24/$U24 -> #DIV/0! | AC24: =S24/$U24 -> #DIV/0! | AD24: =T24/$U24 -> #DIV/0! | AE24: =SUM(V24:AD24) -> #DIV/0! | AG24: =+H24 -> 0 | AK24: =IF(ISERROR(AJ24/AN24-1),0,(AJ24/AN24-1)) -> 0 | AL24: =IF(ISERROR(U24/$C$9/H24),0,(U24/$C$9/H24)) -> 0 | AM24: =IF(ISERROR(AL24/AN24-1),0,(AL24/AN24-1)) -> 0 | AO24: =$AG24*AJ24 -> 0 | AP24: =$AG24*AL24 -> 0 | AQ24: =$AG24*AN24 -> 0 | AR24: =+AJ24*AH24 -> 0 | AS24: =+AL24*AH24 -> 0 | AT24: =+AN24*AH24 -> 0 | AY24: =IF(H24="","",IF(AX24>0,"",IF(H24=0,"Cotizar Precio en Col. AX","")))
B25: 12 | I25: =IF(H25=0,AX25,U25/$C$9/H25) -> 0 | J25: =H25*I25 -> 0 | K25: =J25*$C$9 -> 0 | L25: =HLOOKUP(B25,'INMUEBLES EQUIPOS Y RODADOS'!$AG$13:$DH$252,240,0) -> 0 | M25: =HLOOKUP(B25,'MANO DE OBRA'!$CF$11:$FG$295,285,0) -> 0 | N25: =HLOOKUP(B25,'MATERIALES-INSUMOS'!$Y$13:$CZ$467,455,0) -> 0 | O25: =HLOOKUP(B25,'COMB-LUB-NEUM-MANT'!$BF$15:$EG$199,185,0) -> 0 | P25: =HLOOKUP(B25,'COMB-LUB-NEUM-MANT'!$EN$15:$HO$199,185,0) -> 0 | Q25: =SUM(L25:P25)*(RESUMEN!$C$22) -> 0 | R25: =(($U25)*(RESUMEN!$B$24+RESUMEN!$B$25+RESUMEN!$B$26))+(S25*RESUMEN!$B$28) -> 0 | S25: =SUM(L25:Q25)*(RESUMEN!$C$30) -> 0 | T25: =+$U25*RESUMEN!$C$33 -> 0 | U25: =((L25+M25+N25+O25+P25+Q25+(S25*0.35)+S25)/(1-(RESUMEN!$B$24+RESUMEN!$B$25+RESUMEN!$B$26+RESUMEN!$C$33))) -> 0 | V25: =L25/$U25 -> #DIV/0! | W25: =M25/$U25 -> #DIV/0! | X25: =N25/$U25 -> #DIV/0! | Y25: =O25/$U25 -> #DIV/0! | Z25: =P25/$U25 -> #DIV/0! | AA25: =Q25/$U25 -> #DIV/0! | AB25: =R25/$U25 -> #DIV/0! | AC25: =S25/$U25 -> #DIV/0! | AD25: =T25/$U25 -> #DIV/0! | AE25: =SUM(V25:AD25) -> #DIV/0! | AG25: =+H25 -> 0 | AK25: =IF(ISERROR(AJ25/AN25-1),0,(AJ25/AN25-1)) -> 0 | AL25: =IF(ISERROR(U25/$C$9/H25),0,(U25/$C$9/H25)) -> 0 | AM25: =IF(ISERROR(AL25/AN25-1),0,(AL25/AN25-1)) -> 0 | AO25: =$AG25*AJ25 -> 0 | AP25: =$AG25*AL25 -> 0 | AQ25: =$AG25*AN25 -> 0 | AR25: =+AJ25*AH25 -> 0 | AS25: =+AL25*AH25 -> 0 | AT25: =+AN25*AH25 -> 0 | AY25: =IF(H25="","",IF(AX25>0,"",IF(H25=0,"Cotizar Precio en Col. AX","")))
B26: 13 | I26: =IF(H26=0,AX26,U26/$C$9/H26) -> 0 | J26: =H26*I26 -> 0 | K26: =J26*$C$9 -> 0 | L26: =HLOOKUP(B26,'INMUEBLES EQUIPOS Y RODADOS'!$AG$13:$DH$252,240,0) -> 0 | M26: =HLOOKUP(B26,'MANO DE OBRA'!$CF$11:$FG$295,285,0) -> 0 | N26: =HLOOKUP(B26,'MATERIALES-INSUMOS'!$Y$13:$CZ$467,455,0) -> 0 | O26: =HLOOKUP(B26,'COMB-LUB-NEUM-MANT'!$BF$15:$EG$199,185,0) -> 0 | P26: =HLOOKUP(B26,'COMB-LUB-NEUM-MANT'!$EN$15:$HO$199,185,0) -> 0 | Q26: =SUM(L26:P26)*(RESUMEN!$C$22) -> 0 | R26: =(($U26)*(RESUMEN!$B$24+RESUMEN!$B$25+RESUMEN!$B$26))+(S26*RESUMEN!$B$28) -> 0 | S26: =SUM(L26:Q26)*(RESUMEN!$C$30) -> 0 | T26: =+$U26*RESUMEN!$C$33 -> 0 | U26: =((L26+M26+N26+O26+P26+Q26+(S26*0.35)+S26)/(1-(RESUMEN!$B$24+RESUMEN!$B$25+RESUMEN!$B$26+RESUMEN!$C$33))) -> 0 | V26: =L26/$U26 -> #DIV/0! | W26: =M26/$U26 -> #DIV/0! | X26: =N26/$U26 -> #DIV/0! | Y26: =O26/$U26 -> #DIV/0! | Z26: =P26/$U26 -> #DIV/0! | AA26: =Q26/$U26 -> #DIV/0! | AB26: =R26/$U26 -> #DIV/0! | AC26: =S26/$U26 -> #DIV/0! | AD26: =T26/$U26 -> #DIV/0! | AE26: =SUM(V26:AD26) -> #DIV/0! | AG26: =+H26 -> 0 | AK26: =IF(ISERROR(AJ26/AN26-1),0,(AJ26/AN26-1)) -> 0 | AL26: =IF(ISERROR(U26/$C$9/H26),0,(U26/$C$9/H26)) -> 0 | AM26: =IF(ISERROR(AL26/AN26-1),0,(AL26/AN26-1)) -> 0 | AO26: =$AG26*AJ26 -> 0 | AP26: =$AG26*AL26 -> 0 | AQ26: =$AG26*AN26 -> 0 | AR26: =+AJ26*AH26 -> 0 | AS26: =+AL26*AH26 -> 0 | AT26: =+AN26*AH26 -> 0 | AY26: =IF(H26="","",IF(AX26>0,"",IF(H26=0,"Cotizar Precio en Col. AX","")))
B27: 14 | I27: =IF(H27=0,AX27,U27/$C$9/H27) -> 0 | J27: =H27*I27 -> 0 | K27: =J27*$C$9 -> 0 | L27: =HLOOKUP(B27,'INMUEBLES EQUIPOS Y RODADOS'!$AG$13:$DH$252,240,0) -> 0 | M27: =HLOOKUP(B27,'MANO DE OBRA'!$CF$11:$FG$295,285,0) -> 0 | N27: =HLOOKUP(B27,'MATERIALES-INSUMOS'!$Y$13:$CZ$467,455,0) -> 0 | O27: =HLOOKUP(B27,'COMB-LUB-NEUM-MANT'!$BF$15:$EG$199,185,0) -> 0 | P27: =HLOOKUP(B27,'COMB-LUB-NEUM-MANT'!$EN$15:$HO$199,185,0) -> 0 | Q27: =SUM(L27:P27)*(RESUMEN!$C$22) -> 0 | R27: =(($U27)*(RESUMEN!$B$24+RESUMEN!$B$25+RESUMEN!$B$26))+(S27*RESUMEN!$B$28) -> 0 | S27: =SUM(L27:Q27)*(RESUMEN!$C$30) -> 0 | T27: =+$U27*RESUMEN!$C$33 -> 0 | U27: =((L27+M27+N27+O27+P27+Q27+(S27*0.35)+S27)/(1-(RESUMEN!$B$24+RESUMEN!$B$25+RESUMEN!$B$26+RESUMEN!$C$33))) -> 0 | V27: =L27/$U27 -> #DIV/0! | W27: =M27/$U27 -> #DIV/0! | X27: =N27/$U27 -> #DIV/0! | Y27: =O27/$U27 -> #DIV/0! | Z27: =P27/$U27 -> #DIV/0! | AA27: =Q27/$U27 -> #DIV/0! | AB27: =R27/$U27 -> #DIV/0! | AC27: =S27/$U27 -> #DIV/0! | AD27: =T27/$U27 -> #DIV/0! | AE27: =SUM(V27:AD27) -> #DIV/0! | AG27: =+H27 -> 0 | AK27: =IF(ISERROR(AJ27/AN27-1),0,(AJ27/AN27-1)) -> 0 | AL27: =IF(ISERROR(U27/$C$9/H27),0,(U27/$C$9/H27)) -> 0 | AM27: =IF(ISERROR(AL27/AN27-1),0,(AL27/AN27-1)) -> 0 | AO27: =$AG27*AJ27 -> 0 | AP27: =$AG27*AL27 -> 0 | AQ27: =$AG27*AN27 -> 0 | AR27: =+AJ27*AH27 -> 0 | AS27: =+AL27*AH27 -> 0 | AT27: =+AN27*AH27 -> 0 | AY27: =IF(H27="","",IF(AX27>0,"",IF(H27=0,"Cotizar Precio en Col. AX","")))
B28: 15 | I28: =IF(H28=0,AX28,U28/$C$9/H28) -> 0 | J28: =H28*I28 -> 0 | K28: =J28*$C$9 -> 0 | L28: =HLOOKUP(B28,'INMUEBLES EQUIPOS Y RODADOS'!$AG$13:$DH$252,240,0) -> 0 | M28: =HLOOKUP(B28,'MANO DE OBRA'!$CF$11:$FG$295,285,0) -> 0 | N28: =HLOOKUP(B28,'MATERIALES-INSUMOS'!$Y$13:$CZ$467,455,0) -> 0 | O28: =HLOOKUP(B28,'COMB-LUB-NEUM-MANT'!$BF$15:$EG$199,185,0) -> 0 | P28: =HLOOKUP(B28,'COMB-LUB-NEUM-MANT'!$EN$15:$HO$199,185,0) -> 0 | Q28: =SUM(L28:P28)*(RESUMEN!$C$22) -> 0 | R28: =(($U28)*(RESUMEN!$B$24+RESUMEN!$B$25+RESUMEN!$B$26))+(S28*RESUMEN!$B$28) -> 0 | S28: =SUM(L28:Q28)*(RESUMEN!$C$30) -> 0 | T28: =+$U28*RESUMEN!$C$33 -> 0 | U28: =((L28+M28+N28+O28+P28+Q28+(S28*0.35)+S28)/(1-(RESUMEN!$B$24+RESUMEN!$B$25+RESUMEN!$B$26+RESUMEN!$C$33))) -> 0 | V28: =L28/$U28 -> #DIV/0! | W28: =M28/$U28 -> #DIV/0! | X28: =N28/$U28 -> #DIV/0! | Y28: =O28/$U28 -> #DIV/0! | Z28: =P28/$U28 -> #DIV/0! | AA28: =Q28/$U28 -> #DIV/0! | AB28: =R28/$U28 -> #DIV/0! | AC28: =S28/$U28 -> #DIV/0! | AD28: =T28/$U28 -> #DIV/0! | AE28: =SUM(V28:AD28) -> #DIV/0! | AG28: =+H28 -> 0 | AK28: =IF(ISERROR(AJ28/AN28-1),0,(AJ28/AN28-1)) -> 0 | AL28: =IF(ISERROR(U28/$C$9/H28),0,(U28/$C$9/H28)) -> 0 | AM28: =IF(ISERROR(AL28/AN28-1),0,(AL28/AN28-1)) -> 0 | AO28: =$AG28*AJ28 -> 0 | AP28: =$AG28*AL28 -> 0 | AQ28: =$AG28*AN28 -> 0 | AR28: =+AJ28*AH28 -> 0 | AS28: =+AL28*AH28 -> 0 | AT28: =+AN28*AH28 -> 0 | AY28: =IF(H28="","",IF(AX28>0,"",IF(H28=0,"Cotizar Precio en Col. AX","")))
B29: 16 | I29: =IF(H29=0,AX29,U29/$C$9/H29) -> 0 | J29: =H29*I29 -> 0 | K29: =J29*$C$9 -> 0 | L29: =HLOOKUP(B29,'INMUEBLES EQUIPOS Y RODADOS'!$AG$13:$DH$252,240,0) -> 0 | M29: =HLOOKUP(B29,'MANO DE OBRA'!$CF$11:$FG$295,285,0) -> 0 | N29: =HLOOKUP(B29,'MATERIALES-INSUMOS'!$Y$13:$CZ$467,455,0) -> 0 | O29: =HLOOKUP(B29,'COMB-LUB-NEUM-MANT'!$BF$15:$EG$199,185,0) -> 0 | P29: =HLOOKUP(B29,'COMB-LUB-NEUM-MANT'!$EN$15:$HO$199,185,0) -> 0 | Q29: =SUM(L29:P29)*(RESUMEN!$C$22) -> 0 | R29: =(($U29)*(RESUMEN!$B$24+RESUMEN!$B$25+RESUMEN!$B$26))+(S29*RESUMEN!$B$28) -> 0 | S29: =SUM(L29:Q29)*(RESUMEN!$C$30) -> 0 | T29: =+$U29*RESUMEN!$C$33 -> 0 | U29: =((L29+M29+N29+O29+P29+Q29+(S29*0.35)+S29)/(1-(RESUMEN!$B$24+RESUMEN!$B$25+RESUMEN!$B$26+RESUMEN!$C$33))) -> 0 | V29: =L29/$U29 -> #DIV/0! | W29: =M29/$U29 -> #DIV/0! | X29: =N29/$U29 -> #DIV/0! | Y29: =O29/$U29 -> #DIV/0! | Z29: =P29/$U29 -> #DIV/0! | AA29: =Q29/$U29 -> #DIV/0! | AB29: =R29/$U29 -> #DIV/0! | AC29: =S29/$U29 -> #DIV/0! | AD29: =T29/$U29 -> #DIV/0! | AE29: =SUM(V29:AD29) -> #DIV/0! | AG29: =+H29 -> 0 | AK29: =IF(ISERROR(AJ29/AN29-1),0,(AJ29/AN29-1)) -> 0 | AL29: =IF(ISERROR(U29/$C$9/H29),0,(U29/$C$9/H29)) -> 0 | AM29: =IF(ISERROR(AL29/AN29-1),0,(AL29/AN29-1)) -> 0 | AO29: =$AG29*AJ29 -> 0 | AP29: =$AG29*AL29 -> 0 | AQ29: =$AG29*AN29 -> 0 | AR29: =+AJ29*AH29 -> 0 | AS29: =+AL29*AH29 -> 0 | AT29: =+AN29*AH29 -> 0 | AY29: =IF(H29="","",IF(AX29>0,"",IF(H29=0,"Cotizar Precio en Col. AX","")))
B30: 17 | I30: =IF(H30=0,AX30,U30/$C$9/H30) -> 0 | J30: =H30*I30 -> 0 | K30: =J30*$C$9 -> 0 | L30: =HLOOKUP(B30,'INMUEBLES EQUIPOS Y RODADOS'!$AG$13:$DH$252,240,0) -> 0 | M30: =HLOOKUP(B30,'MANO DE OBRA'!$CF$11:$FG$295,285,0) -> 0 | N30: =HLOOKUP(B30,'MATERIALES-INSUMOS'!$Y$13:$CZ$467,455,0) -> 0 | O30: =HLOOKUP(B30,'COMB-LUB-NEUM-MANT'!$BF$15:$EG$199,185,0) -> 0 | P30: =HLOOKUP(B30,'COMB-LUB-NEUM-MANT'!$EN$15:$HO$199,185,0) -> 0 | Q30: =SUM(L30:P30)*(RESUMEN!$C$22) -> 0 | R30: =(($U30)*(RESUMEN!$B$24+RESUMEN!$B$25+RESUMEN!$B$26))+(S30*RESUMEN!$B$28) -> 0 | S30: =SUM(L30:Q30)*(RESUMEN!$C$30) -> 0 | T30: =+$U30*RESUMEN!$C$33 -> 0 | U30: =((L30+M30+N30+O30+P30+Q30+(S30*0.35)+S30)/(1-(RESUMEN!$B$24+RESUMEN!$B$25+RESUMEN!$B$26+RESUMEN!$C$33))) -> 0 | V30: =L30/$U30 -> #DIV/0! | W30: =M30/$U30 -> #DIV/0! | X30: =N30/$U30 -> #DIV/0! | Y30: =O30/$U30 -> #DIV/0! | Z30: =P30/$U30 -> #DIV/0! | AA30: =Q30/$U30 -> #DIV/0! | AB30: =R30/$U30 -> #DIV/0! | AC30: =S30/$U30 -> #DIV/0! | AD30: =T30/$U30 -> #DIV/0! | AE30: =SUM(V30:AD30) -> #DIV/0! | AG30: =+H30 -> 0 | AK30: =IF(ISERROR(AJ30/AN30-1),0,(AJ30/AN30-1)) -> 0 | AL30: =IF(ISERROR(U30/$C$9/H30),0,(U30/$C$9/H30)) -> 0 | AM30: =IF(ISERROR(AL30/AN30-1),0,(AL30/AN30-1)) -> 0 | AO30: =$AG30*AJ30 -> 0 | AP30: =$AG30*AL30 -> 0 | AQ30: =$AG30*AN30 -> 0 | AR30: =+AJ30*AH30 -> 0 | AS30: =+AL30*AH30 -> 0 | AT30: =+AN30*AH30 -> 0 | AY30: =IF(H30="","",IF(AX30>0,"",IF(H30=0,"Cotizar Precio en Col. AX","")))
B31: 18 | I31: =IF(H31=0,AX31,U31/$C$9/H31) -> 0 | J31: =H31*I31 -> 0 | K31: =J31*$C$9 -> 0 | L31: =HLOOKUP(B31,'INMUEBLES EQUIPOS Y RODADOS'!$AG$13:$DH$252,240,0) -> 0 | M31: =HLOOKUP(B31,'MANO DE OBRA'!$CF$11:$FG$295,285,0) -> 0 | N31: =HLOOKUP(B31,'MATERIALES-INSUMOS'!$Y$13:$CZ$467,455,0) -> 0 | O31: =HLOOKUP(B31,'COMB-LUB-NEUM-MANT'!$BF$15:$EG$199,185,0) -> 0 | P31: =HLOOKUP(B31,'COMB-LUB-NEUM-MANT'!$EN$15:$HO$199,185,0) -> 0 | Q31: =SUM(L31:P31)*(RESUMEN!$C$22) -> 0 | R31: =(($U31)*(RESUMEN!$B$24+RESUMEN!$B$25+RESUMEN!$B$26))+(S31*RESUMEN!$B$28) -> 0 | S31: =SUM(L31:Q31)*(RESUMEN!$C$30) -> 0 | T31: =+$U31*RESUMEN!$C$33 -> 0 | U31: =((L31+M31+N31+O31+P31+Q31+(S31*0.35)+S31)/(1-(RESUMEN!$B$24+RESUMEN!$B$25+RESUMEN!$B$26+RESUMEN!$C$33))) -> 0 | V31: =L31/$U31 -> #DIV/0! | W31: =M31/$U31 -> #DIV/0! | X31: =N31/$U31 -> #DIV/0! | Y31: =O31/$U31 -> #DIV/0! | Z31: =P31/$U31 -> #DIV/0! | AA31: =Q31/$U31 -> #DIV/0! | AB31: =R31/$U31 -> #DIV/0! | AC31: =S31/$U31 -> #DIV/0! | AD31: =T31/$U31 -> #DIV/0! | AE31: =SUM(V31:AD31) -> #DIV/0! | AG31: =+H31 -> 0 | AK31: =IF(ISERROR(AJ31/AN31-1),0,(AJ31/AN31-1)) -> 0 | AL31: =IF(ISERROR(U31/$C$9/H31),0,(U31/$C$9/H31)) -> 0 | AM31: =IF(ISERROR(AL31/AN31-1),0,(AL31/AN31-1)) -> 0 | AO31: =$AG31*AJ31 -> 0 | AP31: =$AG31*AL31 -> 0 | AQ31: =$AG31*AN31 -> 0 | AR31: =+AJ31*AH31 -> 0 | AS31: =+AL31*AH31 -> 0 | AT31: =+AN31*AH31 -> 0 | AY31: =IF(H31="","",IF(AX31>0,"",IF(H31=0,"Cotizar Precio en Col. AX","")))
... B36: 23 | I36: =IF(H36=0,AX36,U36/$C$9/H36) -> 0 | J36: =H36*I36 -> 0 | K36: =J36*$C$9 -> 0 | L36: =HLOOKUP(B36,'INMUEBLES EQUIPOS Y RODADOS'!$AG$13:$DH$252,240,0) -> 0 | M36: =HLOOKUP(B36,'MANO DE OBRA'!$CF$11:$FG$295,285,0) -> 0 | N36: =HLOOKUP(B36,'MATERIALES-INSUMOS'!$Y$13:$CZ$467,455,0) -> 0 | O36: =HLOOKUP(B36,'COMB-LUB-NEUM-MANT'!$BF$15:$EG$199,185,0) -> 0 | P36: =HLOOKUP(B36,'COMB-LUB-NEUM-MANT'!$EN$15:$HO$199,185,0) -> 0 | Q36: =SUM(L36:P36)*(RESUMEN!$C$22) -> 0 | R36: =(($U36)*(RESUMEN!$B$24+RESUMEN!$B$25+RESUMEN!$B$26))+(S36*RESUMEN!$B$28) -> 0 | S36: =SUM(L36:Q36)*(RESUMEN!$C$30) -> 0 | T36: =+$U36*RESUMEN!$C$33 -> 0 | U36: =((L36+M36+N36+O36+P36+Q36+(S36*0.35)+S36)/(1-(RESUMEN!$B$24+RESUMEN!$B$25+RESUMEN!$B$26+RESUMEN!$C$33))) -> 0 | V36: =L36/$U36 -> #DIV/0! | W36: =M36/$U36 -> #DIV/0! | X36: =N36/$U36 -> #DIV/0! | Y36: =O36/$U36 -> #DIV/0! | Z36: =P36/$U36 -> #DIV/0! | AA36: =Q36/$U36 -> #DIV/0! | AB36: =R36/$U36 -> #DIV/0! | AC36: =S36/$U36 -> #DIV/0! | AD36: =T36/$U36 -> #DIV/0! | AE36: =SUM(V36:AD36) -> #DIV/0! | AG36: =+H36 -> 0 | AK36: =IF(ISERROR(AJ36/AN36-1),0,(AJ36/AN36-1)) -> 0 | AL36: =IF(ISERROR(U36/$C$9/H36),0,(U36/$C$9/H36)) -> 0 | AM36: =IF(ISERROR(AL36/AN36-1),0,(AL36/AN36-1)) -> 0 | AO36: =$AG36*AJ36 -> 0 | AP36: =$AG36*AL36 -> 0 | AQ36: =$AG36*AN36 -> 0 | AR36: =+AJ36*AH36 -> 0 | AS36: =+AL36*AH36 -> 0 | AT36: =+AN36*AH36 -> 0 | AY36: =IF(H36="","",IF(AX36>0,"",IF(H36=0,"Cotizar Precio en Col. AX","")))
B37: 24 | I37: =IF(H37=0,AX37,U37/$C$9/H37) -> 0 | J37: =H37*I37 -> 0 | K37: =J37*$C$9 -> 0 | L37: =HLOOKUP(B37,'INMUEBLES EQUIPOS Y RODADOS'!$AG$13:$DH$252,240,0) -> 0 | M37: =HLOOKUP(B37,'MANO DE OBRA'!$CF$11:$FG$295,285,0) -> 0 | N37: =HLOOKUP(B37,'MATERIALES-INSUMOS'!$Y$13:$CZ$467,455,0) -> 0 | O37: =HLOOKUP(B37,'COMB-LUB-NEUM-MANT'!$BF$15:$EG$199,185,0) -> 0 | P37: =HLOOKUP(B37,'COMB-LUB-NEUM-MANT'!$EN$15:$HO$199,185,0) -> 0 | Q37: =SUM(L37:P37)*(RESUMEN!$C$22) -> 0 | R37: =(($U37)*(RESUMEN!$B$24+RESUMEN!$B$25+RESUMEN!$B$26))+(S37*RESUMEN!$B$28) -> 0 | S37: =SUM(L37:Q37)*(RESUMEN!$C$30) -> 0 | T37: =+$U37*RESUMEN!$C$33 -> 0 | U37: =((L37+M37+N37+O37+P37+Q37+(S37*0.35)+S37)/(1-(RESUMEN!$B$24+RESUMEN!$B$25+RESUMEN!$B$26+RESUMEN!$C$33))) -> 0 | AG37: =+H37 -> 0 | AK37: =IF(ISERROR(AJ37/AN37-1),0,(AJ37/AN37-1)) -> 0 | AL37: =IF(ISERROR(U37/$C$9/H37),0,(U37/$C$9/H37)) -> 0 | AM37: =IF(ISERROR(AL37/AN37-1),0,(AL37/AN37-1)) -> 0 | AO37: =$AG37*AJ37 -> 0 | AP37: =$AG37*AL37 -> 0 | AQ37: =$AG37*AN37 -> 0 | AR37: =+AJ37*AH37 -> 0 | AS37: =+AL37*AH37 -> 0 | AT37: =+AN37*AH37 -> 0 | AY37: =IF(H37="","",IF(AX37>0,"",IF(H37=0,"Cotizar Precio en Col. AX","")))
B38: 25 | I38: =IF(H38=0,AX38,U38/$C$9/H38) -> 0 | J38: =H38*I38 -> 0 | K38: =J38*$C$9 -> 0 | L38: =HLOOKUP(B38,'INMUEBLES EQUIPOS Y RODADOS'!$AG$13:$DH$252,240,0) -> 0 | M38: =HLOOKUP(B38,'MANO DE OBRA'!$CF$11:$FG$295,285,0) -> 0 | N38: =HLOOKUP(B38,'MATERIALES-INSUMOS'!$Y$13:$CZ$467,455,0) -> 0 | O38: =HLOOKUP(B38,'COMB-LUB-NEUM-MANT'!$BF$15:$EG$199,185,0) -> 0 | P38: =HLOOKUP(B38,'COMB-LUB-NEUM-MANT'!$EN$15:$HO$199,185,0) -> 0 | Q38: =SUM(L38:P38)*(RESUMEN!$C$22) -> 0 | R38: =(($U38)*(RESUMEN!$B$24+RESUMEN!$B$25+RESUMEN!$B$26))+(S38*RESUMEN!$B$28) -> 0 | S38: =SUM(L38:Q38)*(RESUMEN!$C$30) -> 0 | T38: =+$U38*RESUMEN!$C$33 -> 0 | U38: =((L38+M38+N38+O38+P38+Q38+(S38*0.35)+S38)/(1-(RESUMEN!$B$24+RESUMEN!$B$25+RESUMEN!$B$26+RESUMEN!$C$33))) -> 0 | AG38: =+H38 -> 0 | AK38: =IF(ISERROR(AJ38/AN38-1),0,(AJ38/AN38-1)) -> 0 | AL38: =IF(ISERROR(U38/$C$9/H38),0,(U38/$C$9/H38)) -> 0 | AM38: =IF(ISERROR(AL38/AN38-1),0,(AL38/AN38-1)) -> 0 | AO38: =$AG38*AJ38 -> 0 | AP38: =$AG38*AL38 -> 0 | AQ38: =$AG38*AN38 -> 0 | AR38: =+AJ38*AH38 -> 0 | AS38: =+AL38*AH38 -> 0 | AT38: =+AN38*AH38 -> 0 | AY38: =IF(H38="","",IF(AX38>0,"",IF(H38=0,"Cotizar Precio en Col. AX","")))
B39: 26 | I39: =IF(H39=0,AX39,U39/$C$9/H39) -> 0 | J39: =H39*I39 -> 0 | K39: =J39*$C$9 -> 0 | L39: =HLOOKUP(B39,'INMUEBLES EQUIPOS Y RODADOS'!$AG$13:$DH$252,240,0) -> 0 | M39: =HLOOKUP(B39,'MANO DE OBRA'!$CF$11:$FG$295,285,0) -> 0 | N39: =HLOOKUP(B39,'MATERIALES-INSUMOS'!$Y$13:$CZ$467,455,0) -> 0 | O39: =HLOOKUP(B39,'COMB-LUB-NEUM-MANT'!$BF$15:$EG$199,185,0) -> 0 | P39: =HLOOKUP(B39,'COMB-LUB-NEUM-MANT'!$EN$15:$HO$199,185,0) -> 0 | Q39: =SUM(L39:P39)*(RESUMEN!$C$22) -> 0 | R39: =(($U39)*(RESUMEN!$B$24+RESUMEN!$B$25+RESUMEN!$B$26))+(S39*RESUMEN!$B$28) -> 0 | S39: =SUM(L39:Q39)*(RESUMEN!$C$30) -> 0 | T39: =+$U39*RESUMEN!$C$33 -> 0 | U39: =((L39+M39+N39+O39+P39+Q39+(S39*0.35)+S39)/(1-(RESUMEN!$B$24+RESUMEN!$B$25+RESUMEN!$B$26+RESUMEN!$C$33))) -> 0 | AG39: =+H39 -> 0 | AK39: =IF(ISERROR(AJ39/AN39-1),0,(AJ39/AN39-1)) -> 0 | AL39: =IF(ISERROR(U39/$C$9/H39),0,(U39/$C$9/H39)) -> 0 | AM39: =IF(ISERROR(AL39/AN39-1),0,(AL39/AN39-1)) -> 0 | AO39: =$AG39*AJ39 -> 0 | AP39: =$AG39*AL39 -> 0 | AQ39: =$AG39*AN39 -> 0 | AR39: =+AJ39*AH39 -> 0 | AS39: =+AL39*AH39 -> 0 | AT39: =+AN39*AH39 -> 0 | AY39: =IF(H39="","",IF(AX39>0,"",IF(H39=0,"Cotizar Precio en Col. AX","")))
B40: 27 | I40: =IF(H40=0,AX40,U40/$C$9/H40) -> 0 | J40: =H40*I40 -> 0 | K40: =J40*$C$9 -> 0 | L40: =HLOOKUP(B40,'INMUEBLES EQUIPOS Y RODADOS'!$AG$13:$DH$252,240,0) -> 0 | M40: =HLOOKUP(B40,'MANO DE OBRA'!$CF$11:$FG$295,285,0) -> 0 | N40: =HLOOKUP(B40,'MATERIALES-INSUMOS'!$Y$13:$CZ$467,455,0) -> 0 | O40: =HLOOKUP(B40,'COMB-LUB-NEUM-MANT'!$BF$15:$EG$199,185,0) -> 0 | P40: =HLOOKUP(B40,'COMB-LUB-NEUM-MANT'!$EN$15:$HO$199,185,0) -> 0 | Q40: =SUM(L40:P40)*(RESUMEN!$C$22) -> 0 | R40: =(($U40)*(RESUMEN!$B$24+RESUMEN!$B$25+RESUMEN!$B$26))+(S40*RESUMEN!$B$28) -> 0 | S40: =SUM(L40:Q40)*(RESUMEN!$C$30) -> 0 | T40: =+$U40*RESUMEN!$C$33 -> 0 | U40: =((L40+M40+N40+O40+P40+Q40+(S40*0.35)+S40)/(1-(RESUMEN!$B$24+RESUMEN!$B$25+RESUMEN!$B$26+RESUMEN!$C$33))) -> 0 | AG40: =+H40 -> 0 | AK40: =IF(ISERROR(AJ40/AN40-1),0,(AJ40/AN40-1)) -> 0 | AL40: =IF(ISERROR(U40/$C$9/H40),0,(U40/$C$9/H40)) -> 0 | AM40: =IF(ISERROR(AL40/AN40-1),0,(AL40/AN40-1)) -> 0 | AO40: =$AG40*AJ40 -> 0 | AP40: =$AG40*AL40 -> 0 | AQ40: =$AG40*AN40 -> 0 | AR40: =+AJ40*AH40 -> 0 | AS40: =+AL40*AH40 -> 0 | AT40: =+AN40*AH40 -> 0 | AY40: =IF(H40="","",IF(AX40>0,"",IF(H40=0,"Cotizar Precio en Col. AX","")))
B41: 28 | I41: =IF(H41=0,AX41,U41/$C$9/H41) -> 0 | J41: =H41*I41 -> 0 | K41: =J41*$C$9 -> 0 | L41: =HLOOKUP(B41,'INMUEBLES EQUIPOS Y RODADOS'!$AG$13:$DH$252,240,0) -> 0 | M41: =HLOOKUP(B41,'MANO DE OBRA'!$CF$11:$FG$295,285,0) -> 0 | N41: =HLOOKUP(B41,'MATERIALES-INSUMOS'!$Y$13:$CZ$467,455,0) -> 0 | O41: =HLOOKUP(B41,'COMB-LUB-NEUM-MANT'!$BF$15:$EG$199,185,0) -> 0 | P41: =HLOOKUP(B41,'COMB-LUB-NEUM-MANT'!$EN$15:$HO$199,185,0) -> 0 | Q41: =SUM(L41:P41)*(RESUMEN!$C$22) -> 0 | R41: =(($U41)*(RESUMEN!$B$24+RESUMEN!$B$25+RESUMEN!$B$26))+(S41*RESUMEN!$B$28) -> 0 | S41: =SUM(L41:Q41)*(RESUMEN!$C$30) -> 0 | T41: =+$U41*RESUMEN!$C$33 -> 0 | U41: =((L41+M41+N41+O41+P41+Q41+(S41*0.35)+S41)/(1-(RESUMEN!$B$24+RESUMEN!$B$25+RESUMEN!$B$26+RESUMEN!$C$33))) -> 0 | AG41: =+H41 -> 0 | AK41: =IF(ISERROR(AJ41/AN41-1),0,(AJ41/AN41-1)) -> 0 | AL41: =IF(ISERROR(U41/$C$9/H41),0,(U41/$C$9/H41)) -> 0 | AM41: =IF(ISERROR(AL41/AN41-1),0,(AL41/AN41-1)) -> 0 | AO41: =$AG41*AJ41 -> 0 | AP41: =$AG41*AL41 -> 0 | AQ41: =$AG41*AN41 -> 0 | AR41: =+AJ41*AH41 -> 0 | AS41: =+AL41*AH41 -> 0 | AT41: =+AN41*AH41 -> 0 | AY41: =IF(H41="","",IF(AX41>0,"",IF(H41=0,"Cotizar Precio en Col. AX","")))
B42: 29 | I42: =IF(H42=0,AX42,U42/$C$9/H42) -> 0 | J42: =H42*I42 -> 0 | K42: =J42*$C$9 -> 0 | L42: =HLOOKUP(B42,'INMUEBLES EQUIPOS Y RODADOS'!$AG$13:$DH$252,240,0) -> 0 | M42: =HLOOKUP(B42,'MANO DE OBRA'!$CF$11:$FG$295,285,0) -> 0 | N42: =HLOOKUP(B42,'MATERIALES-INSUMOS'!$Y$13:$CZ$467,455,0) -> 0 | O42: =HLOOKUP(B42,'COMB-LUB-NEUM-MANT'!$BF$15:$EG$199,185,0) -> 0 | P42: =HLOOKUP(B42,'COMB-LUB-NEUM-MANT'!$EN$15:$HO$199,185,0) -> 0 | Q42: =SUM(L42:P42)*(RESUMEN!$C$22) -> 0 | R42: =(($U42)*(RESUMEN!$B$24+RESUMEN!$B$25+RESUMEN!$B$26))+(S42*RESUMEN!$B$28) -> 0 | S42: =SUM(L42:Q42)*(RESUMEN!$C$30) -> 0 | T42: =+$U42*RESUMEN!$C$33 -> 0 | U42: =((L42+M42+N42+O42+P42+Q42+(S42*0.35)+S42)/(1-(RESUMEN!$B$24+RESUMEN!$B$25+RESUMEN!$B$26+RESUMEN!$C$33))) -> 0 | AG42: =+H42 -> 0 | AK42: =IF(ISERROR(AJ42/AN42-1),0,(AJ42/AN42-1)) -> 0 | AL42: =IF(ISERROR(U42/$C$9/H42),0,(U42/$C$9/H42)) -> 0 | AM42: =IF(ISERROR(AL42/AN42-1),0,(AL42/AN42-1)) -> 0 | AO42: =$AG42*AJ42 -> 0 | AP42: =$AG42*AL42 -> 0 | AQ42: =$AG42*AN42 -> 0 | AR42: =+AJ42*AH42 -> 0 | AS42: =+AL42*AH42 -> 0 | AT42: =+AN42*AH42 -> 0 | AY42: =IF(H42="","",IF(AX42>0,"",IF(H42=0,"Cotizar Precio en Col. AX","")))
B43: 30 | I43: =IF(H43=0,AX43,U43/$C$9/H43) -> 0 | J43: =H43*I43 -> 0 | K43: =J43*$C$9 -> 0 | L43: =HLOOKUP(B43,'INMUEBLES EQUIPOS Y RODADOS'!$AG$13:$DH$252,240,0) -> 0 | M43: =HLOOKUP(B43,'MANO DE OBRA'!$CF$11:$FG$295,285,0) -> 0 | N43: =HLOOKUP(B43,'MATERIALES-INSUMOS'!$Y$13:$CZ$467,455,0) -> 0 | O43: =HLOOKUP(B43,'COMB-LUB-NEUM-MANT'!$BF$15:$EG$199,185,0) -> 0 | P43: =HLOOKUP(B43,'COMB-LUB-NEUM-MANT'!$EN$15:$HO$199,185,0) -> 0 | Q43: =SUM(L43:P43)*(RESUMEN!$C$22) -> 0 | R43: =(($U43)*(RESUMEN!$B$24+RESUMEN!$B$25+RESUMEN!$B$26))+(S43*RESUMEN!$B$28) -> 0 | S43: =SUM(L43:Q43)*(RESUMEN!$C$30) -> 0 | T43: =+$U43*RESUMEN!$C$33 -> 0 | U43: =((L43+M43+N43+O43+P43+Q43+(S43*0.35)+S43)/(1-(RESUMEN!$B$24+RESUMEN!$B$25+RESUMEN!$B$26+RESUMEN!$C$33))) -> 0 | AG43: =+H43 -> 0 | AK43: =IF(ISERROR(AJ43/AN43-1),0,(AJ43/AN43-1)) -> 0 | AL43: =IF(ISERROR(U43/$C$9/H43),0,(U43/$C$9/H43)) -> 0 | AM43: =IF(ISERROR(AL43/AN43-1),0,(AL43/AN43-1)) -> 0 | AO43: =$AG43*AJ43 -> 0 | AP43: =$AG43*AL43 -> 0 | AQ43: =$AG43*AN43 -> 0 | AR43: =+AJ43*AH43 -> 0 | AS43: =+AL43*AH43 -> 0 | AT43: =+AN43*AH43 -> 0 | AY43: =IF(H43="","",IF(AX43>0,"",IF(H43=0,"Cotizar Precio en Col. AX","")))
B44: 31 | I44: =IF(H44=0,AX44,U44/$C$9/H44) -> 0 | J44: =H44*I44 -> 0 | K44: =J44*$C$9 -> 0 | L44: =HLOOKUP(B44,'INMUEBLES EQUIPOS Y RODADOS'!$AG$13:$DH$252,240,0) -> 0 | M44: =HLOOKUP(B44,'MANO DE OBRA'!$CF$11:$FG$295,285,0) -> 0 | N44: =HLOOKUP(B44,'MATERIALES-INSUMOS'!$Y$13:$CZ$467,455,0) -> 0 | O44: =HLOOKUP(B44,'COMB-LUB-NEUM-MANT'!$BF$15:$EG$199,185,0) -> 0 | P44: =HLOOKUP(B44,'COMB-LUB-NEUM-MANT'!$EN$15:$HO$199,185,0) -> 0 | Q44: =SUM(L44:P44)*(RESUMEN!$C$22) -> 0 | R44: =(($U44)*(RESUMEN!$B$24+RESUMEN!$B$25+RESUMEN!$B$26))+(S44*RESUMEN!$B$28) -> 0 | S44: =SUM(L44:Q44)*(RESUMEN!$C$30) -> 0 | T44: =+$U44*RESUMEN!$C$33 -> 0 | U44: =((L44+M44+N44+O44+P44+Q44+(S44*0.35)+S44)/(1-(RESUMEN!$B$24+RESUMEN!$B$25+RESUMEN!$B$26+RESUMEN!$C$33))) -> 0 | AG44: =+H44 -> 0 | AK44: =IF(ISERROR(AJ44/AN44-1),0,(AJ44/AN44-1)) -> 0 | AL44: =IF(ISERROR(U44/$C$9/H44),0,(U44/$C$9/H44)) -> 0 | AM44: =IF(ISERROR(AL44/AN44-1),0,(AL44/AN44-1)) -> 0 | AO44: =$AG44*AJ44 -> 0 | AP44: =$AG44*AL44 -> 0 | AQ44: =$AG44*AN44 -> 0 | AR44: =+AJ44*AH44 -> 0 | AS44: =+AL44*AH44 -> 0 | AT44: =+AN44*AH44 -> 0 | AY44: =IF(H44="","",IF(AX44>0,"",IF(H44=0,"Cotizar Precio en Col. AX","")))
B45: 32 | I45: =IF(H45=0,AX45,U45/$C$9/H45) -> 0 | J45: =H45*I45 -> 0 | K45: =J45*$C$9 -> 0 | L45: =HLOOKUP(B45,'INMUEBLES EQUIPOS Y RODADOS'!$AG$13:$DH$252,240,0) -> 0 | M45: =HLOOKUP(B45,'MANO DE OBRA'!$CF$11:$FG$295,285,0) -> 0 | N45: =HLOOKUP(B45,'MATERIALES-INSUMOS'!$Y$13:$CZ$467,455,0) -> 0 | O45: =HLOOKUP(B45,'COMB-LUB-NEUM-MANT'!$BF$15:$EG$199,185,0) -> 0 | P45: =HLOOKUP(B45,'COMB-LUB-NEUM-MANT'!$EN$15:$HO$199,185,0) -> 0 | Q45: =SUM(L45:P45)*(RESUMEN!$C$22) -> 0 | R45: =(($U45)*(RESUMEN!$B$24+RESUMEN!$B$25+RESUMEN!$B$26))+(S45*RESUMEN!$B$28) -> 0 | S45: =SUM(L45:Q45)*(RESUMEN!$C$30) -> 0 | T45: =+$U45*RESUMEN!$C$33 -> 0 | U45: =((L45+M45+N45+O45+P45+Q45+(S45*0.35)+S45)/(1-(RESUMEN!$B$24+RESUMEN!$B$25+RESUMEN!$B$26+RESUMEN!$C$33))) -> 0 | AG45: =+H45 -> 0 | AK45: =IF(ISERROR(AJ45/AN45-1),0,(AJ45/AN45-1)) -> 0 | AL45: =IF(ISERROR(U45/$C$9/H45),0,(U45/$C$9/H45)) -> 0 | AM45: =IF(ISERROR(AL45/AN45-1),0,(AL45/AN45-1)) -> 0 | AO45: =$AG45*AJ45 -> 0 | AP45: =$AG45*AL45 -> 0 | AQ45: =$AG45*AN45 -> 0 | AR45: =+AJ45*AH45 -> 0 | AS45: =+AL45*AH45 -> 0 | AT45: =+AN45*AH45 -> 0 | AY45: =IF(H45="","",IF(AX45>0,"",IF(H45=0,"Cotizar Precio en Col. AX","")))
B46: 33 | I46: =IF(H46=0,AX46,U46/$C$9/H46) -> 0 | J46: =H46*I46 -> 0 | K46: =J46*$C$9 -> 0 | L46: =HLOOKUP(B46,'INMUEBLES EQUIPOS Y RODADOS'!$AG$13:$DH$252,240,0) -> 0 | M46: =HLOOKUP(B46,'MANO DE OBRA'!$CF$11:$FG$295,285,0) -> 0 | N46: =HLOOKUP(B46,'MATERIALES-INSUMOS'!$Y$13:$CZ$467,455,0) -> 0 | O46: =HLOOKUP(B46,'COMB-LUB-NEUM-MANT'!$BF$15:$EG$199,185,0) -> 0 | P46: =HLOOKUP(B46,'COMB-LUB-NEUM-MANT'!$EN$15:$HO$199,185,0) -> 0 | Q46: =SUM(L46:P46)*(RESUMEN!$C$22) -> 0 | R46: =(($U46)*(RESUMEN!$B$24+RESUMEN!$B$25+RESUMEN!$B$26))+(S46*RESUMEN!$B$28) -> 0 | S46: =SUM(L46:Q46)*(RESUMEN!$C$30) -> 0 | T46: =+$U46*RESUMEN!$C$33 -> 0 | U46: =((L46+M46+N46+O46+P46+Q46+(S46*0.35)+S46)/(1-(RESUMEN!$B$24+RESUMEN!$B$25+RESUMEN!$B$26+RESUMEN!$C$33))) -> 0 | AG46: =+H46 -> 0 | AK46: =IF(ISERROR(AJ46/AN46-1),0,(AJ46/AN46-1)) -> 0 | AL46: =IF(ISERROR(U46/$C$9/H46),0,(U46/$C$9/H46)) -> 0 | AM46: =IF(ISERROR(AL46/AN46-1),0,(AL46/AN46-1)) -> 0 | AO46: =$AG46*AJ46 -> 0 | AP46: =$AG46*AL46 -> 0 | AQ46: =$AG46*AN46 -> 0 | AR46: =+AJ46*AH46 -> 0 | AS46: =+AL46*AH46 -> 0 | AT46: =+AN46*AH46 -> 0 | AY46: =IF(H46="","",IF(AX46>0,"",IF(H46=0,"Cotizar Precio en Col. AX","")))
B47: 34 | I47: =IF(H47=0,AX47,U47/$C$9/H47) -> 0 | J47: =H47*I47 -> 0 | K47: =J47*$C$9 -> 0 | L47: =HLOOKUP(B47,'INMUEBLES EQUIPOS Y RODADOS'!$AG$13:$DH$252,240,0) -> 0 | M47: =HLOOKUP(B47,'MANO DE OBRA'!$CF$11:$FG$295,285,0) -> 0 | N47: =HLOOKUP(B47,'MATERIALES-INSUMOS'!$Y$13:$CZ$467,455,0) -> 0 | O47: =HLOOKUP(B47,'COMB-LUB-NEUM-MANT'!$BF$15:$EG$199,185,0) -> 0 | P47: =HLOOKUP(B47,'COMB-LUB-NEUM-MANT'!$EN$15:$HO$199,185,0) -> 0 | Q47: =SUM(L47:P47)*(RESUMEN!$C$22) -> 0 | R47: =(($U47)*(RESUMEN!$B$24+RESUMEN!$B$25+RESUMEN!$B$26))+(S47*RESUMEN!$B$28) -> 0 | S47: =SUM(L47:Q47)*(RESUMEN!$C$30) -> 0 | T47: =+$U47*RESUMEN!$C$33 -> 0 | U47: =((L47+M47+N47+O47+P47+Q47+(S47*0.35)+S47)/(1-(RESUMEN!$B$24+RESUMEN!$B$25+RESUMEN!$B$26+RESUMEN!$C$33))) -> 0 | AG47: =+H47 -> 0 | AK47: =IF(ISERROR(AJ47/AN47-1),0,(AJ47/AN47-1)) -> 0 | AL47: =IF(ISERROR(U47/$C$9/H47),0,(U47/$C$9/H47)) -> 0 | AM47: =IF(ISERROR(AL47/AN47-1),0,(AL47/AN47-1)) -> 0 | AO47: =$AG47*AJ47 -> 0 | AP47: =$AG47*AL47 -> 0 | AQ47: =$AG47*AN47 -> 0 | AR47: =+AJ47*AH47 -> 0 | AS47: =+AL47*AH47 -> 0 | AT47: =+AN47*AH47 -> 0 | AY47: =IF(H47="","",IF(AX47>0,"",IF(H47=0,"Cotizar Precio en Col. AX","")))
B48: 35 | I48: =IF(H48=0,AX48,U48/$C$9/H48) -> 0 | J48: =H48*I48 -> 0 | K48: =J48*$C$9 -> 0 | L48: =HLOOKUP(B48,'INMUEBLES EQUIPOS Y RODADOS'!$AG$13:$DH$252,240,0) -> 0 | M48: =HLOOKUP(B48,'MANO DE OBRA'!$CF$11:$FG$295,285,0) -> 0 | N48: =HLOOKUP(B48,'MATERIALES-INSUMOS'!$Y$13:$CZ$467,455,0) -> 0 | O48: =HLOOKUP(B48,'COMB-LUB-NEUM-MANT'!$BF$15:$EG$199,185,0) -> 0 | P48: =HLOOKUP(B48,'COMB-LUB-NEUM-MANT'!$EN$15:$HO$199,185,0) -> 0 | Q48: =SUM(L48:P48)*(RESUMEN!$C$22) -> 0 | R48: =(($U48)*(RESUMEN!$B$24+RESUMEN!$B$25+RESUMEN!$B$26))+(S48*RESUMEN!$B$28) -> 0 | S48: =SUM(L48:Q48)*(RESUMEN!$C$30) -> 0 | T48: =+$U48*RESUMEN!$C$33 -> 0 | U48: =((L48+M48+N48+O48+P48+Q48+(S48*0.35)+S48)/(1-(RESUMEN!$B$24+RESUMEN!$B$25+RESUMEN!$B$26+RESUMEN!$C$33))) -> 0 | AG48: =+H48 -> 0 | AK48: =IF(ISERROR(AJ48/AN48-1),0,(AJ48/AN48-1)) -> 0 | AL48: =IF(ISERROR(U48/$C$9/H48),0,(U48/$C$9/H48)) -> 0 | AM48: =IF(ISERROR(AL48/AN48-1),0,(AL48/AN48-1)) -> 0 | AO48: =$AG48*AJ48 -> 0 | AP48: =$AG48*AL48 -> 0 | AQ48: =$AG48*AN48 -> 0 | AR48: =+AJ48*AH48 -> 0 | AS48: =+AL48*AH48 -> 0 | AT48: =+AN48*AH48 -> 0 | AY48: =IF(H48="","",IF(AX48>0,"",IF(H48=0,"Cotizar Precio en Col. AX","")))
... B93: 80 | I93: =IF(H93=0,AX93,U93/$C$9/H93) -> 0 | J93: =H93*I93 -> 0 | K93: =J93*$C$9 -> 0 | L93: =HLOOKUP(B93,'INMUEBLES EQUIPOS Y RODADOS'!$AG$13:$DH$252,240,0) -> 0 | M93: =HLOOKUP(B93,'MANO DE OBRA'!$CF$11:$FG$295,285,0) -> 0 | N93: =HLOOKUP(B93,'MATERIALES-INSUMOS'!$Y$13:$CZ$467,455,0) -> 0 | O93: =HLOOKUP(B93,'COMB-LUB-NEUM-MANT'!$BF$15:$EG$199,185,0) -> 0 | P93: =HLOOKUP(B93,'COMB-LUB-NEUM-MANT'!$EN$15:$HO$199,185,0) -> 0 | Q93: =SUM(L93:P93)*(RESUMEN!$C$22) -> 0 | R93: =(($U93)*(RESUMEN!$B$24+RESUMEN!$B$25+RESUMEN!$B$26))+(S93*RESUMEN!$B$28) -> 0 | S93: =SUM(L93:Q93)*(RESUMEN!$C$30) -> 0 | T93: =+$U93*RESUMEN!$C$33 -> 0 | U93: =((L93+M93+N93+O93+P93+Q93+(S93*0.35)+S93)/(1-(RESUMEN!$B$24+RESUMEN!$B$25+RESUMEN!$B$26+RESUMEN!$C$33))) -> 0 | AG93: =+H93 -> 0 | AK93: =IF(ISERROR(AJ93/AN93-1),0,(AJ93/AN93-1)) -> 0 | AL93: =IF(ISERROR(U93/$C$9/H93),0,(U93/$C$9/H93)) -> 0 | AM93: =IF(ISERROR(AL93/AN93-1),0,(AL93/AN93-1)) -> 0 | AO93: =$AG93*AJ93 -> 0 | AP93: =$AG93*AL93 -> 0 | AQ93: =$AG93*AN93 -> 0 | AR93: =+AJ93*AH93 -> 0 | AS93: =+AL93*AH93 -> 0 | AT93: =+AN93*AH93 -> 0 | AY93: =IF(H93="","",IF(AX93>0,"",IF(H93=0,"Cotizar Precio en Col. AX","")))
H94: Total Asignado | L94: =SUM(L13:L93) -> 0 | M94: =SUM(M13:M93) -> 0 | N94: =SUM(N13:N93) -> 0 | O94: =SUM(O13:O93) -> 0 | P94: =SUM(P13:P93) -> 0 | Q94: =SUM(Q13:Q93) -> 0 | R94: =SUM(R13:R93) -> 0 | S94: =SUM(S13:S93) -> 0 | ... U94: =SUM(U13:U93) -> 0 | V94: =L94/$U$94 -> #DIV/0! | W94: =M94/$U$94 -> #DIV/0! | X94: =N94/$U$94 -> #DIV/0! | Y94: =O94/$U$94 -> #DIV/0! | Z94: =P94/$U$94 -> #DIV/0! | AA94: =Q94/$U$94 -> #DIV/0! | AB94: =R94/$U$94 -> #DIV/0! | AC94: =S94/$U$94 -> #DIV/0! | ... AE94: =U94/$U$94 -> #DIV/0!
H95: TOTAL CONTRATO | J95: =SUM(J13:J93) -> 0 | K95: =SUM(K13:K93) -> 0 | L95: =+RESUMEN!$D$12 -> 0 | M95: =+RESUMEN!$D$13 -> 0 | N95: =+RESUMEN!$D$18 -> 0 | O95: =+RESUMEN!$D$19 -> 0 | P95: =+RESUMEN!$D$20 -> 0 | Q95: =+RESUMEN!$D$22 -> 0 | R95: =+RESUMEN!$D$29 -> 0 | S95: =+RESUMEN!$D$30 -> 0 | T95: =+RESUMEN!$D$33 -> 0 | U95: =SUM(L95:T95) -> 0 | V95: =+RESUMEN!$E$12 -> 0 | W95: =+RESUMEN!$E$13 -> 0 | X95: =+RESUMEN!$E$18 -> 0 | Y95: =+RESUMEN!$E$19 -> 0 | Z95: =+RESUMEN!$E$20 -> 0 | AA95: =+RESUMEN!$E$22 -> 0 | AB95: =+RESUMEN!$E$29 -> 0 | AC95: =+RESUMEN!$E$30 -> 0 | AD95: =+RESUMEN!$E$33 -> #DIV/0! | AE95: =SUM(V95:AD95) -> #DIV/0! | AO95: =SUM(AO13:AO93) -> 0 | AP95: =SUM(AP13:AP93) -> 0 | AQ95: =SUM(AQ13:AQ93) -> 0 | AR95: =SUM(AR13:AR93) -> 0 | AS95: =SUM(AS13:AS93) -> 0 | AT95: =SUM(AT13:AT93) -> 0 | AU95: =SUM(AU13:AU93) -> 0 | AV95: =SUM(AV13:AV93) -> 0
AH96: % Aj Neto MO
H97: Diferencias | J97: =J95-RESUMEN!D37 -> 0 | K97: =+K95-RESUMEN!D36 -> 0 | L97: =+L95-L94 -> 0 | M97: =+M95-M94 -> 0 | N97: =+N95-N94 -> 0 | O97: =+O95-O94 -> 0 | P97: =+P95-P94 -> 0 | Q97: =+Q95-Q94 -> 0 | R97: =+R95-R94 -> 0 | S97: =+S95-S94 -> 0 | ... U97: =+U95-U94 -> 0 | AH97: =(L97+N97+O97+P97+Q97+R97+S97-(M97*(RESUMEN!$E$22+RESUMEN!$E$29+RESUMEN!$E$30+RESUMEN!$E$33)))/U94 -> #DIV/0! | AO97: =AO95-AQ95 -> 0 | AP97: =AP95-AQ95 -> 0 | AR97: =AR95-AT95 -> 0 | AS97: =AS95-AT95 -> 0
AO98: =AO95/AQ95-1 -> #DIV/0! | AP98: =AP95/AQ95-1 -> #DIV/0! | AR98: =AR95/AT95-1 -> #DIV/0! | AS98: =AS95/AT95-1 -> #DIV/0!
K99: EECC Aj Mar/2011
L100: =+L95/L99 -> #DIV/0! | M100: =+M95/M99 -> #DIV/0! | N100: =+N95/N99 -> #DIV/0! | O100: =+O95/O99 -> #DIV/0! | P100: =+P95/P99 -> #DIV/0! | Q100: =+Q95/Q99 -> #DIV/0! | R100: =+R95/R99 -> #DIV/0! | S100: =+S95/S99 -> #DIV/0! | U100: =+U95/U99 -> #DIV/0!
C101: CUADRO TARIFARIO FINAL | H101: INDICE
O102: APROPIACION DE COSTOS EN VALORES | Y102: APROPIACION DE COSTOS EN TERMINOS PORCENTUALES
B103: ITEM | C103: DESCRIPCIÓN | D103: UNIDAD DE MEDIDA | E103: Datos del servicio en SAP | H103: CANTIDAD UNIDADES (Mensual Estimada) | I103: TARIFA POR UNIDAD | J103: TARIFA FINAL POR ITEM (Mensual) | K103: TARIFA FINAL POR CONTRATO TOTAL | L103: Inm. Equi. Rod | M103: Mano Obra | N103: Materiales | O103: Comb. Lubric. | P103: Neumát. Mant. | Q103: Overhead | R103: Impuestos | S103: Beneficio | T103: Costo Financiero | U103: Total | V103: Inm. Equi. Rod | W103: Mano Obra | X103: Materiales | Y103: Comb. Lubric. | Z103: Neumát. Mant. | AA103: Overhead | AB103: Impuestos | AC103: Beneficio | AD103: Costo Financiero | AE103: Total
E104: POSICIÓN | F104: LÍNEA | G104: SERVICIO | H104: (Q) | I104: (P) | J104: (Q x P) | L104: En $ | M104: En $ | N104: En $ | O104: En $ | P104: En $ | Q104: En $ | R104: En $ | S104: En $ | T104: En $ | V104: En %
A105: 1 | B105: =+B13 -> 0 | C105: =+C13 -> 0 | D105: =+D13 -> 0 | E105: =+E13 -> 0 | F105: =+F13 -> 0 | G105: =+G13 -> 0 | H105: =+H13 -> 0 | I105: =+U105/$C$9/H105 -> #DIV/0! | J105: =H105*I105 -> #DIV/0! | K105: =J105*$C$9 -> #DIV/0! | L105: =+L13*L$100 -> #DIV/0! | M105: =+M13*M$100 -> #DIV/0! | N105: =+N13*N$100 -> #DIV/0! | O105: =+O13*O$100 -> #DIV/0! | P105: =+P13*P$100 -> #DIV/0! | Q105: =SUM(L105:P105)*(RESUMEN!$C$22) -> #DIV/0! | R105: =(($U105)*(RESUMEN!$B$24+RESUMEN!$B$25+RESUMEN!$B$26))+(S105*RESUMEN!$B$28) -> #DIV/0! | S105: =SUM(L105:Q105)*(RESUMEN!$C$30) -> #DIV/0! | T105: =+$U105*RESUMEN!$C$33 -> #DIV/0! | U105: =((L105+M105+N105+O105+P105+Q105+(S105*0.35)+S105)/(1-(RESUMEN!$B$24+RESUMEN!$B$25+RESUMEN!$B$26+RESUMEN!$C$33))) -> #DIV/0! | V105: =L105/$U105 -> #DIV/0! | W105: =M105/$U105 -> #DIV/0! | X105: =N105/$U105 -> #DIV/0! | Y105: =O105/$U105 -> #DIV/0! | Z105: =P105/$U105 -> #DIV/0! | AA105: =Q105/$U105 -> #DIV/0! | AB105: =R105/$U105 -> #DIV/0! | AC105: =S105/$U105 -> #DIV/0! | AD105: =T105/$U105 -> #DIV/0! | AE105: =SUM(V105:AD105) -> #DIV/0!
A106: =+A105+1 -> 2 | B106: =+B14 -> 1 | C106: =+C14 -> Precio por el “Servicio de PH en ChSN día hábil operativo”, en un todo de acuerdo con las Bases del presente Pedido de Precios.- | D106: =+D14 -> DÍA | E106: =+E14 -> 0 | F106: =+F14 -> 0 | G106: =+G14 -> 0 | H106: =+H14 -> 0.9625 | I106: =+U106/$C$9/H106 -> #DIV/0! | J106: =H106*I106 -> #DIV/0! | K106: =J106*$C$9 -> #DIV/0! | L106: =+L14*L$100 -> #DIV/0! | M106: =+M14*M$100 -> #DIV/0! | N106: =+N14*N$100 -> #DIV/0! | O106: =+O14*O$100 -> #DIV/0! | P106: =+P14*P$100 -> #DIV/0! | Q106: =SUM(L106:P106)*(RESUMEN!$C$22) -> #DIV/0! | R106: =(($U106)*(RESUMEN!$B$24+RESUMEN!$B$25+RESUMEN!$B$26))+(S106*RESUMEN!$B$28) -> #DIV/0! | S106: =SUM(L106:Q106)*(RESUMEN!$C$30) -> #DIV/0! | T106: =+$U106*RESUMEN!$C$33 -> #DIV/0! | U106: =((L106+M106+N106+O106+P106+Q106+(S106*0.35)+S106)/(1-(RESUMEN!$B$24+RESUMEN!$B$25+RESUMEN!$B$26+RESUMEN!$C$33))) -> #DIV/0! | V106: =L106/$U106 -> #DIV/0! | W106: =M106/$U106 -> #DIV/0! | X106: =N106/$U106 -> #DIV/0! | Y106: =O106/$U106 -> #DIV/0! | Z106: =P106/$U106 -> #DIV/0! | AA106: =Q106/$U106 -> #DIV/0! | AB106: =R106/$U106 -> #DIV/0! | AC106: =S106/$U106 -> #DIV/0! | AD106: =T106/$U106 -> #DIV/0! | AE106: =SUM(V106:AD106) -> #DIV/0!
A107: =+A106+1 -> 3 | B107: =+B15 -> 2 | C107: =+C15 -> Precio por el “Servicio de PH en ChSN día stand by”, en un todo de acuerdo con las Bases del presente Pedido de Precios.- | D107: =+D15 -> DÍA | E107: =+E15 -> 0 | F107: =+F15 -> 0 | G107: =+G15 -> 0 | H107: =+H15 -> 0 | I107: =+U107/$C$9/H107 -> #DIV/0! | J107: =H107*I107 -> #DIV/0! | K107: =J107*$C$9 -> #DIV/0! | L107: =+L15*L$100 -> #DIV/0! | M107: =+M15*M$100 -> #DIV/0! | N107: =+N15*N$100 -> #DIV/0! | O107: =+O15*O$100 -> #DIV/0! | P107: =+P15*P$100 -> #DIV/0! | Q107: =SUM(L107:P107)*(RESUMEN!$C$22) -> #DIV/0! | R107: =(($U107)*(RESUMEN!$B$24+RESUMEN!$B$25+RESUMEN!$B$26))+(S107*RESUMEN!$B$28) -> #DIV/0! | S107: =SUM(L107:Q107)*(RESUMEN!$C$30) -> #DIV/0! | T107: =+$U107*RESUMEN!$C$33 -> #DIV/0! | U107: =((L107+M107+N107+O107+P107+Q107+(S107*0.35)+S107)/(1-(RESUMEN!$B$24+RESUMEN!$B$25+RESUMEN!$B$26+RESUMEN!$C$33))) -> #DIV/0! | V107: =L107/$U107 -> #DIV/0! | W107: =M107/$U107 -> #DIV/0! | X107: =N107/$U107 -> #DIV/0! | Y107: =O107/$U107 -> #DIV/0! | Z107: =P107/$U107 -> #DIV/0! | AA107: =Q107/$U107 -> #DIV/0! | AB107: =R107/$U107 -> #DIV/0! | AC107: =S107/$U107 -> #DIV/0! | AD107: =T107/$U107 -> #DIV/0! | AE107: =SUM(V107:AD107) -> #DIV/0!
A108: =+A107+1 -> 4 | B108: =+B16 -> 3 | C108: =+C16 -> Precio por el “Servicio de PH en PH día hábil operativo”, en un todo de acuerdo con las Bases del presente Pedido de Precios.- | D108: =+D16 -> DÍA | E108: =+E16 -> 0 | F108: =+F16 -> 0 | G108: =+G16 -> 0 | H108: =+H16 -> 0.9625 | I108: =+U108/$C$9/H108 -> #DIV/0! | J108: =H108*I108 -> #DIV/0! | K108: =J108*$C$9 -> #DIV/0! | L108: =+L16*L$100 -> #DIV/0! | M108: =+M16*M$100 -> #DIV/0! | N108: =+N16*N$100 -> #DIV/0! | O108: =+O16*O$100 -> #DIV/0! | P108: =+P16*P$100 -> #DIV/0! | Q108: =SUM(L108:P108)*(RESUMEN!$C$22) -> #DIV/0! | R108: =(($U108)*(RESUMEN!$B$24+RESUMEN!$B$25+RESUMEN!$B$26))+(S108*RESUMEN!$B$28) -> #DIV/0! | S108: =SUM(L108:Q108)*(RESUMEN!$C$30) -> #DIV/0! | T108: =+$U108*RESUMEN!$C$33 -> #DIV/0! | U108: =((L108+M108+N108+O108+P108+Q108+(S108*0.35)+S108)/(1-(RESUMEN!$B$24+RESUMEN!$B$25+RESUMEN!$B$26+RESUMEN!$C$33))) -> #DIV/0! | V108: =L108/$U108 -> #DIV/0! | W108: =M108/$U108 -> #DIV/0! | X108: =N108/$U108 -> #DIV/0! | Y108: =O108/$U108 -> #DIV/0! | Z108: =P108/$U108 -> #DIV/0! | AA108: =Q108/$U108 -> #DIV/0! | AB108: =R108/$U108 -> #DIV/0! | AC108: =S108/$U108 -> #DIV/0! | AD108: =T108/$U108 -> #DIV/0! | AE108: =SUM(V108:AD108) -> #DIV/0!
A109: =+A108+1 -> 5 | B109: =+B17 -> 4 | C109: =+C17 -> Precio por el “Servicio de PH en PH día stand by”, en un todo de acuerdo con las Bases del presente Pedido de Precios.- | D109: =+D17 -> DÍA | E109: =+E17 -> 0 | F109: =+F17 -> 0 | G109: =+G17 -> 0 | H109: =+H17 -> 0 | I109: =+U109/$C$9/H109 -> #DIV/0! | J109: =H109*I109 -> #DIV/0! | K109: =J109*$C$9 -> #DIV/0! | L109: =+L17*L$100 -> #DIV/0! | M109: =+M17*M$100 -> #DIV/0! | N109: =+N17*N$100 -> #DIV/0! | O109: =+O17*O$100 -> #DIV/0! | P109: =+P17*P$100 -> #DIV/0! | Q109: =SUM(L109:P109)*(RESUMEN!$C$22) -> #DIV/0! | R109: =(($U109)*(RESUMEN!$B$24+RESUMEN!$B$25+RESUMEN!$B$26))+(S109*RESUMEN!$B$28) -> #DIV/0! | S109: =SUM(L109:Q109)*(RESUMEN!$C$30) -> #DIV/0! | T109: =+$U109*RESUMEN!$C$33 -> #DIV/0! | U109: =((L109+M109+N109+O109+P109+Q109+(S109*0.35)+S109)/(1-(RESUMEN!$B$24+RESUMEN!$B$25+RESUMEN!$B$26+RESUMEN!$C$33))) -> #DIV/0! | V109: =L109/$U109 -> #DIV/0! | W109: =M109/$U109 -> #DIV/0! | X109: =N109/$U109 -> #DIV/0! | Y109: =O109/$U109 -> #DIV/0! | Z109: =P109/$U109 -> #DIV/0! | AA109: =Q109/$U109 -> #DIV/0! | AB109: =R109/$U109 -> #DIV/0! | AC109: =S109/$U109 -> #DIV/0! | AD109: =T109/$U109 -> #DIV/0! | AE109: =SUM(V109:AD109) -> #DIV/0!
A110: =+A109+1 -> 6 | B110: =+B18 -> 5 | C110: =+C18 -> Precio por el “Servicio de PH en VAM día hábil operativo”, en un todo de acuerdo con las Bases del presente Pedido de Precios.- | D110: =+D18 -> DÍA | E110: =+E18 -> 0 | F110: =+F18 -> 0 | G110: =+G18 -> 0 | H110: =+H18 -> 0.075 | I110: =+U110/$C$9/H110 -> #DIV/0! | J110: =H110*I110 -> #DIV/0! | K110: =J110*$C$9 -> #DIV/0! | L110: =+L18*L$100 -> #DIV/0! | M110: =+M18*M$100 -> #DIV/0! | N110: =+N18*N$100 -> #DIV/0! | O110: =+O18*O$100 -> #DIV/0! | P110: =+P18*P$100 -> #DIV/0! | Q110: =SUM(L110:P110)*(RESUMEN!$C$22) -> #DIV/0! | R110: =(($U110)*(RESUMEN!$B$24+RESUMEN!$B$25+RESUMEN!$B$26))+(S110*RESUMEN!$B$28) -> #DIV/0! | S110: =SUM(L110:Q110)*(RESUMEN!$C$30) -> #DIV/0! | T110: =+$U110*RESUMEN!$C$33 -> #DIV/0! | U110: =((L110+M110+N110+O110+P110+Q110+(S110*0.35)+S110)/(1-(RESUMEN!$B$24+RESUMEN!$B$25+RESUMEN!$B$26+RESUMEN!$C$33))) -> #DIV/0! | V110: =L110/$U110 -> #DIV/0! | W110: =M110/$U110 -> #DIV/0! | X110: =N110/$U110 -> #DIV/0! | Y110: =O110/$U110 -> #DIV/0! | Z110: =P110/$U110 -> #DIV/0! | AA110: =Q110/$U110 -> #DIV/0! | AB110: =R110/$U110 -> #DIV/0! | AC110: =S110/$U110 -> #DIV/0! | AD110: =T110/$U110 -> #DIV/0! | AE110: =SUM(V110:AD110) -> #DIV/0!
A111: =+A110+1 -> 7 | B111: =+B19 -> 6 | C111: =+C19 -> Precio por el “Servicio de PH en VAM día stand by”, en un todo de acuerdo con las Bases del presente Pedido de Precios.- | D111: =+D19 -> DÍA | E111: =+E19 -> 0 | F111: =+F19 -> 0 | G111: =+G19 -> 0 | H111: =+H19 -> 0 | I111: =+U111/$C$9/H111 -> #DIV/0! | J111: =H111*I111 -> #DIV/0! | K111: =J111*$C$9 -> #DIV/0! | L111: =+L19*L$100 -> #DIV/0! | M111: =+M19*M$100 -> #DIV/0! | N111: =+N19*N$100 -> #DIV/0! | O111: =+O19*O$100 -> #DIV/0! | P111: =+P19*P$100 -> #DIV/0! | Q111: =SUM(L111:P111)*(RESUMEN!$C$22) -> #DIV/0! | R111: =(($U111)*(RESUMEN!$B$24+RESUMEN!$B$25+RESUMEN!$B$26))+(S111*RESUMEN!$B$28) -> #DIV/0! | S111: =SUM(L111:Q111)*(RESUMEN!$C$30) -> #DIV/0! | T111: =+$U111*RESUMEN!$C$33 -> #DIV/0! | U111: =((L111+M111+N111+O111+P111+Q111+(S111*0.35)+S111)/(1-(RESUMEN!$B$24+RESUMEN!$B$25+RESUMEN!$B$26+RESUMEN!$C$33))) -> #DIV/0! | V111: =L111/$U111 -> #DIV/0! | W111: =M111/$U111 -> #DIV/0! | X111: =N111/$U111 -> #DIV/0! | Y111: =O111/$U111 -> #DIV/0! | Z111: =P111/$U111 -> #DIV/0! | AA111: =Q111/$U111 -> #DIV/0! | AB111: =R111/$U111 -> #DIV/0! | AC111: =S111/$U111 -> #DIV/0! | AD111: =T111/$U111 -> #DIV/0! | AE111: =SUM(V111:AD111) -> #DIV/0!
A112: =+A111+1 -> 8 | B112: =+B20 -> 7 | C112: =+C20 -> 0 | D112: =+D20 -> 0 | E112: =+E20 -> 0 | F112: =+F20 -> 0 | G112: =+G20 -> 0 | H112: =+H20 -> 0 | I112: =+U112/$C$9/H112 -> #DIV/0! | J112: =H112*I112 -> #DIV/0! | K112: =J112*$C$9 -> #DIV/0! | L112: =+L20*L$100 -> #DIV/0! | M112: =+M20*M$100 -> #DIV/0! | N112: =+N20*N$100 -> #DIV/0! | O112: =+O20*O$100 -> #DIV/0! | P112: =+P20*P$100 -> #DIV/0! | Q112: =SUM(L112:P112)*(RESUMEN!$C$22) -> #DIV/0! | R112: =(($U112)*(RESUMEN!$B$24+RESUMEN!$B$25+RESUMEN!$B$26))+(S112*RESUMEN!$B$28) -> #DIV/0! | S112: =SUM(L112:Q112)*(RESUMEN!$C$30) -> #DIV/0! | T112: =+$U112*RESUMEN!$C$33 -> #DIV/0! | U112: =((L112+M112+N112+O112+P112+Q112+(S112*0.35)+S112)/(1-(RESUMEN!$B$24+RESUMEN!$B$25+RESUMEN!$B$26+RESUMEN!$C$33))) -> #DIV/0! | V112: =L112/$U112 -> #DIV/0! | W112: =M112/$U112 -> #DIV/0! | X112: =N112/$U112 -> #DIV/0! | Y112: =O112/$U112 -> #DIV/0! | Z112: =P112/$U112 -> #DIV/0! | AA112: =Q112/$U112 -> #DIV/0! | AB112: =R112/$U112 -> #DIV/0! | AC112: =S112/$U112 -> #DIV/0! | AD112: =T112/$U112 -> #DIV/0! | AE112: =SUM(V112:AD112) -> #DIV/0!
A113: =+A112+1 -> 9 | B113: =+B21 -> 8 | C113: =+C21 -> 0 | D113: =+D21 -> 0 | E113: =+E21 -> 0 | F113: =+F21 -> 0 | G113: =+G21 -> 0 | H113: =+H21 -> 0 | I113: =+U113/$C$9/H113 -> #DIV/0! | J113: =H113*I113 -> #DIV/0! | K113: =J113*$C$9 -> #DIV/0! | L113: =+L21*L$100 -> #DIV/0! | M113: =+M21*M$100 -> #DIV/0! | N113: =+N21*N$100 -> #DIV/0! | O113: =+O21*O$100 -> #DIV/0! | P113: =+P21*P$100 -> #DIV/0! | Q113: =SUM(L113:P113)*(RESUMEN!$C$22) -> #DIV/0! | R113: =(($U113)*(RESUMEN!$B$24+RESUMEN!$B$25+RESUMEN!$B$26))+(S113*RESUMEN!$B$28) -> #DIV/0! | S113: =SUM(L113:Q113)*(RESUMEN!$C$30) -> #DIV/0! | T113: =+$U113*RESUMEN!$C$33 -> #DIV/0! | U113: =((L113+M113+N113+O113+P113+Q113+(S113*0.35)+S113)/(1-(RESUMEN!$B$24+RESUMEN!$B$25+RESUMEN!$B$26+RESUMEN!$C$33))) -> #DIV/0! | V113: =L113/$U113 -> #DIV/0! | W113: =M113/$U113 -> #DIV/0! | X113: =N113/$U113 -> #DIV/0! | Y113: =O113/$U113 -> #DIV/0! | Z113: =P113/$U113 -> #DIV/0! | AA113: =Q113/$U113 -> #DIV/0! | AB113: =R113/$U113 -> #DIV/0! | AC113: =S113/$U113 -> #DIV/0! | AD113: =T113/$U113 -> #DIV/0! | AE113: =SUM(V113:AD113) -> #DIV/0!
A114: =+A113+1 -> 10 | B114: =+B22 -> 9 | C114: =+C22 -> 0 | D114: =+D22 -> 0 | E114: =+E22 -> 0 | F114: =+F22 -> 0 | G114: =+G22 -> 0 | H114: =+H22 -> 0 | I114: =+U114/$C$9/H114 -> #DIV/0! | J114: =H114*I114 -> #DIV/0! | K114: =J114*$C$9 -> #DIV/0! | L114: =+L22*L$100 -> #DIV/0! | M114: =+M22*M$100 -> #DIV/0! | N114: =+N22*N$100 -> #DIV/0! | O114: =+O22*O$100 -> #DIV/0! | P114: =+P22*P$100 -> #DIV/0! | Q114: =SUM(L114:P114)*(RESUMEN!$C$22) -> #DIV/0! | R114: =(($U114)*(RESUMEN!$B$24+RESUMEN!$B$25+RESUMEN!$B$26))+(S114*RESUMEN!$B$28) -> #DIV/0! | S114: =SUM(L114:Q114)*(RESUMEN!$C$30) -> #DIV/0! | T114: =+$U114*RESUMEN!$C$33 -> #DIV/0! | U114: =((L114+M114+N114+O114+P114+Q114+(S114*0.35)+S114)/(1-(RESUMEN!$B$24+RESUMEN!$B$25+RESUMEN!$B$26+RESUMEN!$C$33))) -> #DIV/0! | V114: =L114/$U114 -> #DIV/0! | W114: =M114/$U114 -> #DIV/0! | X114: =N114/$U114 -> #DIV/0! | Y114: =O114/$U114 -> #DIV/0! | Z114: =P114/$U114 -> #DIV/0! | AA114: =Q114/$U114 -> #DIV/0! | AB114: =R114/$U114 -> #DIV/0! | AC114: =S114/$U114 -> #DIV/0! | AD114: =T114/$U114 -> #DIV/0! | AE114: =SUM(V114:AD114) -> #DIV/0!
A115: =+A114+1 -> 11 | B115: =+B23 -> 10 | C115: =+C23 -> 0 | D115: =+D23 -> 0 | E115: =+E23 -> 0 | F115: =+F23 -> 0 | G115: =+G23 -> 0 | H115: =+H23 -> 0 | I115: =+U115/$C$9/H115 -> #DIV/0! | J115: =H115*I115 -> #DIV/0! | K115: =J115*$C$9 -> #DIV/0! | L115: =+L23*L$100 -> #DIV/0! | M115: =+M23*M$100 -> #DIV/0! | N115: =+N23*N$100 -> #DIV/0! | O115: =+O23*O$100 -> #DIV/0! | P115: =+P23*P$100 -> #DIV/0! | Q115: =SUM(L115:P115)*(RESUMEN!$C$22) -> #DIV/0! | R115: =(($U115)*(RESUMEN!$B$24+RESUMEN!$B$25+RESUMEN!$B$26))+(S115*RESUMEN!$B$28) -> #DIV/0! | S115: =SUM(L115:Q115)*(RESUMEN!$C$30) -> #DIV/0! | T115: =+$U115*RESUMEN!$C$33 -> #DIV/0! | U115: =((L115+M115+N115+O115+P115+Q115+(S115*0.35)+S115)/(1-(RESUMEN!$B$24+RESUMEN!$B$25+RESUMEN!$B$26+RESUMEN!$C$33))) -> #DIV/0! | V115: =L115/$U115 -> #DIV/0! | W115: =M115/$U115 -> #DIV/0! | X115: =N115/$U115 -> #DIV/0! | Y115: =O115/$U115 -> #DIV/0! | Z115: =P115/$U115 -> #DIV/0! | AA115: =Q115/$U115 -> #DIV/0! | AB115: =R115/$U115 -> #DIV/0! | AC115: =S115/$U115 -> #DIV/0! | AD115: =T115/$U115 -> #DIV/0! | AE115: =SUM(V115:AD115) -> #DIV/0!
A116: =+A115+1 -> 12 | B116: =+B24 -> 11 | C116: =+C24 -> 0 | D116: =+D24 -> 0 | E116: =+E24 -> 0 | F116: =+F24 -> 0 | G116: =+G24 -> 0 | H116: =+H24 -> 0 | I116: =+U116/$C$9/H116 -> #DIV/0! | J116: =H116*I116 -> #DIV/0! | K116: =J116*$C$9 -> #DIV/0! | L116: =+L24*L$100 -> #DIV/0! | M116: =+M24*M$100 -> #DIV/0! | N116: =+N24*N$100 -> #DIV/0! | O116: =+O24*O$100 -> #DIV/0! | P116: =+P24*P$100 -> #DIV/0! | Q116: =SUM(L116:P116)*(RESUMEN!$C$22) -> #DIV/0! | R116: =(($U116)*(RESUMEN!$B$24+RESUMEN!$B$25+RESUMEN!$B$26))+(S116*RESUMEN!$B$28) -> #DIV/0! | S116: =SUM(L116:Q116)*(RESUMEN!$C$30) -> #DIV/0! | T116: =+$U116*RESUMEN!$C$33 -> #DIV/0! | U116: =((L116+M116+N116+O116+P116+Q116+(S116*0.35)+S116)/(1-(RESUMEN!$B$24+RESUMEN!$B$25+RESUMEN!$B$26+RESUMEN!$C$33))) -> #DIV/0! | V116: =L116/$U116 -> #DIV/0! | W116: =M116/$U116 -> #DIV/0! | X116: =N116/$U116 -> #DIV/0! | Y116: =O116/$U116 -> #DIV/0! | Z116: =P116/$U116 -> #DIV/0! | AA116: =Q116/$U116 -> #DIV/0! | AB116: =R116/$U116 -> #DIV/0! | AC116: =S116/$U116 -> #DIV/0! | AD116: =T116/$U116 -> #DIV/0! | AE116: =SUM(V116:AD116) -> #DIV/0!
A117: =+A116+1 -> 13 | B117: =+B25 -> 12 | C117: =+C25 -> 0 | D117: =+D25 -> 0 | E117: =+E25 -> 0 | F117: =+F25 -> 0 | G117: =+G25 -> 0 | H117: =+H25 -> 0 | I117: =+U117/$C$9/H117 -> #DIV/0! | J117: =H117*I117 -> #DIV/0! | K117: =J117*$C$9 -> #DIV/0! | L117: =+L25*L$100 -> #DIV/0! | M117: =+M25*M$100 -> #DIV/0! | N117: =+N25*N$100 -> #DIV/0! | O117: =+O25*O$100 -> #DIV/0! | P117: =+P25*P$100 -> #DIV/0! | Q117: =SUM(L117:P117)*(RESUMEN!$C$22) -> #DIV/0! | R117: =(($U117)*(RESUMEN!$B$24+RESUMEN!$B$25+RESUMEN!$B$26))+(S117*RESUMEN!$B$28) -> #DIV/0! | S117: =SUM(L117:Q117)*(RESUMEN!$C$30) -> #DIV/0! | T117: =+$U117*RESUMEN!$C$33 -> #DIV/0! | U117: =((L117+M117+N117+O117+P117+Q117+(S117*0.35)+S117)/(1-(RESUMEN!$B$24+RESUMEN!$B$25+RESUMEN!$B$26+RESUMEN!$C$33))) -> #DIV/0! | V117: =L117/$U117 -> #DIV/0! | W117: =M117/$U117 -> #DIV/0! | X117: =N117/$U117 -> #DIV/0! | Y117: =O117/$U117 -> #DIV/0! | Z117: =P117/$U117 -> #DIV/0! | AA117: =Q117/$U117 -> #DIV/0! | AB117: =R117/$U117 -> #DIV/0! | AC117: =S117/$U117 -> #DIV/0! | AD117: =T117/$U117 -> #DIV/0! | AE117: =SUM(V117:AD117) -> #DIV/0!
... A128: =+A127+1 -> 24 | B128: =+B36 -> 23 | C128: =+C36 -> 0 | D128: =+D36 -> 0 | E128: =+E36 -> 0 | F128: =+F36 -> 0 | G128: =+G36 -> 0 | H128: =+H36 -> 0 | I128: =+U128/$C$9/H128 -> #DIV/0! | J128: =H128*I128 -> #DIV/0! | K128: =J128*$C$9 -> #DIV/0! | L128: =+L36*L$100 -> #DIV/0! | M128: =+M36*M$100 -> #DIV/0! | N128: =+N36*N$100 -> #DIV/0! | O128: =+O36*O$100 -> #DIV/0! | P128: =+P36*P$100 -> #DIV/0! | Q128: =SUM(L128:P128)*(RESUMEN!$C$22) -> #DIV/0! | R128: =(($U128)*(RESUMEN!$B$24+RESUMEN!$B$25+RESUMEN!$B$26))+(S128*RESUMEN!$B$28) -> #DIV/0! | S128: =SUM(L128:Q128)*(RESUMEN!$C$30) -> #DIV/0! | T128: =+$U128*RESUMEN!$C$33 -> #DIV/0! | U128: =((L128+M128+N128+O128+P128+Q128+(S128*0.35)+S128)/(1-(RESUMEN!$B$24+RESUMEN!$B$25+RESUMEN!$B$26+RESUMEN!$C$33))) -> #DIV/0! | V128: =L128/$U128 -> #DIV/0! | W128: =M128/$U128 -> #DIV/0! | X128: =N128/$U128 -> #DIV/0! | Y128: =O128/$U128 -> #DIV/0! | Z128: =P128/$U128 -> #DIV/0! | AA128: =Q128/$U128 -> #DIV/0! | AB128: =R128/$U128 -> #DIV/0! | AC128: =S128/$U128 -> #DIV/0! | AD128: =T128/$U128 -> #DIV/0! | AE128: =SUM(V128:AD128) -> #DIV/0!
A129: =+A128+1 -> 25 | B129: =+B37 -> 24 | C129: =+C37 -> 0 | D129: =+D37 -> 0 | E129: =+E37 -> 0 | F129: =+F37 -> 0 | G129: =+G37 -> 0 | H129: =+H37 -> 0 | I129: =+U129/$C$9/H129 -> #DIV/0! | J129: =H129*I129 -> #DIV/0! | K129: =J129*$C$9 -> #DIV/0! | L129: =+L37*L$100 -> #DIV/0! | M129: =+M37*M$100 -> #DIV/0! | N129: =+N37*N$100 -> #DIV/0! | O129: =+O37*O$100 -> #DIV/0! | P129: =+P37*P$100 -> #DIV/0! | Q129: =SUM(L129:P129)*(RESUMEN!$C$22) -> #DIV/0! | R129: =(($U129)*(RESUMEN!$B$24+RESUMEN!$B$25+RESUMEN!$B$26))+(S129*RESUMEN!$B$28) -> #DIV/0! | S129: =SUM(L129:Q129)*(RESUMEN!$C$30) -> #DIV/0! | T129: =+$U129*RESUMEN!$C$33 -> #DIV/0! | U129: =((L129+M129+N129+O129+P129+Q129+(S129*0.35)+S129)/(1-(RESUMEN!$B$24+RESUMEN!$B$25+RESUMEN!$B$26+RESUMEN!$C$33))) -> #DIV/0!
A130: =+A129+1 -> 26 | B130: =+B38 -> 25 | C130: =+C38 -> 0 | D130: =+D38 -> 0 | E130: =+E38 -> 0 | F130: =+F38 -> 0 | G130: =+G38 -> 0 | H130: =+H38 -> 0 | I130: =+U130/$C$9/H130 -> #DIV/0! | J130: =H130*I130 -> #DIV/0! | K130: =J130*$C$9 -> #DIV/0! | L130: =+L38*L$100 -> #DIV/0! | M130: =+M38*M$100 -> #DIV/0! | N130: =+N38*N$100 -> #DIV/0! | O130: =+O38*O$100 -> #DIV/0! | P130: =+P38*P$100 -> #DIV/0! | Q130: =SUM(L130:P130)*(RESUMEN!$C$22) -> #DIV/0! | R130: =(($U130)*(RESUMEN!$B$24+RESUMEN!$B$25+RESUMEN!$B$26))+(S130*RESUMEN!$B$28) -> #DIV/0! | S130: =SUM(L130:Q130)*(RESUMEN!$C$30) -> #DIV/0! | T130: =+$U130*RESUMEN!$C$33 -> #DIV/0! | U130: =((L130+M130+N130+O130+P130+Q130+(S130*0.35)+S130)/(1-(RESUMEN!$B$24+RESUMEN!$B$25+RESUMEN!$B$26+RESUMEN!$C$33))) -> #DIV/0!
A131: =+A130+1 -> 27 | B131: =+B39 -> 26 | C131: =+C39 -> 0 | D131: =+D39 -> 0 | E131: =+E39 -> 0 | F131: =+F39 -> 0 | G131: =+G39 -> 0 | H131: =+H39 -> 0 | I131: =+U131/$C$9/H131 -> #DIV/0! | J131: =H131*I131 -> #DIV/0! | K131: =J131*$C$9 -> #DIV/0! | L131: =+L39*L$100 -> #DIV/0! | M131: =+M39*M$100 -> #DIV/0! | N131: =+N39*N$100 -> #DIV/0! | O131: =+O39*O$100 -> #DIV/0! | P131: =+P39*P$100 -> #DIV/0! | Q131: =SUM(L131:P131)*(RESUMEN!$C$22) -> #DIV/0! | R131: =(($U131)*(RESUMEN!$B$24+RESUMEN!$B$25+RESUMEN!$B$26))+(S131*RESUMEN!$B$28) -> #DIV/0! | S131: =SUM(L131:Q131)*(RESUMEN!$C$30) -> #DIV/0! | T131: =+$U131*RESUMEN!$C$33 -> #DIV/0! | U131: =((L131+M131+N131+O131+P131+Q131+(S131*0.35)+S131)/(1-(RESUMEN!$B$24+RESUMEN!$B$25+RESUMEN!$B$26+RESUMEN!$C$33))) -> #DIV/0!
A132: =+A131+1 -> 28 | B132: =+B40 -> 27 | C132: =+C40 -> 0 | D132: =+D40 -> 0 | E132: =+E40 -> 0 | F132: =+F40 -> 0 | G132: =+G40 -> 0 | H132: =+H40 -> 0 | I132: =+U132/$C$9/H132 -> #DIV/0! | J132: =H132*I132 -> #DIV/0! | K132: =J132*$C$9 -> #DIV/0! | L132: =+L40*L$100 -> #DIV/0! | M132: =+M40*M$100 -> #DIV/0! | N132: =+N40*N$100 -> #DIV/0! | O132: =+O40*O$100 -> #DIV/0! | P132: =+P40*P$100 -> #DIV/0! | Q132: =SUM(L132:P132)*(RESUMEN!$C$22) -> #DIV/0! | R132: =(($U132)*(RESUMEN!$B$24+RESUMEN!$B$25+RESUMEN!$B$26))+(S132*RESUMEN!$B$28) -> #DIV/0! | S132: =SUM(L132:Q132)*(RESUMEN!$C$30) -> #DIV/0! | T132: =+$U132*RESUMEN!$C$33 -> #DIV/0! | U132: =((L132+M132+N132+O132+P132+Q132+(S132*0.35)+S132)/(1-(RESUMEN!$B$24+RESUMEN!$B$25+RESUMEN!$B$26+RESUMEN!$C$33))) -> #DIV/0!
A133: =+A132+1 -> 29 | B133: =+B41 -> 28 | C133: =+C41 -> 0 | D133: =+D41 -> 0 | E133: =+E41 -> 0 | F133: =+F41 -> 0 | G133: =+G41 -> 0 | H133: =+H41 -> 0 | I133: =+U133/$C$9/H133 -> #DIV/0! | J133: =H133*I133 -> #DIV/0! | K133: =J133*$C$9 -> #DIV/0! | L133: =+L41*L$100 -> #DIV/0! | M133: =+M41*M$100 -> #DIV/0! | N133: =+N41*N$100 -> #DIV/0! | O133: =+O41*O$100 -> #DIV/0! | P133: =+P41*P$100 -> #DIV/0! | Q133: =SUM(L133:P133)*(RESUMEN!$C$22) -> #DIV/0! | R133: =(($U133)*(RESUMEN!$B$24+RESUMEN!$B$25+RESUMEN!$B$26))+(S133*RESUMEN!$B$28) -> #DIV/0! | S133: =SUM(L133:Q133)*(RESUMEN!$C$30) -> #DIV/0! | T133: =+$U133*RESUMEN!$C$33 -> #DIV/0! | U133: =((L133+M133+N133+O133+P133+Q133+(S133*0.35)+S133)/(1-(RESUMEN!$B$24+RESUMEN!$B$25+RESUMEN!$B$26+RESUMEN!$C$33))) -> #DIV/0!
A134: =+A133+1 -> 30 | B134: =+B42 -> 29 | C134: =+C42 -> 0 | D134: =+D42 -> 0 | E134: =+E42 -> 0 | F134: =+F42 -> 0 | G134: =+G42 -> 0 | H134: =+H42 -> 0 | I134: =+U134/$C$9/H134 -> #DIV/0! | J134: =H134*I134 -> #DIV/0! | K134: =J134*$C$9 -> #DIV/0! | L134: =+L42*L$100 -> #DIV/0! | M134: =+M42*M$100 -> #DIV/0! | N134: =+N42*N$100 -> #DIV/0! | O134: =+O42*O$100 -> #DIV/0! | P134: =+P42*P$100 -> #DIV/0! | Q134: =SUM(L134:P134)*(RESUMEN!$C$22) -> #DIV/0! | R134: =(($U134)*(RESUMEN!$B$24+RESUMEN!$B$25+RESUMEN!$B$26))+(S134*RESUMEN!$B$28) -> #DIV/0! | S134: =SUM(L134:Q134)*(RESUMEN!$C$30) -> #DIV/0! | T134: =+$U134*RESUMEN!$C$33 -> #DIV/0! | U134: =((L134+M134+N134+O134+P134+Q134+(S134*0.35)+S134)/(1-(RESUMEN!$B$24+RESUMEN!$B$25+RESUMEN!$B$26+RESUMEN!$C$33))) -> #DIV/0!
A135: =+A134+1 -> 31 | B135: =+B43 -> 30 | C135: =+C43 -> 0 | D135: =+D43 -> 0 | E135: =+E43 -> 0 | F135: =+F43 -> 0 | G135: =+G43 -> 0 | H135: =+H43 -> 0 | I135: =+U135/$C$9/H135 -> #DIV/0! | J135: =H135*I135 -> #DIV/0! | K135: =J135*$C$9 -> #DIV/0! | L135: =+L43*L$100 -> #DIV/0! | M135: =+M43*M$100 -> #DIV/0! | N135: =+N43*N$100 -> #DIV/0! | O135: =+O43*O$100 -> #DIV/0! | P135: =+P43*P$100 -> #DIV/0! | Q135: =SUM(L135:P135)*(RESUMEN!$C$22) -> #DIV/0! | R135: =(($U135)*(RESUMEN!$B$24+RESUMEN!$B$25+RESUMEN!$B$26))+(S135*RESUMEN!$B$28) -> #DIV/0! | S135: =SUM(L135:Q135)*(RESUMEN!$C$30) -> #DIV/0! | T135: =+$U135*RESUMEN!$C$33 -> #DIV/0! | U135: =((L135+M135+N135+O135+P135+Q135+(S135*0.35)+S135)/(1-(RESUMEN!$B$24+RESUMEN!$B$25+RESUMEN!$B$26+RESUMEN!$C$33))) -> #DIV/0!
